Workbook
Name accountname: #REF!
Name Activitycode: 'PARAM - Activities'!$A$3:$A$35
Name Activityname: 'PARAM - Activities'!$B$3:$B$35
Name Activitytable: 'PARAM - Activities'!$A$3:$B$35
Name BLDescriptions: BUDGET!$S$20:$S$343
Name CountryCode: 'PARAM - Projects'!$R$3:$R$128
Name CountryCodeTable: 'PARAM - Projects'!$P$3:$R$128
Name Project_Table: 'PARAM - Projects'!$B$3:$C$128
Name projectcode: 'PARAM - Projects'!$B$3:$B$128
Name strategy: 'PARAM - Projects'!$E$3:$E$128
Name strategytable: 'PARAM - Projects'!$E$3:$F$128

Sheet BUDGET
B2: PARTNER BUDGET | AM2: YTD Actuals | AN2: Remaining Bal | AQ2: Revised budget for the remaining period | BE2: Variance
D4: Project Name: | M4: Budget currency: | O4: CHF | AM4: USD | AN4: USD | AX4: Budget currency: | AY4: =N4 -> 0 | BA4: =AY4 -> 0 | BB4: =O4 -> CHF
O5: =CONCATENATE("Exchange rate for conversion vs 1 ",O4,":") -> Exchange rate for conversion vs 1 CHF: | BB5: =CONCATENATE("Exchange rate for conversion vs 1 ",BB4,":") -> Exchange rate for conversion vs 1 CHF:
D6: Partner Organisation Name: | M6: START date: | AM6: =N6 -> 0 | AN6: =AM8+1 -> 1 | AX6: START date: | AY6: =N6 -> 0 | BA6: =AY6 -> 0
D8: Project Coordinator: | M8: END date: | BB8: =O8 -> 0
D10: Finance Focal Point: | M10: Updated END date | N10: =IF(N8="","",N8) | AM10: =DATEDIF(AM6,AM8,"m")+1 -> 1 | AN10: =DATEDIF(AN6,AN8,"m")+1 -> #NUM! | AX10: =M10 -> Updated END date | AY10: =N10 | BA10: =AY10
D12: Project Code | M12: Project Phase: | AX12: Project Phase: | AY12: =N12 -> 0 | BA12: =AY12 -> 0
D14: Project Activity: | M14: Budget version: | AX14: Budget version: | AY14: =N14 -> 0 | BA14: =AY14 -> 0
U15: GSF Online | W15: Budget allocation to partners (please select/enter partner and co/sub-partner name in row 16)) | BJ15: Budget allocation to partners (please select/enter partner and co/sub-partner name in row 16))
C16: Budget line | D16: Partner names | E16: Description of the expenditure | F16: Unit 1 name | G16: Unit 1 quantity | H16: Unit 2 name | I16: Unit 2 quantity | J16: Unit cost (payment currency) | K16: Payment currency | L16: Total cost (payment currency) | M16: Exchange rate vs budget currency | N16: Total cost in budget currency | O16: Total cost for info in | P16: % vs. direct cost | U16: (For Global consolidation) | V16: xx | W16: TBD | X16: Co/sub-partner 1 | Y16: Co/sub-partner 2 | Z16: Co/sub-partner 3 | AA16: Co/sub-partner 4 | AB16: Co/sub-partner 5 | AC16: Co/sub-partner 6 | AD16: Co/sub-partner 7 | AE16: Co/sub-partner 8 | AF16: Co/sub-partner 9 | AG16: Check | AI16: Budget notes | AM16: YTD Actuals (must be fixed at reporting date) | AN16: Remaining Bal | AQ16: Unit 1 name | AR16: Unit 1 quantity | AS16: Unit 2 name | AT16: Unit 2 quantity | AU16: Unit cost (payment currency) | AV16: Payment currency | AW16: Total cost (payment currency) | AX16: Exchange rate vs budget currency | AY16: Total cost in budget currency (for remaining period) | BA16: REVISED BUDGET (entire phase/project) | BB16: Total cost for info in | BC16: % vs. direct cost | BE16: Variance (+)increase/ (-)decrease | BF16: Variance (+)increase/ (-)decrease | BG16: Revised budget notes | BJ16: =W16 -> TBD | BK16: =X16 -> Co/sub-partner 1 | BL16: =Y16 -> Co/sub-partner 2 | BM16: =Z16 -> Co/sub-partner 3 | BN16: =AA16 -> Co/sub-partner 4 | BO16: =AB16 -> Co/sub-partner 5 | BP16: =AC16 -> Co/sub-partner 6 | BQ16: =AD16 -> Co/sub-partner 7 | ... BS16: =AF16 -> Co/sub-partner 9 | BT16: Check
M17: =CONCATENATE("curr/1 ",N4) -> curr/1 | N17: =N4 -> 0 | O17: =O4 -> CHF | W17: =$N$17 -> 0 | X17: =$N$17 -> 0 | Y17: =$N$17 -> 0 | Z17: =$N$17 -> 0 | AA17: =$N$17 -> 0 | AB17: =$N$17 -> 0 | AC17: =$N$17 -> 0 | AD17: =$N$17 -> 0 | ... AF17: =$N$17 -> 0 | AM17: USD | AN17: USD | AX17: =CONCATENATE("curr/1 ",AY4) -> curr/1 0 | AY17: =AY4 -> 0 | BA17: =BA4 -> 0 | BB17: =BB4 -> CHF | BE17: =BA17 -> 0 | BF17: =BF4 -> 0 | BJ17: =$N$17 -> 0 | BK17: =$N$17 -> 0 | BL17: =$N$17 -> 0 | BM17: =$N$17 -> 0 | BN17: =$N$17 -> 0 | BO17: =$N$17 -> 0 | BP17: =$N$17 -> 0 | BQ17: =$N$17 -> 0 | ... BS17: =$N$17 -> 0
C18: X | E18: X | G18: X | H18: X | I18: X | J18: X | K18: X | L18: X | M18: X | N18: X | O18: X | P18: X | AM18: X | AN18: X | AR18: X | AS18: X | AT18: X | AU18: X | AV18: X | AW18: X | AX18: X | AY18: X | BA18: X | BB18: X | BC18: X | BE18: X | BF18: X
B19: A | C19: PERSONNEL COSTS | N19: =SUM(N20:N63)/2 -> 0 | O19: =IF(N19="","", IF($O$8="","",N19/$O$8)) | P19: =IF(OR(N19="",N19=0),"",N19/$N$221) | Q19: =LEFT(C19) -> P | S19: BLDescriptions | W19: =SUM(W20:W63)/2 -> 0 | X19: =SUM(X20:X63)/2 -> 0 | Y19: =SUM(Y20:Y63)/2 -> 0 | Z19: =SUM(Z20:Z63)/2 -> 0 | AA19: =SUM(AA20:AA63)/2 -> 0 | AB19: =SUM(AB20:AB63)/2 -> 0 | AC19: =SUM(AC20:AC63)/2 -> 0 | AD19: =SUM(AD20:AD63)/2 -> 0 | ... AF19: =SUM(AF20:AF63)/2 -> 0 | AG19: =IF(N19="","",N19-SUM(W19:AF19)) -> 0 | AM19: =SUM(AM20:AM63)/2 -> 0 | AN19: =N19-AM19 -> 0 | AY19: =SUM(AY20:AY63)/2 -> 0 | BA19: =SUM(BA20:BA63)/2 -> #VALUE! | BB19: =IF(BA19="","", IF($O$8="","",BA19/$O$8)) -> #VALUE! | BC19: =IF(OR(BA19="",BA19=0),"",BA19/$BA$221) -> #VALUE! | BE19: =SUM(BE20:BE63)/2 -> #VALUE! | BF19: =BE19/N19 -> #VALUE! | BJ19: =SUM(BJ20:BJ63)/2 -> 0 | BK19: =SUM(BK20:BK63)/2 -> 0 | BL19: =SUM(BL20:BL63)/2 -> 0 | BM19: =SUM(BM20:BM63)/2 -> 0 | BN19: =SUM(BN20:BN63)/2 -> 0 | BO19: =SUM(BO20:BO63)/2 -> 0 | BP19: =SUM(BP20:BP63)/2 -> 0 | BQ19: =SUM(BQ20:BQ63)/2 -> 0 | ... BS19: =SUM(BS20:BS63)/2 -> 0 | BT19: =IF(BA19="","",BA19-SUM(BJ19:BS19)) -> #VALUE!
C20: A1 | E20: A1. Contribution to salaries of the permanent team | N20: =SUM(N21:N30) -> 0 | O20: =IF(N20="","", IF($O$8="","",N20/$O$8)) | P20: =IF(OR(N20="",N20=0),"",N20/$N$221) | Q20: =LEFT(C20) -> A | W20: =SUM(W21:W30) -> 0 | X20: =SUM(X21:X30) -> 0 | Y20: =SUM(Y21:Y30) -> 0 | Z20: =SUM(Z21:Z30) -> 0 | AA20: =SUM(AA21:AA30) -> 0 | AB20: =SUM(AB21:AB30) -> 0 | AC20: =SUM(AC21:AC30) -> 0 | AD20: =SUM(AD21:AD30) -> 0 | ... AF20: =SUM(AF21:AF30) -> 0 | AG20: =IF(N20="","",N20-SUM(W20:AF20)) -> 0 | AM20: =SUM(AM21:AM30) -> 0 | AN20: =N20-AM20 -> 0 | AY20: =SUM(AY21:AY30) -> 0 | BA20: =SUM(BA21:BA30) -> #VALUE! | BB20: =IF(BA20="","", IF($O$8="","",BA20/$O$8)) -> #VALUE! | BC20: =IF(OR(BA20="",BA20=0),"",BA20/$BA$221) -> #VALUE! | BE20: =SUM(BE21:BE30) -> #VALUE! | BF20: =BE20/N20 -> #VALUE! | BJ20: =SUM(BJ21:BJ30) -> 0 | BK20: =SUM(BK21:BK30) -> 0 | BL20: =SUM(BL21:BL30) -> 0 | BM20: =SUM(BM21:BM30) -> 0 | BN20: =SUM(BN21:BN30) -> 0 | BO20: =SUM(BO21:BO30) -> 0 | BP20: =SUM(BP21:BP30) -> 0 | BQ20: =SUM(BQ21:BQ30) -> 0 | ... BS20: =SUM(BS21:BS30) -> 0 | BT20: =IF(BA20="","",BA20-SUM(BJ20:BS20)) -> #VALUE!
A21: =CONCATENATE($C21,"-",$E21) -> A1-01-x | B21: =IF(E21="","",SUBTOTAL(3,$E$21:E21)) -> 1 | C21: =IF(E21="","",IF(B21<10,CONCATENATE($C$20,"-0",B21),CONCATENATE($C$20,"-",B21))) -> A1-01 | E21: x | L21: =IF(E21="","",(G21*I21*J21)) -> 0 | M21: 1 | N21: =IF(L21="","",IF(L21=0,0,(L21/M21))) -> 0 | O21: =IF(N21="","", IF($O$8="","",N21/$O$8)) | Q21: =LEFT(C21) -> A | S21: =IF(C21="","",CONCATENATE(C21,"|",E21)) -> A1-01|x | W21: =IF($D21="","",IF($D21=W$16,$N21,"")) | X21: =IF($D21="","",IF($D21=X$16,$N21,"")) | Y21: =IF($D21="","",IF($D21=Y$16,$N21,"")) | Z21: =IF($D21="","",IF($D21=Z$16,$N21,"")) | AA21: =IF($D21="","",IF($D21=AA$16,$N21,"")) | AB21: =IF($D21="","",IF($D21=AB$16,$N21,"")) | AC21: =IF($D21="","",IF($D21=AC$16,$N21,"")) | AD21: =IF($D21="","",IF($D21=AD$16,$N21,"")) | ... AF21: =IF($D21="","",IF($D21=AF$16,$N21,"")) | AG21: =IF(N21="","",N21-SUM(W21:AF21)) -> 0 | AM21: =REPORT!H38 -> 0 | AN21: =N21-AM21 -> 0 | AQ21: =F21 -> 0 | AR21: 0 | AS21: =H21 -> 0 | AT21: =I21 -> 0 | AU21: 0 | AV21: =K21 -> 0 | AW21: =IF(E21="","",ROUND(AR21*AT21*AU21,2)) -> 0 | AX21: =M21 -> 1 | AY21: =IF(AW21="","",IF(AW21=0,0,ROUND(AW21/AX21,0))) -> 0 | BA21: =AM21+AY21 -> 0 | BB21: =IF(BA21="","", IF($O$8="","",BA21/$O$8)) | BE21: =BA21-N21 -> 0 | BF21: =BE21/N21 -> #DIV/0! | BJ21: =IF($D21="","",IF($D21=BJ$16,$BA21,"")) | BK21: =IF($D21="","",IF($D21=BK$16,$BA21,"")) | BL21: =IF($D21="","",IF($D21=BL$16,$BA21,"")) | BM21: =IF($D21="","",IF($D21=BM$16,$BA21,"")) | BN21: =IF($D21="","",IF($D21=BN$16,$BA21,"")) | BO21: =IF($D21="","",IF($D21=BO$16,$BA21,"")) | BP21: =IF($D21="","",IF($D21=BP$16,$BA21,"")) | BQ21: =IF($D21="","",IF($D21=BQ$16,$BA21,"")) | ... BS21: =IF($D21="","",IF($D21=BS$16,$BA21,"")) | BT21: =IF(BA21="","",BA21-SUM(BJ21:BS21)) -> 0
A22: =CONCATENATE($C22,"-",$E22) -> A1-02-x | B22: =IF(E22="","",SUBTOTAL(3,$E$21:E22)) -> 2 | C22: =IF(E22="","",IF(B22<10,CONCATENATE($C$20,"-0",B22),CONCATENATE($C$20,"-",B22))) -> A1-02 | E22: x | L22: =IF(E22="","",(G22*I22*J22)) -> 0 | M22: 1 | N22: =IF(L22="","",IF(L22=0,0,(L22/M22))) -> 0 | O22: =IF(N22="","", IF($O$8="","",N22/$O$8)) | Q22: =LEFT(C22) -> A | S22: =IF(C22="","",CONCATENATE(C22,"|",E22)) -> A1-02|x | W22: =IF($D22="","",IF($D22=W$16,$N22,"")) | X22: =IF($D22="","",IF($D22=X$16,$N22,"")) | Y22: =IF($D22="","",IF($D22=Y$16,$N22,"")) | Z22: =IF($D22="","",IF($D22=Z$16,$N22,"")) | AA22: =IF($D22="","",IF($D22=AA$16,$N22,"")) | AB22: =IF($D22="","",IF($D22=AB$16,$N22,"")) | AC22: =IF($D22="","",IF($D22=AC$16,$N22,"")) | AD22: =IF($D22="","",IF($D22=AD$16,$N22,"")) | ... AF22: =IF($D22="","",IF($D22=AF$16,$N22,"")) | AG22: =IF(N22="","",N22-SUM(W22:AF22)) -> 0 | AM22: =REPORT!H39 -> 0 | AN22: =N22-AM22 -> 0 | AQ22: =F22 -> 0 | AR22: =G22 -> 0 | AS22: =H22 -> 0 | AT22: =I22 -> 0 | AU22: =J22 -> 0 | AV22: =K22 -> 0 | AW22: =IF(E22="","",ROUND(AR22*AT22*AU22,2)) -> 0 | AX22: =M22 -> 1 | AY22: =IF(AW22="","",IF(AW22=0,0,ROUND(AW22/AX22,0))) -> 0 | BA22: =AM22+AY22 -> 0 | BB22: =IF(BA22="","", IF($O$8="","",BA22/$O$8)) | BE22: =BA22-N22 -> 0 | BF22: =BE22/N22 -> #DIV/0! | BJ22: =IF($D22="","",IF($D22=BJ$16,$BA22,"")) | BK22: =IF($D22="","",IF($D22=BK$16,$BA22,"")) | BL22: =IF($D22="","",IF($D22=BL$16,$BA22,"")) | BM22: =IF($D22="","",IF($D22=BM$16,$BA22,"")) | BN22: =IF($D22="","",IF($D22=BN$16,$BA22,"")) | BO22: =IF($D22="","",IF($D22=BO$16,$BA22,"")) | BP22: =IF($D22="","",IF($D22=BP$16,$BA22,"")) | BQ22: =IF($D22="","",IF($D22=BQ$16,$BA22,"")) | ... BS22: =IF($D22="","",IF($D22=BS$16,$BA22,"")) | BT22: =IF(BA22="","",BA22-SUM(BJ22:BS22)) -> 0
A23: =CONCATENATE($C23,"-",$E23) -> - | B23: =IF(E23="","",SUBTOTAL(3,$E$21:E23)) | C23: =IF(E23="","",IF(B23<10,CONCATENATE($C$20,"-0",B23),CONCATENATE($C$20,"-",B23))) | L23: =IF(E23="","",(G23*I23*J23)) | M23: 1 | N23: =IF(L23="","",IF(L23=0,0,(L23/M23))) | O23: =IF(N23="","", IF($O$8="","",N23/$O$8)) | Q23: =LEFT(C23) | S23: =IF(C23="","",CONCATENATE(C23,"|",E23)) | W23: =IF($D23="","",IF($D23=W$16,$N23,"")) | X23: =IF($D23="","",IF($D23=X$16,$N23,"")) | Y23: =IF($D23="","",IF($D23=Y$16,$N23,"")) | Z23: =IF($D23="","",IF($D23=Z$16,$N23,"")) | AA23: =IF($D23="","",IF($D23=AA$16,$N23,"")) | AB23: =IF($D23="","",IF($D23=AB$16,$N23,"")) | AC23: =IF($D23="","",IF($D23=AC$16,$N23,"")) | AD23: =IF($D23="","",IF($D23=AD$16,$N23,"")) | ... AF23: =IF($D23="","",IF($D23=AF$16,$N23,"")) | AG23: =IF(N23="","",N23-SUM(W23:AF23)) | AM23: =REPORT!H40 -> 0 | AN23: =N23-AM23 -> #VALUE! | AQ23: =F23 -> 0 | AR23: =G23 -> 0 | AS23: =H23 -> 0 | AT23: =I23 -> 0 | AU23: =J23 -> 0 | AV23: =K23 -> 0 | AW23: =IF(E23="","",ROUND(AR23*AT23*AU23,2)) | AX23: =M23 -> 1 | AY23: =IF(AW23="","",IF(AW23=0,0,ROUND(AW23/AX23,0))) | BA23: =AM23+AY23 -> #VALUE! | BB23: =IF(BA23="","", IF($O$8="","",BA23/$O$8)) -> #VALUE! | BE23: =BA23-N23 -> #VALUE! | BF23: =BE23/N23 -> #VALUE! | BJ23: =IF($D23="","",IF($D23=BJ$16,$BA23,"")) | BK23: =IF($D23="","",IF($D23=BK$16,$BA23,"")) | BL23: =IF($D23="","",IF($D23=BL$16,$BA23,"")) | BM23: =IF($D23="","",IF($D23=BM$16,$BA23,"")) | BN23: =IF($D23="","",IF($D23=BN$16,$BA23,"")) | BO23: =IF($D23="","",IF($D23=BO$16,$BA23,"")) | BP23: =IF($D23="","",IF($D23=BP$16,$BA23,"")) | BQ23: =IF($D23="","",IF($D23=BQ$16,$BA23,"")) | ... BS23: =IF($D23="","",IF($D23=BS$16,$BA23,"")) | BT23: =IF(BA23="","",BA23-SUM(BJ23:BS23)) -> #VALUE!
A24: =CONCATENATE($C24,"-",$E24) -> A1-03-x | B24: =IF(E24="","",SUBTOTAL(3,$E$21:E24)) -> 3 | C24: =IF(E24="","",IF(B24<10,CONCATENATE($C$20,"-0",B24),CONCATENATE($C$20,"-",B24))) -> A1-03 | E24: x | L24: =IF(E24="","",(G24*I24*J24)) -> 0 | M24: 1 | N24: =IF(L24="","",IF(L24=0,0,(L24/M24))) -> 0 | O24: =IF(N24="","", IF($O$8="","",N24/$O$8)) | Q24: =LEFT(C24) -> A | S24: =IF(C24="","",CONCATENATE(C24,"|",E24)) -> A1-03|x | W24: =IF($D24="","",IF($D24=W$16,$N24,"")) | X24: =IF($D24="","",IF($D24=X$16,$N24,"")) | Y24: =IF($D24="","",IF($D24=Y$16,$N24,"")) | Z24: =IF($D24="","",IF($D24=Z$16,$N24,"")) | AA24: =IF($D24="","",IF($D24=AA$16,$N24,"")) | AB24: =IF($D24="","",IF($D24=AB$16,$N24,"")) | AC24: =IF($D24="","",IF($D24=AC$16,$N24,"")) | AD24: =IF($D24="","",IF($D24=AD$16,$N24,"")) | ... AF24: =IF($D24="","",IF($D24=AF$16,$N24,"")) | AG24: =IF(N24="","",N24-SUM(W24:AF24)) -> 0 | AM24: =REPORT!H41 -> 0 | AN24: =N24-AM24 -> 0 | AQ24: =F24 -> 0 | AR24: =G24 -> 0 | AS24: =H24 -> 0 | AT24: =I24 -> 0 | AU24: =J24 -> 0 | AV24: =K24 -> 0 | AW24: =IF(E24="","",ROUND(AR24*AT24*AU24,2)) -> 0 | AX24: =M24 -> 1 | AY24: =IF(AW24="","",IF(AW24=0,0,ROUND(AW24/AX24,0))) -> 0 | BA24: =AM24+AY24 -> 0 | BB24: =IF(BA24="","", IF($O$8="","",BA24/$O$8)) | BE24: =BA24-N24 -> 0 | BF24: =BE24/N24 -> #DIV/0! | BJ24: =IF($D24="","",IF($D24=BJ$16,$BA24,"")) | BK24: =IF($D24="","",IF($D24=BK$16,$BA24,"")) | BL24: =IF($D24="","",IF($D24=BL$16,$BA24,"")) | BM24: =IF($D24="","",IF($D24=BM$16,$BA24,"")) | BN24: =IF($D24="","",IF($D24=BN$16,$BA24,"")) | BO24: =IF($D24="","",IF($D24=BO$16,$BA24,"")) | BP24: =IF($D24="","",IF($D24=BP$16,$BA24,"")) | BQ24: =IF($D24="","",IF($D24=BQ$16,$BA24,"")) | ... BS24: =IF($D24="","",IF($D24=BS$16,$BA24,"")) | BT24: =IF(BA24="","",BA24-SUM(BJ24:BS24)) -> 0
A25: =CONCATENATE($C25,"-",$E25) -> A1-04-x | B25: =IF(E25="","",SUBTOTAL(3,$E$21:E25)) -> 4 | C25: =IF(E25="","",IF(B25<10,CONCATENATE($C$20,"-0",B25),CONCATENATE($C$20,"-",B25))) -> A1-04 | E25: x | L25: =IF(E25="","",(G25*I25*J25)) -> 0 | M25: 1 | N25: =IF(L25="","",IF(L25=0,0,(L25/M25))) -> 0 | O25: =IF(N25="","", IF($O$8="","",N25/$O$8)) | Q25: =LEFT(C25) -> A | S25: =IF(C25="","",CONCATENATE(C25,"|",E25)) -> A1-04|x | W25: =IF($D25="","",IF($D25=W$16,$N25,"")) | X25: =IF($D25="","",IF($D25=X$16,$N25,"")) | Y25: =IF($D25="","",IF($D25=Y$16,$N25,"")) | Z25: =IF($D25="","",IF($D25=Z$16,$N25,"")) | AA25: =IF($D25="","",IF($D25=AA$16,$N25,"")) | AB25: =IF($D25="","",IF($D25=AB$16,$N25,"")) | AC25: =IF($D25="","",IF($D25=AC$16,$N25,"")) | AD25: =IF($D25="","",IF($D25=AD$16,$N25,"")) | ... AF25: =IF($D25="","",IF($D25=AF$16,$N25,"")) | AG25: =IF(N25="","",N25-SUM(W25:AF25)) -> 0 | AM25: =REPORT!H42 -> 0 | AN25: =N25-AM25 -> 0 | AQ25: =F25 -> 0 | AR25: =G25 -> 0 | AS25: =H25 -> 0 | AT25: =I25 -> 0 | AU25: =J25 -> 0 | AV25: =K25 -> 0 | AW25: =IF(E25="","",ROUND(AR25*AT25*AU25,2)) -> 0 | AX25: =M25 -> 1 | AY25: =IF(AW25="","",IF(AW25=0,0,ROUND(AW25/AX25,0))) -> 0 | BA25: =AM25+AY25 -> 0 | BB25: =IF(BA25="","", IF($O$8="","",BA25/$O$8)) | BE25: =BA25-N25 -> 0 | BF25: =BE25/N25 -> #DIV/0! | BJ25: =IF($D25="","",IF($D25=BJ$16,$BA25,"")) | BK25: =IF($D25="","",IF($D25=BK$16,$BA25,"")) | BL25: =IF($D25="","",IF($D25=BL$16,$BA25,"")) | BM25: =IF($D25="","",IF($D25=BM$16,$BA25,"")) | BN25: =IF($D25="","",IF($D25=BN$16,$BA25,"")) | BO25: =IF($D25="","",IF($D25=BO$16,$BA25,"")) | BP25: =IF($D25="","",IF($D25=BP$16,$BA25,"")) | BQ25: =IF($D25="","",IF($D25=BQ$16,$BA25,"")) | ... BS25: =IF($D25="","",IF($D25=BS$16,$BA25,"")) | BT25: =IF(BA25="","",BA25-SUM(BJ25:BS25)) -> 0
A26: =CONCATENATE($C26,"-",$E26) -> A1-05-x | B26: =IF(E26="","",SUBTOTAL(3,$E$21:E26)) -> 5 | C26: =IF(E26="","",IF(B26<10,CONCATENATE($C$20,"-0",B26),CONCATENATE($C$20,"-",B26))) -> A1-05 | E26: x | L26: =IF(E26="","",(G26*I26*J26)) -> 0 | M26: 1 | N26: =IF(L26="","",IF(L26=0,0,(L26/M26))) -> 0 | O26: =IF(N26="","", IF($O$8="","",N26/$O$8)) | Q26: =LEFT(C26) -> A | S26: =IF(C26="","",CONCATENATE(C26,"|",E26)) -> A1-05|x | W26: =IF($D26="","",IF($D26=W$16,$N26,"")) | X26: =IF($D26="","",IF($D26=X$16,$N26,"")) | Y26: =IF($D26="","",IF($D26=Y$16,$N26,"")) | Z26: =IF($D26="","",IF($D26=Z$16,$N26,"")) | AA26: =IF($D26="","",IF($D26=AA$16,$N26,"")) | AB26: =IF($D26="","",IF($D26=AB$16,$N26,"")) | AC26: =IF($D26="","",IF($D26=AC$16,$N26,"")) | AD26: =IF($D26="","",IF($D26=AD$16,$N26,"")) | ... AF26: =IF($D26="","",IF($D26=AF$16,$N26,"")) | AG26: =IF(N26="","",N26-SUM(W26:AF26)) -> 0 | AM26: =REPORT!H43 -> 0 | AN26: =N26-AM26 -> 0 | AQ26: =F26 -> 0 | AR26: =G26 -> 0 | AS26: =H26 -> 0 | AT26: =I26 -> 0 | AU26: =J26 -> 0 | AV26: =K26 -> 0 | AW26: =IF(E26="","",ROUND(AR26*AT26*AU26,2)) -> 0 | AX26: =M26 -> 1 | AY26: =IF(AW26="","",IF(AW26=0,0,ROUND(AW26/AX26,0))) -> 0 | BA26: =AM26+AY26 -> 0 | BB26: =IF(BA26="","", IF($O$8="","",BA26/$O$8)) | BE26: =BA26-N26 -> 0 | BF26: =BE26/N26 -> #DIV/0! | BJ26: =IF($D26="","",IF($D26=BJ$16,$BA26,"")) | BK26: =IF($D26="","",IF($D26=BK$16,$BA26,"")) | BL26: =IF($D26="","",IF($D26=BL$16,$BA26,"")) | BM26: =IF($D26="","",IF($D26=BM$16,$BA26,"")) | BN26: =IF($D26="","",IF($D26=BN$16,$BA26,"")) | BO26: =IF($D26="","",IF($D26=BO$16,$BA26,"")) | BP26: =IF($D26="","",IF($D26=BP$16,$BA26,"")) | BQ26: =IF($D26="","",IF($D26=BQ$16,$BA26,"")) | ... BS26: =IF($D26="","",IF($D26=BS$16,$BA26,"")) | BT26: =IF(BA26="","",BA26-SUM(BJ26:BS26)) -> 0
A27: =CONCATENATE($C27,"-",$E27) -> A1-06-x | B27: =IF(E27="","",SUBTOTAL(3,$E$21:E27)) -> 6 | C27: =IF(E27="","",IF(B27<10,CONCATENATE($C$20,"-0",B27),CONCATENATE($C$20,"-",B27))) -> A1-06 | E27: x | L27: =IF(E27="","",(G27*I27*J27)) -> 0 | M27: 1 | N27: =IF(L27="","",IF(L27=0,0,(L27/M27))) -> 0 | O27: =IF(N27="","", IF($O$8="","",N27/$O$8)) | Q27: =LEFT(C27) -> A | S27: =IF(C27="","",CONCATENATE(C27,"|",E27)) -> A1-06|x | W27: =IF($D27="","",IF($D27=W$16,$N27,"")) | X27: =IF($D27="","",IF($D27=X$16,$N27,"")) | Y27: =IF($D27="","",IF($D27=Y$16,$N27,"")) | Z27: =IF($D27="","",IF($D27=Z$16,$N27,"")) | AA27: =IF($D27="","",IF($D27=AA$16,$N27,"")) | AB27: =IF($D27="","",IF($D27=AB$16,$N27,"")) | AC27: =IF($D27="","",IF($D27=AC$16,$N27,"")) | AD27: =IF($D27="","",IF($D27=AD$16,$N27,"")) | ... AF27: =IF($D27="","",IF($D27=AF$16,$N27,"")) | AG27: =IF(N27="","",N27-SUM(W27:AF27)) -> 0 | AM27: =REPORT!H44 -> 0 | AN27: =N27-AM27 -> 0 | AQ27: =F27 -> 0 | AR27: =G27 -> 0 | AS27: =H27 -> 0 | AT27: =I27 -> 0 | AU27: =J27 -> 0 | AV27: =K27 -> 0 | AW27: =IF(E27="","",ROUND(AR27*AT27*AU27,2)) -> 0 | AX27: =M27 -> 1 | AY27: =IF(AW27="","",IF(AW27=0,0,ROUND(AW27/AX27,0))) -> 0 | BA27: =AM27+AY27 -> 0 | BB27: =IF(BA27="","", IF($O$8="","",BA27/$O$8)) | BE27: =BA27-N27 -> 0 | BF27: =BE27/N27 -> #DIV/0! | BJ27: =IF($D27="","",IF($D27=BJ$16,$BA27,"")) | BK27: =IF($D27="","",IF($D27=BK$16,$BA27,"")) | BL27: =IF($D27="","",IF($D27=BL$16,$BA27,"")) | BM27: =IF($D27="","",IF($D27=BM$16,$BA27,"")) | BN27: =IF($D27="","",IF($D27=BN$16,$BA27,"")) | BO27: =IF($D27="","",IF($D27=BO$16,$BA27,"")) | BP27: =IF($D27="","",IF($D27=BP$16,$BA27,"")) | BQ27: =IF($D27="","",IF($D27=BQ$16,$BA27,"")) | ... BS27: =IF($D27="","",IF($D27=BS$16,$BA27,"")) | BT27: =IF(BA27="","",BA27-SUM(BJ27:BS27)) -> 0
A28: =CONCATENATE($C28,"-",$E28) -> A1-07-x | B28: =IF(E28="","",SUBTOTAL(3,$E$21:E28)) -> 7 | C28: =IF(E28="","",IF(B28<10,CONCATENATE($C$20,"-0",B28),CONCATENATE($C$20,"-",B28))) -> A1-07 | E28: x | L28: =IF(E28="","",(G28*I28*J28)) -> 0 | M28: 1 | N28: =IF(L28="","",IF(L28=0,0,(L28/M28))) -> 0 | O28: =IF(N28="","", IF($O$8="","",N28/$O$8)) | Q28: =LEFT(C28) -> A | S28: =IF(C28="","",CONCATENATE(C28,"|",E28)) -> A1-07|x | W28: =IF($D28="","",IF($D28=W$16,$N28,"")) | X28: =IF($D28="","",IF($D28=X$16,$N28,"")) | Y28: =IF($D28="","",IF($D28=Y$16,$N28,"")) | Z28: =IF($D28="","",IF($D28=Z$16,$N28,"")) | AA28: =IF($D28="","",IF($D28=AA$16,$N28,"")) | AB28: =IF($D28="","",IF($D28=AB$16,$N28,"")) | AC28: =IF($D28="","",IF($D28=AC$16,$N28,"")) | AD28: =IF($D28="","",IF($D28=AD$16,$N28,"")) | ... AF28: =IF($D28="","",IF($D28=AF$16,$N28,"")) | AG28: =IF(N28="","",N28-SUM(W28:AF28)) -> 0 | AM28: =REPORT!H45 -> 0 | AN28: =N28-AM28 -> 0 | AQ28: =F28 -> 0 | AR28: =G28 -> 0 | AS28: =H28 -> 0 | AT28: =I28 -> 0 | AU28: =J28 -> 0 | AV28: =K28 -> 0 | AW28: =IF(E28="","",ROUND(AR28*AT28*AU28,2)) -> 0 | AX28: =M28 -> 1 | AY28: =IF(AW28="","",IF(AW28=0,0,ROUND(AW28/AX28,0))) -> 0 | BA28: =AM28+AY28 -> 0 | BB28: =IF(BA28="","", IF($O$8="","",BA28/$O$8)) | BE28: =BA28-N28 -> 0 | BF28: =BE28/N28 -> #DIV/0! | BJ28: =IF($D28="","",IF($D28=BJ$16,$BA28,"")) | BK28: =IF($D28="","",IF($D28=BK$16,$BA28,"")) | BL28: =IF($D28="","",IF($D28=BL$16,$BA28,"")) | BM28: =IF($D28="","",IF($D28=BM$16,$BA28,"")) | BN28: =IF($D28="","",IF($D28=BN$16,$BA28,"")) | BO28: =IF($D28="","",IF($D28=BO$16,$BA28,"")) | BP28: =IF($D28="","",IF($D28=BP$16,$BA28,"")) | BQ28: =IF($D28="","",IF($D28=BQ$16,$BA28,"")) | ... BS28: =IF($D28="","",IF($D28=BS$16,$BA28,"")) | BT28: =IF(BA28="","",BA28-SUM(BJ28:BS28)) -> 0
A29: =CONCATENATE($C29,"-",$E29) -> A1-08-x | B29: =IF(E29="","",SUBTOTAL(3,$E$21:E29)) -> 8 | C29: =IF(E29="","",IF(B29<10,CONCATENATE($C$20,"-0",B29),CONCATENATE($C$20,"-",B29))) -> A1-08 | E29: x | L29: =IF(E29="","",(G29*I29*J29)) -> 0 | M29: 1 | N29: =IF(L29="","",IF(L29=0,0,(L29/M29))) -> 0 | O29: =IF(N29="","", IF($O$8="","",N29/$O$8)) | Q29: =LEFT(C29) -> A | S29: =IF(C29="","",CONCATENATE(C29,"|",E29)) -> A1-08|x | W29: =IF($D29="","",IF($D29=W$16,$N29,"")) | X29: =IF($D29="","",IF($D29=X$16,$N29,"")) | Y29: =IF($D29="","",IF($D29=Y$16,$N29,"")) | Z29: =IF($D29="","",IF($D29=Z$16,$N29,"")) | AA29: =IF($D29="","",IF($D29=AA$16,$N29,"")) | AB29: =IF($D29="","",IF($D29=AB$16,$N29,"")) | AC29: =IF($D29="","",IF($D29=AC$16,$N29,"")) | AD29: =IF($D29="","",IF($D29=AD$16,$N29,"")) | ... AF29: =IF($D29="","",IF($D29=AF$16,$N29,"")) | AG29: =IF(N29="","",N29-SUM(W29:AF29)) -> 0 | AM29: =REPORT!H46 -> 0 | AN29: =N29-AM29 -> 0 | AQ29: =F29 -> 0 | AR29: =G29 -> 0 | AS29: =H29 -> 0 | AT29: =I29 -> 0 | AU29: =J29 -> 0 | AV29: =K29 -> 0 | AW29: =IF(E29="","",ROUND(AR29*AT29*AU29,2)) -> 0 | AX29: =M29 -> 1 | AY29: =IF(AW29="","",IF(AW29=0,0,ROUND(AW29/AX29,0))) -> 0 | BA29: =AM29+AY29 -> 0 | BB29: =IF(BA29="","", IF($O$8="","",BA29/$O$8)) | BE29: =BA29-N29 -> 0 | BF29: =BE29/N29 -> #DIV/0! | BJ29: =IF($D29="","",IF($D29=BJ$16,$BA29,"")) | BK29: =IF($D29="","",IF($D29=BK$16,$BA29,"")) | BL29: =IF($D29="","",IF($D29=BL$16,$BA29,"")) | BM29: =IF($D29="","",IF($D29=BM$16,$BA29,"")) | BN29: =IF($D29="","",IF($D29=BN$16,$BA29,"")) | BO29: =IF($D29="","",IF($D29=BO$16,$BA29,"")) | BP29: =IF($D29="","",IF($D29=BP$16,$BA29,"")) | BQ29: =IF($D29="","",IF($D29=BQ$16,$BA29,"")) | ... BS29: =IF($D29="","",IF($D29=BS$16,$BA29,"")) | BT29: =IF(BA29="","",BA29-SUM(BJ29:BS29)) -> 0
A30: =CONCATENATE($C30,"-",$E30) -> A1-09-x | B30: =IF(E30="","",SUBTOTAL(3,$E$21:E30)) -> 9 | C30: =IF(E30="","",IF(B30<10,CONCATENATE($C$20,"-0",B30),CONCATENATE($C$20,"-",B30))) -> A1-09 | E30: x | L30: =IF(E30="","",(G30*I30*J30)) -> 0 | M30: 1 | N30: =IF(L30="","",IF(L30=0,0,(L30/M30))) -> 0 | O30: =IF(N30="","", IF($O$8="","",N30/$O$8)) | Q30: =LEFT(C30) -> A | S30: =IF(C30="","",CONCATENATE(C30,"|",E30)) -> A1-09|x | W30: =IF($D30="","",IF($D30=W$16,$N30,"")) | X30: =IF($D30="","",IF($D30=X$16,$N30,"")) | Y30: =IF($D30="","",IF($D30=Y$16,$N30,"")) | Z30: =IF($D30="","",IF($D30=Z$16,$N30,"")) | AA30: =IF($D30="","",IF($D30=AA$16,$N30,"")) | AB30: =IF($D30="","",IF($D30=AB$16,$N30,"")) | AC30: =IF($D30="","",IF($D30=AC$16,$N30,"")) | AD30: =IF($D30="","",IF($D30=AD$16,$N30,"")) | ... AF30: =IF($D30="","",IF($D30=AF$16,$N30,"")) | AG30: =IF(N30="","",N30-SUM(W30:AF30)) -> 0 | AM30: =REPORT!H47 -> 0 | AN30: =N30-AM30 -> 0 | AQ30: =F30 -> 0 | AR30: =G30 -> 0 | AS30: =H30 -> 0 | AT30: =I30 -> 0 | AU30: =J30 -> 0 | AV30: =K30 -> 0 | AW30: =IF(E30="","",ROUND(AR30*AT30*AU30,2)) -> 0 | AX30: =M30 -> 1 | AY30: =IF(AW30="","",IF(AW30=0,0,ROUND(AW30/AX30,0))) -> 0 | BA30: =AM30+AY30 -> 0 | BB30: =IF(BA30="","", IF($O$8="","",BA30/$O$8)) | BE30: =BA30-N30 -> 0 | BF30: =BE30/N30 -> #DIV/0! | BJ30: =IF($D30="","",IF($D30=BJ$16,$BA30,"")) | BK30: =IF($D30="","",IF($D30=BK$16,$BA30,"")) | BL30: =IF($D30="","",IF($D30=BL$16,$BA30,"")) | BM30: =IF($D30="","",IF($D30=BM$16,$BA30,"")) | BN30: =IF($D30="","",IF($D30=BN$16,$BA30,"")) | BO30: =IF($D30="","",IF($D30=BO$16,$BA30,"")) | BP30: =IF($D30="","",IF($D30=BP$16,$BA30,"")) | BQ30: =IF($D30="","",IF($D30=BQ$16,$BA30,"")) | ... BS30: =IF($D30="","",IF($D30=BS$16,$BA30,"")) | BT30: =IF(BA30="","",BA30-SUM(BJ30:BS30)) -> 0
C31: A2 | E31: A2. Salaries of project coordination team | N31: =SUM(N32:N41) -> 0 | O31: =IF(N31="","", IF($O$8="","",N31/$O$8)) | P31: =IF(OR(N31="",N31=0),"",N31/$N$221) | Q31: =LEFT(C31) -> A | W31: =SUM(W32:W41) -> 0 | X31: =SUM(X32:X41) -> 0 | Y31: =SUM(Y32:Y41) -> 0 | Z31: =SUM(Z32:Z41) -> 0 | AA31: =SUM(AA32:AA41) -> 0 | AB31: =SUM(AB32:AB41) -> 0 | AC31: =SUM(AC32:AC41) -> 0 | AD31: =SUM(AD32:AD41) -> 0 | ... AF31: =SUM(AF32:AF41) -> 0 | AG31: =IF(N31="","",N31-SUM(W31:AF31)) -> 0 | AM31: =SUM(AM32:AM41) -> 0 | AN31: =N31-AM31 -> 0 | AY31: =SUM(AY32:AY41) -> 0 | BA31: =SUM(BA32:BA41) -> 0 | BB31: =IF(BA31="","", IF($O$8="","",BA31/$O$8)) | BC31: =IF(OR(BA31="",BA31=0),"",BA31/$BA$221) | BE31: =SUM(BE32:BE41) -> 0 | BF31: =BE31/N31 -> #DIV/0! | BJ31: =SUM(BJ32:BJ41) -> 0 | BK31: =SUM(BK32:BK41) -> 0 | BL31: =SUM(BL32:BL41) -> 0 | BM31: =SUM(BM32:BM41) -> 0 | BN31: =SUM(BN32:BN41) -> 0 | BO31: =SUM(BO32:BO41) -> 0 | BP31: =SUM(BP32:BP41) -> 0 | BQ31: =SUM(BQ32:BQ41) -> 0 | ... BS31: =SUM(BS32:BS41) -> 0 | BT31: =IF(BA31="","",BA31-SUM(BJ31:BS31)) -> 0
A32: =CONCATENATE($C32,"-",$E32) -> A2-01-x | B32: =IF(E32="","",SUBTOTAL(3,$E$32:E32)) -> 1 | C32: =IF(E32="","",IF(B32<10,CONCATENATE($C$31,"-0",B32),CONCATENATE($C$31,"-",B32))) -> A2-01 | E32: x | L32: =IF(E32="","",(G32*I32*J32)) -> 0 | M32: 1 | N32: =IF(L32="","",IF(L32=0,0,(L32/M32))) -> 0 | O32: =IF(N32="","", IF($O$8="","",N32/$O$8)) | Q32: =LEFT(C32) -> A | S32: =IF(C32="","",CONCATENATE(C32,"|",E32)) -> A2-01|x | W32: =IF($D32="","",IF($D32=W$16,$N32,"")) | X32: =IF($D32="","",IF($D32=X$16,$N32,"")) | Y32: =IF($D32="","",IF($D32=Y$16,$N32,"")) | Z32: =IF($D32="","",IF($D32=Z$16,$N32,"")) | AA32: =IF($D32="","",IF($D32=AA$16,$N32,"")) | AB32: =IF($D32="","",IF($D32=AB$16,$N32,"")) | AC32: =IF($D32="","",IF($D32=AC$16,$N32,"")) | AD32: =IF($D32="","",IF($D32=AD$16,$N32,"")) | ... AF32: =IF($D32="","",IF($D32=AF$16,$N32,"")) | AG32: =IF(N32="","",N32-SUM(W32:AF32)) -> 0 | AM32: =REPORT!H49 -> 0 | AN32: =N32-AM32 -> 0 | AQ32: =F32 -> 0 | AR32: =G32 -> 0 | AS32: =H32 -> 0 | AT32: =I32 -> 0 | AU32: =J32 -> 0 | AV32: =K32 -> 0 | AW32: =IF(E32="","",ROUND(AR32*AT32*AU32,2)) -> 0 | AX32: =M32 -> 1 | AY32: =IF(AW32="","",IF(AW32=0,0,ROUND(AW32/AX32,0))) -> 0 | BA32: =AM32+AY32 -> 0 | BB32: =IF(BA32="","", IF($O$8="","",BA32/$O$8)) | BE32: =BA32-N32 -> 0 | BF32: =BE32/N32 -> #DIV/0! | BJ32: =IF($D32="","",IF($D32=BJ$16,$BA32,"")) | BK32: =IF($D32="","",IF($D32=BK$16,$BA32,"")) | BL32: =IF($D32="","",IF($D32=BL$16,$BA32,"")) | BM32: =IF($D32="","",IF($D32=BM$16,$BA32,"")) | BN32: =IF($D32="","",IF($D32=BN$16,$BA32,"")) | BO32: =IF($D32="","",IF($D32=BO$16,$BA32,"")) | BP32: =IF($D32="","",IF($D32=BP$16,$BA32,"")) | BQ32: =IF($D32="","",IF($D32=BQ$16,$BA32,"")) | ... BS32: =IF($D32="","",IF($D32=BS$16,$BA32,"")) | BT32: =IF(BA32="","",BA32-SUM(BJ32:BS32)) -> 0
A33: =CONCATENATE($C33,"-",$E33) -> A2-02-x | B33: =IF(E33="","",SUBTOTAL(3,$E$32:E33)) -> 2 | C33: =IF(E33="","",IF(B33<10,CONCATENATE($C$31,"-0",B33),CONCATENATE($C$31,"-",B33))) -> A2-02 | E33: x | L33: =IF(E33="","",(G33*I33*J33)) -> 0 | M33: 1 | N33: =IF(L33="","",IF(L33=0,0,(L33/M33))) -> 0 | O33: =IF(N33="","", IF($O$8="","",N33/$O$8)) | Q33: =LEFT(C33) -> A | S33: =IF(C33="","",CONCATENATE(C33,"|",E33)) -> A2-02|x | W33: =IF($D33="","",IF($D33=W$16,$N33,"")) | X33: =IF($D33="","",IF($D33=X$16,$N33,"")) | Y33: =IF($D33="","",IF($D33=Y$16,$N33,"")) | Z33: =IF($D33="","",IF($D33=Z$16,$N33,"")) | AA33: =IF($D33="","",IF($D33=AA$16,$N33,"")) | AB33: =IF($D33="","",IF($D33=AB$16,$N33,"")) | AC33: =IF($D33="","",IF($D33=AC$16,$N33,"")) | AD33: =IF($D33="","",IF($D33=AD$16,$N33,"")) | ... AF33: =IF($D33="","",IF($D33=AF$16,$N33,"")) | AG33: =IF(N33="","",N33-SUM(W33:AF33)) -> 0 | AM33: =REPORT!H50 -> 0 | AN33: =N33-AM33 -> 0 | AQ33: =F33 -> 0 | AR33: =G33 -> 0 | AS33: =H33 -> 0 | AT33: =I33 -> 0 | AU33: =J33 -> 0 | AV33: =K33 -> 0 | AW33: =IF(E33="","",ROUND(AR33*AT33*AU33,2)) -> 0 | AX33: =M33 -> 1 | AY33: =IF(AW33="","",IF(AW33=0,0,ROUND(AW33/AX33,0))) -> 0 | BA33: =AM33+AY33 -> 0 | BB33: =IF(BA33="","", IF($O$8="","",BA33/$O$8)) | BE33: =BA33-N33 -> 0 | BF33: =BE33/N33 -> #DIV/0! | BJ33: =IF($D33="","",IF($D33=BJ$16,$BA33,"")) | BK33: =IF($D33="","",IF($D33=BK$16,$BA33,"")) | BL33: =IF($D33="","",IF($D33=BL$16,$BA33,"")) | BM33: =IF($D33="","",IF($D33=BM$16,$BA33,"")) | BN33: =IF($D33="","",IF($D33=BN$16,$BA33,"")) | BO33: =IF($D33="","",IF($D33=BO$16,$BA33,"")) | BP33: =IF($D33="","",IF($D33=BP$16,$BA33,"")) | BQ33: =IF($D33="","",IF($D33=BQ$16,$BA33,"")) | ... BS33: =IF($D33="","",IF($D33=BS$16,$BA33,"")) | BT33: =IF(BA33="","",BA33-SUM(BJ33:BS33)) -> 0
A34: =CONCATENATE($C34,"-",$E34) -> A2-03-x | B34: =IF(E34="","",SUBTOTAL(3,$E$32:E34)) -> 3 | C34: =IF(E34="","",IF(B34<10,CONCATENATE($C$31,"-0",B34),CONCATENATE($C$31,"-",B34))) -> A2-03 | E34: x | L34: =IF(E34="","",(G34*I34*J34)) -> 0 | M34: 1 | N34: =IF(L34="","",IF(L34=0,0,(L34/M34))) -> 0 | O34: =IF(N34="","", IF($O$8="","",N34/$O$8)) | Q34: =LEFT(C34) -> A | S34: =IF(C34="","",CONCATENATE(C34,"|",E34)) -> A2-03|x | W34: =IF($D34="","",IF($D34=W$16,$N34,"")) | X34: =IF($D34="","",IF($D34=X$16,$N34,"")) | Y34: =IF($D34="","",IF($D34=Y$16,$N34,"")) | Z34: =IF($D34="","",IF($D34=Z$16,$N34,"")) | AA34: =IF($D34="","",IF($D34=AA$16,$N34,"")) | AB34: =IF($D34="","",IF($D34=AB$16,$N34,"")) | AC34: =IF($D34="","",IF($D34=AC$16,$N34,"")) | AD34: =IF($D34="","",IF($D34=AD$16,$N34,"")) | ... AF34: =IF($D34="","",IF($D34=AF$16,$N34,"")) | AG34: =IF(N34="","",N34-SUM(W34:AF34)) -> 0 | AM34: =REPORT!H51 -> 0 | AN34: =N34-AM34 -> 0 | AQ34: =F34 -> 0 | AR34: =G34 -> 0 | AS34: =H34 -> 0 | AT34: =I34 -> 0 | AU34: =J34 -> 0 | AV34: =K34 -> 0 | AW34: =IF(E34="","",ROUND(AR34*AT34*AU34,2)) -> 0 | AX34: =M34 -> 1 | AY34: =IF(AW34="","",IF(AW34=0,0,ROUND(AW34/AX34,0))) -> 0 | BA34: =AM34+AY34 -> 0 | BB34: =IF(BA34="","", IF($O$8="","",BA34/$O$8)) | BE34: =BA34-N34 -> 0 | BF34: =BE34/N34 -> #DIV/0! | BJ34: =IF($D34="","",IF($D34=BJ$16,$BA34,"")) | BK34: =IF($D34="","",IF($D34=BK$16,$BA34,"")) | BL34: =IF($D34="","",IF($D34=BL$16,$BA34,"")) | BM34: =IF($D34="","",IF($D34=BM$16,$BA34,"")) | BN34: =IF($D34="","",IF($D34=BN$16,$BA34,"")) | BO34: =IF($D34="","",IF($D34=BO$16,$BA34,"")) | BP34: =IF($D34="","",IF($D34=BP$16,$BA34,"")) | BQ34: =IF($D34="","",IF($D34=BQ$16,$BA34,"")) | ... BS34: =IF($D34="","",IF($D34=BS$16,$BA34,"")) | BT34: =IF(BA34="","",BA34-SUM(BJ34:BS34)) -> 0
A35: =CONCATENATE($C35,"-",$E35) -> A2-04-x | B35: =IF(E35="","",SUBTOTAL(3,$E$32:E35)) -> 4 | C35: =IF(E35="","",IF(B35<10,CONCATENATE($C$31,"-0",B35),CONCATENATE($C$31,"-",B35))) -> A2-04 | E35: x | L35: =IF(E35="","",(G35*I35*J35)) -> 0 | M35: 1 | N35: =IF(L35="","",IF(L35=0,0,(L35/M35))) -> 0 | O35: =IF(N35="","", IF($O$8="","",N35/$O$8)) | Q35: =LEFT(C35) -> A | S35: =IF(C35="","",CONCATENATE(C35,"|",E35)) -> A2-04|x | W35: =IF($D35="","",IF($D35=W$16,$N35,"")) | X35: =IF($D35="","",IF($D35=X$16,$N35,"")) | Y35: =IF($D35="","",IF($D35=Y$16,$N35,"")) | Z35: =IF($D35="","",IF($D35=Z$16,$N35,"")) | AA35: =IF($D35="","",IF($D35=AA$16,$N35,"")) | AB35: =IF($D35="","",IF($D35=AB$16,$N35,"")) | AC35: =IF($D35="","",IF($D35=AC$16,$N35,"")) | AD35: =IF($D35="","",IF($D35=AD$16,$N35,"")) | ... AF35: =IF($D35="","",IF($D35=AF$16,$N35,"")) | AG35: =IF(N35="","",N35-SUM(W35:AF35)) -> 0 | AM35: =REPORT!H52 -> 0 | AN35: =N35-AM35 -> 0 | AQ35: =F35 -> 0 | AR35: =G35 -> 0 | AS35: =H35 -> 0 | AT35: =I35 -> 0 | AU35: =J35 -> 0 | AV35: =K35 -> 0 | AW35: =IF(E35="","",ROUND(AR35*AT35*AU35,2)) -> 0 | AX35: =M35 -> 1 | AY35: =IF(AW35="","",IF(AW35=0,0,ROUND(AW35/AX35,0))) -> 0 | BA35: =AM35+AY35 -> 0 | BB35: =IF(BA35="","", IF($O$8="","",BA35/$O$8)) | BE35: =BA35-N35 -> 0 | BF35: =BE35/N35 -> #DIV/0! | BJ35: =IF($D35="","",IF($D35=BJ$16,$BA35,"")) | BK35: =IF($D35="","",IF($D35=BK$16,$BA35,"")) | BL35: =IF($D35="","",IF($D35=BL$16,$BA35,"")) | BM35: =IF($D35="","",IF($D35=BM$16,$BA35,"")) | BN35: =IF($D35="","",IF($D35=BN$16,$BA35,"")) | BO35: =IF($D35="","",IF($D35=BO$16,$BA35,"")) | BP35: =IF($D35="","",IF($D35=BP$16,$BA35,"")) | BQ35: =IF($D35="","",IF($D35=BQ$16,$BA35,"")) | ... BS35: =IF($D35="","",IF($D35=BS$16,$BA35,"")) | BT35: =IF(BA35="","",BA35-SUM(BJ35:BS35)) -> 0
A36: =CONCATENATE($C36,"-",$E36) -> A2-05-x | B36: =IF(E36="","",SUBTOTAL(3,$E$32:E36)) -> 5 | C36: =IF(E36="","",IF(B36<10,CONCATENATE($C$31,"-0",B36),CONCATENATE($C$31,"-",B36))) -> A2-05 | E36: x | L36: =IF(E36="","",(G36*I36*J36)) -> 0 | M36: 1 | N36: =IF(L36="","",IF(L36=0,0,(L36/M36))) -> 0 | O36: =IF(N36="","", IF($O$8="","",N36/$O$8)) | Q36: =LEFT(C36) -> A | S36: =IF(C36="","",CONCATENATE(C36,"|",E36)) -> A2-05|x | W36: =IF($D36="","",IF($D36=W$16,$N36,"")) | X36: =IF($D36="","",IF($D36=X$16,$N36,"")) | Y36: =IF($D36="","",IF($D36=Y$16,$N36,"")) | Z36: =IF($D36="","",IF($D36=Z$16,$N36,"")) | AA36: =IF($D36="","",IF($D36=AA$16,$N36,"")) | AB36: =IF($D36="","",IF($D36=AB$16,$N36,"")) | AC36: =IF($D36="","",IF($D36=AC$16,$N36,"")) | AD36: =IF($D36="","",IF($D36=AD$16,$N36,"")) | ... AF36: =IF($D36="","",IF($D36=AF$16,$N36,"")) | AG36: =IF(N36="","",N36-SUM(W36:AF36)) -> 0 | AM36: =REPORT!H53 -> 0 | AN36: =N36-AM36 -> 0 | AQ36: =F36 -> 0 | AR36: =G36 -> 0 | AS36: =H36 -> 0 | AT36: =I36 -> 0 | AU36: =J36 -> 0 | AV36: =K36 -> 0 | AW36: =IF(E36="","",ROUND(AR36*AT36*AU36,2)) -> 0 | AX36: =M36 -> 1 | AY36: =IF(AW36="","",IF(AW36=0,0,ROUND(AW36/AX36,0))) -> 0 | BA36: =AM36+AY36 -> 0 | BB36: =IF(BA36="","", IF($O$8="","",BA36/$O$8)) | BE36: =BA36-N36 -> 0 | BF36: =BE36/N36 -> #DIV/0! | BJ36: =IF($D36="","",IF($D36=BJ$16,$BA36,"")) | BK36: =IF($D36="","",IF($D36=BK$16,$BA36,"")) | BL36: =IF($D36="","",IF($D36=BL$16,$BA36,"")) | BM36: =IF($D36="","",IF($D36=BM$16,$BA36,"")) | BN36: =IF($D36="","",IF($D36=BN$16,$BA36,"")) | BO36: =IF($D36="","",IF($D36=BO$16,$BA36,"")) | BP36: =IF($D36="","",IF($D36=BP$16,$BA36,"")) | BQ36: =IF($D36="","",IF($D36=BQ$16,$BA36,"")) | ... BS36: =IF($D36="","",IF($D36=BS$16,$BA36,"")) | BT36: =IF(BA36="","",BA36-SUM(BJ36:BS36)) -> 0
A37: =CONCATENATE($C37,"-",$E37) -> A2-06-x | B37: =IF(E37="","",SUBTOTAL(3,$E$32:E37)) -> 6 | C37: =IF(E37="","",IF(B37<10,CONCATENATE($C$31,"-0",B37),CONCATENATE($C$31,"-",B37))) -> A2-06 | E37: x | L37: =IF(E37="","",(G37*I37*J37)) -> 0 | M37: 1 | N37: =IF(L37="","",IF(L37=0,0,(L37/M37))) -> 0 | O37: =IF(N37="","", IF($O$8="","",N37/$O$8)) | Q37: =LEFT(C37) -> A | S37: =IF(C37="","",CONCATENATE(C37,"|",E37)) -> A2-06|x | W37: =IF($D37="","",IF($D37=W$16,$N37,"")) | X37: =IF($D37="","",IF($D37=X$16,$N37,"")) | Y37: =IF($D37="","",IF($D37=Y$16,$N37,"")) | Z37: =IF($D37="","",IF($D37=Z$16,$N37,"")) | AA37: =IF($D37="","",IF($D37=AA$16,$N37,"")) | AB37: =IF($D37="","",IF($D37=AB$16,$N37,"")) | AC37: =IF($D37="","",IF($D37=AC$16,$N37,"")) | AD37: =IF($D37="","",IF($D37=AD$16,$N37,"")) | ... AF37: =IF($D37="","",IF($D37=AF$16,$N37,"")) | AG37: =IF(N37="","",N37-SUM(W37:AF37)) -> 0 | AM37: =REPORT!H54 -> 0 | AN37: =N37-AM37 -> 0 | AQ37: =F37 -> 0 | AR37: =G37 -> 0 | AS37: =H37 -> 0 | AT37: =I37 -> 0 | AU37: =J37 -> 0 | AV37: =K37 -> 0 | AW37: =IF(E37="","",ROUND(AR37*AT37*AU37,2)) -> 0 | AX37: =M37 -> 1 | AY37: =IF(AW37="","",IF(AW37=0,0,ROUND(AW37/AX37,0))) -> 0 | BA37: =AM37+AY37 -> 0 | BB37: =IF(BA37="","", IF($O$8="","",BA37/$O$8)) | BE37: =BA37-N37 -> 0 | BF37: =BE37/N37 -> #DIV/0! | BJ37: =IF($D37="","",IF($D37=BJ$16,$BA37,"")) | BK37: =IF($D37="","",IF($D37=BK$16,$BA37,"")) | BL37: =IF($D37="","",IF($D37=BL$16,$BA37,"")) | BM37: =IF($D37="","",IF($D37=BM$16,$BA37,"")) | BN37: =IF($D37="","",IF($D37=BN$16,$BA37,"")) | BO37: =IF($D37="","",IF($D37=BO$16,$BA37,"")) | BP37: =IF($D37="","",IF($D37=BP$16,$BA37,"")) | BQ37: =IF($D37="","",IF($D37=BQ$16,$BA37,"")) | ... BS37: =IF($D37="","",IF($D37=BS$16,$BA37,"")) | BT37: =IF(BA37="","",BA37-SUM(BJ37:BS37)) -> 0
A38: =CONCATENATE($C38,"-",$E38) -> A2-07-x | B38: =IF(E38="","",SUBTOTAL(3,$E$32:E38)) -> 7 | C38: =IF(E38="","",IF(B38<10,CONCATENATE($C$31,"-0",B38),CONCATENATE($C$31,"-",B38))) -> A2-07 | E38: x | L38: =IF(E38="","",(G38*I38*J38)) -> 0 | M38: 1 | N38: =IF(L38="","",IF(L38=0,0,(L38/M38))) -> 0 | O38: =IF(N38="","", IF($O$8="","",N38/$O$8)) | Q38: =LEFT(C38) -> A | S38: =IF(C38="","",CONCATENATE(C38,"|",E38)) -> A2-07|x | W38: =IF($D38="","",IF($D38=W$16,$N38,"")) | X38: =IF($D38="","",IF($D38=X$16,$N38,"")) | Y38: =IF($D38="","",IF($D38=Y$16,$N38,"")) | Z38: =IF($D38="","",IF($D38=Z$16,$N38,"")) | AA38: =IF($D38="","",IF($D38=AA$16,$N38,"")) | AB38: =IF($D38="","",IF($D38=AB$16,$N38,"")) | AC38: =IF($D38="","",IF($D38=AC$16,$N38,"")) | AD38: =IF($D38="","",IF($D38=AD$16,$N38,"")) | ... AF38: =IF($D38="","",IF($D38=AF$16,$N38,"")) | AG38: =IF(N38="","",N38-SUM(W38:AF38)) -> 0 | AM38: =REPORT!H55 -> 0 | AN38: =N38-AM38 -> 0 | AQ38: =F38 -> 0 | AR38: =G38 -> 0 | AS38: =H38 -> 0 | AT38: =I38 -> 0 | AU38: =J38 -> 0 | AV38: =K38 -> 0 | AW38: =IF(E38="","",ROUND(AR38*AT38*AU38,2)) -> 0 | AX38: =M38 -> 1 | AY38: =IF(AW38="","",IF(AW38=0,0,ROUND(AW38/AX38,0))) -> 0 | BA38: =AM38+AY38 -> 0 | BB38: =IF(BA38="","", IF($O$8="","",BA38/$O$8)) | BE38: =BA38-N38 -> 0 | BF38: =BE38/N38 -> #DIV/0! | BJ38: =IF($D38="","",IF($D38=BJ$16,$BA38,"")) | BK38: =IF($D38="","",IF($D38=BK$16,$BA38,"")) | BL38: =IF($D38="","",IF($D38=BL$16,$BA38,"")) | BM38: =IF($D38="","",IF($D38=BM$16,$BA38,"")) | BN38: =IF($D38="","",IF($D38=BN$16,$BA38,"")) | BO38: =IF($D38="","",IF($D38=BO$16,$BA38,"")) | BP38: =IF($D38="","",IF($D38=BP$16,$BA38,"")) | BQ38: =IF($D38="","",IF($D38=BQ$16,$BA38,"")) | ... BS38: =IF($D38="","",IF($D38=BS$16,$BA38,"")) | BT38: =IF(BA38="","",BA38-SUM(BJ38:BS38)) -> 0
A39: =CONCATENATE($C39,"-",$E39) -> A2-08-x | B39: =IF(E39="","",SUBTOTAL(3,$E$32:E39)) -> 8 | C39: =IF(E39="","",IF(B39<10,CONCATENATE($C$31,"-0",B39),CONCATENATE($C$31,"-",B39))) -> A2-08 | E39: x | L39: =IF(E39="","",(G39*I39*J39)) -> 0 | M39: 1 | N39: =IF(L39="","",IF(L39=0,0,(L39/M39))) -> 0 | O39: =IF(N39="","", IF($O$8="","",N39/$O$8)) | Q39: =LEFT(C39) -> A | S39: =IF(C39="","",CONCATENATE(C39,"|",E39)) -> A2-08|x | W39: =IF($D39="","",IF($D39=W$16,$N39,"")) | X39: =IF($D39="","",IF($D39=X$16,$N39,"")) | Y39: =IF($D39="","",IF($D39=Y$16,$N39,"")) | Z39: =IF($D39="","",IF($D39=Z$16,$N39,"")) | AA39: =IF($D39="","",IF($D39=AA$16,$N39,"")) | AB39: =IF($D39="","",IF($D39=AB$16,$N39,"")) | AC39: =IF($D39="","",IF($D39=AC$16,$N39,"")) | AD39: =IF($D39="","",IF($D39=AD$16,$N39,"")) | ... AF39: =IF($D39="","",IF($D39=AF$16,$N39,"")) | AG39: =IF(N39="","",N39-SUM(W39:AF39)) -> 0 | AM39: =REPORT!H56 -> 0 | AN39: =N39-AM39 -> 0 | AQ39: =F39 -> 0 | AR39: =G39 -> 0 | AS39: =H39 -> 0 | AT39: =I39 -> 0 | AU39: =J39 -> 0 | AV39: =K39 -> 0 | AW39: =IF(E39="","",ROUND(AR39*AT39*AU39,2)) -> 0 | AX39: =M39 -> 1 | AY39: =IF(AW39="","",IF(AW39=0,0,ROUND(AW39/AX39,0))) -> 0 | BA39: =AM39+AY39 -> 0 | BB39: =IF(BA39="","", IF($O$8="","",BA39/$O$8)) | BE39: =BA39-N39 -> 0 | BF39: =BE39/N39 -> #DIV/0! | BJ39: =IF($D39="","",IF($D39=BJ$16,$BA39,"")) | BK39: =IF($D39="","",IF($D39=BK$16,$BA39,"")) | BL39: =IF($D39="","",IF($D39=BL$16,$BA39,"")) | BM39: =IF($D39="","",IF($D39=BM$16,$BA39,"")) | BN39: =IF($D39="","",IF($D39=BN$16,$BA39,"")) | BO39: =IF($D39="","",IF($D39=BO$16,$BA39,"")) | BP39: =IF($D39="","",IF($D39=BP$16,$BA39,"")) | BQ39: =IF($D39="","",IF($D39=BQ$16,$BA39,"")) | ... BS39: =IF($D39="","",IF($D39=BS$16,$BA39,"")) | BT39: =IF(BA39="","",BA39-SUM(BJ39:BS39)) -> 0
A40: =CONCATENATE($C40,"-",$E40) -> A2-09-x | B40: =IF(E40="","",SUBTOTAL(3,$E$32:E40)) -> 9 | C40: =IF(E40="","",IF(B40<10,CONCATENATE($C$31,"-0",B40),CONCATENATE($C$31,"-",B40))) -> A2-09 | E40: x | L40: =IF(E40="","",(G40*I40*J40)) -> 0 | M40: 1 | N40: =IF(L40="","",IF(L40=0,0,(L40/M40))) -> 0 | O40: =IF(N40="","", IF($O$8="","",N40/$O$8)) | Q40: =LEFT(C40) -> A | S40: =IF(C40="","",CONCATENATE(C40,"|",E40)) -> A2-09|x | W40: =IF($D40="","",IF($D40=W$16,$N40,"")) | X40: =IF($D40="","",IF($D40=X$16,$N40,"")) | Y40: =IF($D40="","",IF($D40=Y$16,$N40,"")) | Z40: =IF($D40="","",IF($D40=Z$16,$N40,"")) | AA40: =IF($D40="","",IF($D40=AA$16,$N40,"")) | AB40: =IF($D40="","",IF($D40=AB$16,$N40,"")) | AC40: =IF($D40="","",IF($D40=AC$16,$N40,"")) | AD40: =IF($D40="","",IF($D40=AD$16,$N40,"")) | ... AF40: =IF($D40="","",IF($D40=AF$16,$N40,"")) | AG40: =IF(N40="","",N40-SUM(W40:AF40)) -> 0 | AM40: =REPORT!H57 -> 0 | AN40: =N40-AM40 -> 0 | AQ40: =F40 -> 0 | AR40: =G40 -> 0 | AS40: =H40 -> 0 | AT40: =I40 -> 0 | AU40: =J40 -> 0 | AV40: =K40 -> 0 | AW40: =IF(E40="","",ROUND(AR40*AT40*AU40,2)) -> 0 | AX40: =M40 -> 1 | AY40: =IF(AW40="","",IF(AW40=0,0,ROUND(AW40/AX40,0))) -> 0 | BA40: =AM40+AY40 -> 0 | BB40: =IF(BA40="","", IF($O$8="","",BA40/$O$8)) | BE40: =BA40-N40 -> 0 | BF40: =BE40/N40 -> #DIV/0! | BJ40: =IF($D40="","",IF($D40=BJ$16,$BA40,"")) | BK40: =IF($D40="","",IF($D40=BK$16,$BA40,"")) | BL40: =IF($D40="","",IF($D40=BL$16,$BA40,"")) | BM40: =IF($D40="","",IF($D40=BM$16,$BA40,"")) | BN40: =IF($D40="","",IF($D40=BN$16,$BA40,"")) | BO40: =IF($D40="","",IF($D40=BO$16,$BA40,"")) | BP40: =IF($D40="","",IF($D40=BP$16,$BA40,"")) | BQ40: =IF($D40="","",IF($D40=BQ$16,$BA40,"")) | ... BS40: =IF($D40="","",IF($D40=BS$16,$BA40,"")) | BT40: =IF(BA40="","",BA40-SUM(BJ40:BS40)) -> 0
A41: =CONCATENATE($C41,"-",$E41) -> A2-10-x | B41: =IF(E41="","",SUBTOTAL(3,$E$32:E41)) -> 10 | C41: =IF(E41="","",IF(B41<10,CONCATENATE($C$31,"-0",B41),CONCATENATE($C$31,"-",B41))) -> A2-10 | E41: x | L41: =IF(E41="","",(G41*I41*J41)) -> 0 | M41: 1 | N41: =IF(L41="","",IF(L41=0,0,(L41/M41))) -> 0 | O41: =IF(N41="","", IF($O$8="","",N41/$O$8)) | Q41: =LEFT(C41) -> A | S41: =IF(C41="","",CONCATENATE(C41,"|",E41)) -> A2-10|x | W41: =IF($D41="","",IF($D41=W$16,$N41,"")) | X41: =IF($D41="","",IF($D41=X$16,$N41,"")) | Y41: =IF($D41="","",IF($D41=Y$16,$N41,"")) | Z41: =IF($D41="","",IF($D41=Z$16,$N41,"")) | AA41: =IF($D41="","",IF($D41=AA$16,$N41,"")) | AB41: =IF($D41="","",IF($D41=AB$16,$N41,"")) | AC41: =IF($D41="","",IF($D41=AC$16,$N41,"")) | AD41: =IF($D41="","",IF($D41=AD$16,$N41,"")) | ... AF41: =IF($D41="","",IF($D41=AF$16,$N41,"")) | AG41: =IF(N41="","",N41-SUM(W41:AF41)) -> 0 | AM41: =REPORT!H58 -> 0 | AN41: =N41-AM41 -> 0 | AQ41: =F41 -> 0 | AR41: =G41 -> 0 | AS41: =H41 -> 0 | AT41: =I41 -> 0 | AU41: =J41 -> 0 | AV41: =K41 -> 0 | AW41: =IF(E41="","",ROUND(AR41*AT41*AU41,2)) -> 0 | AX41: =M41 -> 1 | AY41: =IF(AW41="","",IF(AW41=0,0,ROUND(AW41/AX41,0))) -> 0 | BA41: =AM41+AY41 -> 0 | BB41: =IF(BA41="","", IF($O$8="","",BA41/$O$8)) | BE41: =BA41-N41 -> 0 | BF41: =BE41/N41 -> #DIV/0! | BJ41: =IF($D41="","",IF($D41=BJ$16,$BA41,"")) | BK41: =IF($D41="","",IF($D41=BK$16,$BA41,"")) | BL41: =IF($D41="","",IF($D41=BL$16,$BA41,"")) | BM41: =IF($D41="","",IF($D41=BM$16,$BA41,"")) | BN41: =IF($D41="","",IF($D41=BN$16,$BA41,"")) | BO41: =IF($D41="","",IF($D41=BO$16,$BA41,"")) | BP41: =IF($D41="","",IF($D41=BP$16,$BA41,"")) | BQ41: =IF($D41="","",IF($D41=BQ$16,$BA41,"")) | ... BS41: =IF($D41="","",IF($D41=BS$16,$BA41,"")) | BT41: =IF(BA41="","",BA41-SUM(BJ41:BS41)) -> 0
C42: A3 | E42: A3. Salaries of team following survivors in project sites | N42: =SUM(N43:N52) -> 0 | O42: =IF(N42="","", IF($O$8="","",N42/$O$8)) | P42: =IF(OR(N42="",N42=0),"",N42/$N$221) | Q42: =LEFT(C42) -> A | W42: =SUM(W43:W52) -> 0 | X42: =SUM(X43:X52) -> 0 | Y42: =SUM(Y43:Y52) -> 0 | Z42: =SUM(Z43:Z52) -> 0 | AA42: =SUM(AA43:AA52) -> 0 | AB42: =SUM(AB43:AB52) -> 0 | AC42: =SUM(AC43:AC52) -> 0 | AD42: =SUM(AD43:AD52) -> 0 | ... AF42: =SUM(AF43:AF52) -> 0 | AG42: =IF(N42="","",N42-SUM(W42:AF42)) -> 0 | AM42: =SUM(AM43:AM52) -> 0 | AN42: =N42-AM42 -> 0 | AY42: =SUM(AY43:AY52) -> 0 | BA42: =SUM(BA43:BA52) -> 0 | BB42: =IF(BA42="","", IF($O$8="","",BA42/$O$8)) | BC42: =IF(OR(BA42="",BA42=0),"",BA42/$BA$221) | BE42: =SUM(BE43:BE52) -> 0 | BF42: =BE42/N42 -> #DIV/0! | BJ42: =SUM(BJ43:BJ52) -> 0 | BK42: =SUM(BK43:BK52) -> 0 | BL42: =SUM(BL43:BL52) -> 0 | BM42: =SUM(BM43:BM52) -> 0 | BN42: =SUM(BN43:BN52) -> 0 | BO42: =SUM(BO43:BO52) -> 0 | BP42: =SUM(BP43:BP52) -> 0 | BQ42: =SUM(BQ43:BQ52) -> 0 | ... BS42: =SUM(BS43:BS52) -> 0 | BT42: =IF(BA42="","",BA42-SUM(BJ42:BS42)) -> 0
A43: =CONCATENATE($C43,"-",$E43) -> A3-01-x | B43: =IF(E43="","",SUBTOTAL(3,$E$43:E43)) -> 1 | C43: =IF(E43="","",IF(B43<10,CONCATENATE($C$42,"-0",B43),CONCATENATE($C$42,"-",B43))) -> A3-01 | E43: x | L43: =IF(E43="","",(G43*I43*J43)) -> 0 | M43: 1 | N43: =IF(L43="","",IF(L43=0,0,(L43/M43))) -> 0 | O43: =IF(N43="","", IF($O$8="","",N43/$O$8)) | Q43: =LEFT(C43) -> A | S43: =IF(C43="","",CONCATENATE(C43,"|",E43)) -> A3-01|x | W43: =IF($D43="","",IF($D43=W$16,$N43,"")) | X43: =IF($D43="","",IF($D43=X$16,$N43,"")) | Y43: =IF($D43="","",IF($D43=Y$16,$N43,"")) | Z43: =IF($D43="","",IF($D43=Z$16,$N43,"")) | AA43: =IF($D43="","",IF($D43=AA$16,$N43,"")) | AB43: =IF($D43="","",IF($D43=AB$16,$N43,"")) | AC43: =IF($D43="","",IF($D43=AC$16,$N43,"")) | AD43: =IF($D43="","",IF($D43=AD$16,$N43,"")) | ... AF43: =IF($D43="","",IF($D43=AF$16,$N43,"")) | AG43: =IF(N43="","",N43-SUM(W43:AF43)) -> 0 | AM43: =REPORT!H60 -> 0 | AN43: =N43-AM43 -> 0 | AQ43: =F43 -> 0 | AR43: =G43 -> 0 | AS43: =H43 -> 0 | AT43: =I43 -> 0 | AU43: =J43 -> 0 | AV43: =K43 -> 0 | AW43: =IF(E43="","",ROUND(AR43*AT43*AU43,2)) -> 0 | AX43: =M43 -> 1 | AY43: =IF(AW43="","",IF(AW43=0,0,ROUND(AW43/AX43,0))) -> 0 | BA43: =AM43+AY43 -> 0 | BB43: =IF(BA43="","", IF($O$8="","",BA43/$O$8)) | BE43: =BA43-N43 -> 0 | BF43: =BE43/N43 -> #DIV/0! | BJ43: =IF($D43="","",IF($D43=BJ$16,$BA43,"")) | BK43: =IF($D43="","",IF($D43=BK$16,$BA43,"")) | BL43: =IF($D43="","",IF($D43=BL$16,$BA43,"")) | BM43: =IF($D43="","",IF($D43=BM$16,$BA43,"")) | BN43: =IF($D43="","",IF($D43=BN$16,$BA43,"")) | BO43: =IF($D43="","",IF($D43=BO$16,$BA43,"")) | BP43: =IF($D43="","",IF($D43=BP$16,$BA43,"")) | BQ43: =IF($D43="","",IF($D43=BQ$16,$BA43,"")) | ... BS43: =IF($D43="","",IF($D43=BS$16,$BA43,"")) | BT43: =IF(BA43="","",BA43-SUM(BJ43:BS43)) -> 0
A44: =CONCATENATE($C44,"-",$E44) -> A3-02-x | B44: =IF(E44="","",SUBTOTAL(3,$E$43:E44)) -> 2 | C44: =IF(E44="","",IF(B44<10,CONCATENATE($C$42,"-0",B44),CONCATENATE($C$42,"-",B44))) -> A3-02 | E44: x | L44: =IF(E44="","",(G44*I44*J44)) -> 0 | M44: 1 | N44: =IF(L44="","",IF(L44=0,0,(L44/M44))) -> 0 | O44: =IF(N44="","", IF($O$8="","",N44/$O$8)) | Q44: =LEFT(C44) -> A | S44: =IF(C44="","",CONCATENATE(C44,"|",E44)) -> A3-02|x | W44: =IF($D44="","",IF($D44=W$16,$N44,"")) | X44: =IF($D44="","",IF($D44=X$16,$N44,"")) | Y44: =IF($D44="","",IF($D44=Y$16,$N44,"")) | Z44: =IF($D44="","",IF($D44=Z$16,$N44,"")) | AA44: =IF($D44="","",IF($D44=AA$16,$N44,"")) | AB44: =IF($D44="","",IF($D44=AB$16,$N44,"")) | AC44: =IF($D44="","",IF($D44=AC$16,$N44,"")) | AD44: =IF($D44="","",IF($D44=AD$16,$N44,"")) | ... AF44: =IF($D44="","",IF($D44=AF$16,$N44,"")) | AG44: =IF(N44="","",N44-SUM(W44:AF44)) -> 0 | AM44: =REPORT!H61 -> 0 | AN44: =N44-AM44 -> 0 | AQ44: =F44 -> 0 | AR44: =G44 -> 0 | AS44: =H44 -> 0 | AT44: =I44 -> 0 | AU44: =J44 -> 0 | AV44: =K44 -> 0 | AW44: =IF(E44="","",ROUND(AR44*AT44*AU44,2)) -> 0 | AX44: =M44 -> 1 | AY44: =IF(AW44="","",IF(AW44=0,0,ROUND(AW44/AX44,0))) -> 0 | BA44: =AM44+AY44 -> 0 | BB44: =IF(BA44="","", IF($O$8="","",BA44/$O$8)) | BE44: =BA44-N44 -> 0 | BF44: =BE44/N44 -> #DIV/0! | BJ44: =IF($D44="","",IF($D44=BJ$16,$BA44,"")) | BK44: =IF($D44="","",IF($D44=BK$16,$BA44,"")) | BL44: =IF($D44="","",IF($D44=BL$16,$BA44,"")) | BM44: =IF($D44="","",IF($D44=BM$16,$BA44,"")) | BN44: =IF($D44="","",IF($D44=BN$16,$BA44,"")) | BO44: =IF($D44="","",IF($D44=BO$16,$BA44,"")) | BP44: =IF($D44="","",IF($D44=BP$16,$BA44,"")) | BQ44: =IF($D44="","",IF($D44=BQ$16,$BA44,"")) | ... BS44: =IF($D44="","",IF($D44=BS$16,$BA44,"")) | BT44: =IF(BA44="","",BA44-SUM(BJ44:BS44)) -> 0
A45: =CONCATENATE($C45,"-",$E45) -> A3-03-x | B45: =IF(E45="","",SUBTOTAL(3,$E$43:E45)) -> 3 | C45: =IF(E45="","",IF(B45<10,CONCATENATE($C$42,"-0",B45),CONCATENATE($C$42,"-",B45))) -> A3-03 | E45: x | L45: =IF(E45="","",(G45*I45*J45)) -> 0 | M45: 1 | N45: =IF(L45="","",IF(L45=0,0,(L45/M45))) -> 0 | O45: =IF(N45="","", IF($O$8="","",N45/$O$8)) | Q45: =LEFT(C45) -> A | S45: =IF(C45="","",CONCATENATE(C45,"|",E45)) -> A3-03|x | W45: =IF($D45="","",IF($D45=W$16,$N45,"")) | X45: =IF($D45="","",IF($D45=X$16,$N45,"")) | Y45: =IF($D45="","",IF($D45=Y$16,$N45,"")) | Z45: =IF($D45="","",IF($D45=Z$16,$N45,"")) | AA45: =IF($D45="","",IF($D45=AA$16,$N45,"")) | AB45: =IF($D45="","",IF($D45=AB$16,$N45,"")) | AC45: =IF($D45="","",IF($D45=AC$16,$N45,"")) | AD45: =IF($D45="","",IF($D45=AD$16,$N45,"")) | ... AF45: =IF($D45="","",IF($D45=AF$16,$N45,"")) | AG45: =IF(N45="","",N45-SUM(W45:AF45)) -> 0 | AM45: =REPORT!H62 -> 0 | AN45: =N45-AM45 -> 0 | AQ45: =F45 -> 0 | AR45: =G45 -> 0 | AS45: =H45 -> 0 | AT45: =I45 -> 0 | AU45: =J45 -> 0 | AV45: =K45 -> 0 | AW45: =IF(E45="","",ROUND(AR45*AT45*AU45,2)) -> 0 | AX45: =M45 -> 1 | AY45: =IF(AW45="","",IF(AW45=0,0,ROUND(AW45/AX45,0))) -> 0 | BA45: =AM45+AY45 -> 0 | BB45: =IF(BA45="","", IF($O$8="","",BA45/$O$8)) | BE45: =BA45-N45 -> 0 | BF45: =BE45/N45 -> #DIV/0! | BJ45: =IF($D45="","",IF($D45=BJ$16,$BA45,"")) | BK45: =IF($D45="","",IF($D45=BK$16,$BA45,"")) | BL45: =IF($D45="","",IF($D45=BL$16,$BA45,"")) | BM45: =IF($D45="","",IF($D45=BM$16,$BA45,"")) | BN45: =IF($D45="","",IF($D45=BN$16,$BA45,"")) | BO45: =IF($D45="","",IF($D45=BO$16,$BA45,"")) | BP45: =IF($D45="","",IF($D45=BP$16,$BA45,"")) | BQ45: =IF($D45="","",IF($D45=BQ$16,$BA45,"")) | ... BS45: =IF($D45="","",IF($D45=BS$16,$BA45,"")) | BT45: =IF(BA45="","",BA45-SUM(BJ45:BS45)) -> 0
A46: =CONCATENATE($C46,"-",$E46) -> A3-04-x | B46: =IF(E46="","",SUBTOTAL(3,$E$43:E46)) -> 4 | C46: =IF(E46="","",IF(B46<10,CONCATENATE($C$42,"-0",B46),CONCATENATE($C$42,"-",B46))) -> A3-04 | E46: x | L46: =IF(E46="","",(G46*I46*J46)) -> 0 | M46: 1 | N46: =IF(L46="","",IF(L46=0,0,(L46/M46))) -> 0 | O46: =IF(N46="","", IF($O$8="","",N46/$O$8)) | Q46: =LEFT(C46) -> A | S46: =IF(C46="","",CONCATENATE(C46,"|",E46)) -> A3-04|x | W46: =IF($D46="","",IF($D46=W$16,$N46,"")) | X46: =IF($D46="","",IF($D46=X$16,$N46,"")) | Y46: =IF($D46="","",IF($D46=Y$16,$N46,"")) | Z46: =IF($D46="","",IF($D46=Z$16,$N46,"")) | AA46: =IF($D46="","",IF($D46=AA$16,$N46,"")) | AB46: =IF($D46="","",IF($D46=AB$16,$N46,"")) | AC46: =IF($D46="","",IF($D46=AC$16,$N46,"")) | AD46: =IF($D46="","",IF($D46=AD$16,$N46,"")) | ... AF46: =IF($D46="","",IF($D46=AF$16,$N46,"")) | AG46: =IF(N46="","",N46-SUM(W46:AF46)) -> 0 | AM46: =REPORT!H63 -> 0 | AN46: =N46-AM46 -> 0 | AQ46: =F46 -> 0 | AR46: =G46 -> 0 | AS46: =H46 -> 0 | AT46: =I46 -> 0 | AU46: =J46 -> 0 | AV46: =K46 -> 0 | AW46: =IF(E46="","",ROUND(AR46*AT46*AU46,2)) -> 0 | AX46: =M46 -> 1 | AY46: =IF(AW46="","",IF(AW46=0,0,ROUND(AW46/AX46,0))) -> 0 | BA46: =AM46+AY46 -> 0 | BB46: =IF(BA46="","", IF($O$8="","",BA46/$O$8)) | BE46: =BA46-N46 -> 0 | BF46: =BE46/N46 -> #DIV/0! | BJ46: =IF($D46="","",IF($D46=BJ$16,$BA46,"")) | BK46: =IF($D46="","",IF($D46=BK$16,$BA46,"")) | BL46: =IF($D46="","",IF($D46=BL$16,$BA46,"")) | BM46: =IF($D46="","",IF($D46=BM$16,$BA46,"")) | BN46: =IF($D46="","",IF($D46=BN$16,$BA46,"")) | BO46: =IF($D46="","",IF($D46=BO$16,$BA46,"")) | BP46: =IF($D46="","",IF($D46=BP$16,$BA46,"")) | BQ46: =IF($D46="","",IF($D46=BQ$16,$BA46,"")) | ... BS46: =IF($D46="","",IF($D46=BS$16,$BA46,"")) | BT46: =IF(BA46="","",BA46-SUM(BJ46:BS46)) -> 0
A47: =CONCATENATE($C47,"-",$E47) -> A3-05-x | B47: =IF(E47="","",SUBTOTAL(3,$E$43:E47)) -> 5 | C47: =IF(E47="","",IF(B47<10,CONCATENATE($C$42,"-0",B47),CONCATENATE($C$42,"-",B47))) -> A3-05 | E47: x | L47: =IF(E47="","",(G47*I47*J47)) -> 0 | M47: 1 | N47: =IF(L47="","",IF(L47=0,0,(L47/M47))) -> 0 | O47: =IF(N47="","", IF($O$8="","",N47/$O$8)) | Q47: =LEFT(C47) -> A | S47: =IF(C47="","",CONCATENATE(C47,"|",E47)) -> A3-05|x | W47: =IF($D47="","",IF($D47=W$16,$N47,"")) | X47: =IF($D47="","",IF($D47=X$16,$N47,"")) | Y47: =IF($D47="","",IF($D47=Y$16,$N47,"")) | Z47: =IF($D47="","",IF($D47=Z$16,$N47,"")) | AA47: =IF($D47="","",IF($D47=AA$16,$N47,"")) | AB47: =IF($D47="","",IF($D47=AB$16,$N47,"")) | AC47: =IF($D47="","",IF($D47=AC$16,$N47,"")) | AD47: =IF($D47="","",IF($D47=AD$16,$N47,"")) | ... AF47: =IF($D47="","",IF($D47=AF$16,$N47,"")) | AG47: =IF(N47="","",N47-SUM(W47:AF47)) -> 0 | AM47: =REPORT!H64 -> 0 | AN47: =N47-AM47 -> 0 | AQ47: =F47 -> 0 | AR47: =G47 -> 0 | AS47: =H47 -> 0 | AT47: =I47 -> 0 | AU47: =J47 -> 0 | AV47: =K47 -> 0 | AW47: =IF(E47="","",ROUND(AR47*AT47*AU47,2)) -> 0 | AX47: =M47 -> 1 | AY47: =IF(AW47="","",IF(AW47=0,0,ROUND(AW47/AX47,0))) -> 0 | BA47: =AM47+AY47 -> 0 | BB47: =IF(BA47="","", IF($O$8="","",BA47/$O$8)) | BE47: =BA47-N47 -> 0 | BF47: =BE47/N47 -> #DIV/0! | BJ47: =IF($D47="","",IF($D47=BJ$16,$BA47,"")) | BK47: =IF($D47="","",IF($D47=BK$16,$BA47,"")) | BL47: =IF($D47="","",IF($D47=BL$16,$BA47,"")) | BM47: =IF($D47="","",IF($D47=BM$16,$BA47,"")) | BN47: =IF($D47="","",IF($D47=BN$16,$BA47,"")) | BO47: =IF($D47="","",IF($D47=BO$16,$BA47,"")) | BP47: =IF($D47="","",IF($D47=BP$16,$BA47,"")) | BQ47: =IF($D47="","",IF($D47=BQ$16,$BA47,"")) | ... BS47: =IF($D47="","",IF($D47=BS$16,$BA47,"")) | BT47: =IF(BA47="","",BA47-SUM(BJ47:BS47)) -> 0
A48: =CONCATENATE($C48,"-",$E48) -> A3-06-x | B48: =IF(E48="","",SUBTOTAL(3,$E$43:E48)) -> 6 | C48: =IF(E48="","",IF(B48<10,CONCATENATE($C$42,"-0",B48),CONCATENATE($C$42,"-",B48))) -> A3-06 | E48: x | L48: =IF(E48="","",(G48*I48*J48)) -> 0 | M48: 1 | N48: =IF(L48="","",IF(L48=0,0,(L48/M48))) -> 0 | O48: =IF(N48="","", IF($O$8="","",N48/$O$8)) | Q48: =LEFT(C48) -> A | S48: =IF(C48="","",CONCATENATE(C48,"|",E48)) -> A3-06|x | W48: =IF($D48="","",IF($D48=W$16,$N48,"")) | X48: =IF($D48="","",IF($D48=X$16,$N48,"")) | Y48: =IF($D48="","",IF($D48=Y$16,$N48,"")) | Z48: =IF($D48="","",IF($D48=Z$16,$N48,"")) | AA48: =IF($D48="","",IF($D48=AA$16,$N48,"")) | AB48: =IF($D48="","",IF($D48=AB$16,$N48,"")) | AC48: =IF($D48="","",IF($D48=AC$16,$N48,"")) | AD48: =IF($D48="","",IF($D48=AD$16,$N48,"")) | ... AF48: =IF($D48="","",IF($D48=AF$16,$N48,"")) | AG48: =IF(N48="","",N48-SUM(W48:AF48)) -> 0 | AM48: =REPORT!H65 -> 0 | AN48: =N48-AM48 -> 0 | AQ48: =F48 -> 0 | AR48: =G48 -> 0 | AS48: =H48 -> 0 | AT48: =I48 -> 0 | AU48: =J48 -> 0 | AV48: =K48 -> 0 | AW48: =IF(E48="","",ROUND(AR48*AT48*AU48,2)) -> 0 | AX48: =M48 -> 1 | AY48: =IF(AW48="","",IF(AW48=0,0,ROUND(AW48/AX48,0))) -> 0 | BA48: =AM48+AY48 -> 0 | BB48: =IF(BA48="","", IF($O$8="","",BA48/$O$8)) | BE48: =BA48-N48 -> 0 | BF48: =BE48/N48 -> #DIV/0! | BJ48: =IF($D48="","",IF($D48=BJ$16,$BA48,"")) | BK48: =IF($D48="","",IF($D48=BK$16,$BA48,"")) | BL48: =IF($D48="","",IF($D48=BL$16,$BA48,"")) | BM48: =IF($D48="","",IF($D48=BM$16,$BA48,"")) | BN48: =IF($D48="","",IF($D48=BN$16,$BA48,"")) | BO48: =IF($D48="","",IF($D48=BO$16,$BA48,"")) | BP48: =IF($D48="","",IF($D48=BP$16,$BA48,"")) | BQ48: =IF($D48="","",IF($D48=BQ$16,$BA48,"")) | ... BS48: =IF($D48="","",IF($D48=BS$16,$BA48,"")) | BT48: =IF(BA48="","",BA48-SUM(BJ48:BS48)) -> 0
A49: =CONCATENATE($C49,"-",$E49) -> A3-07-x | B49: =IF(E49="","",SUBTOTAL(3,$E$43:E49)) -> 7 | C49: =IF(E49="","",IF(B49<10,CONCATENATE($C$42,"-0",B49),CONCATENATE($C$42,"-",B49))) -> A3-07 | E49: x | L49: =IF(E49="","",(G49*I49*J49)) -> 0 | M49: 1 | N49: =IF(L49="","",IF(L49=0,0,(L49/M49))) -> 0 | O49: =IF(N49="","", IF($O$8="","",N49/$O$8)) | Q49: =LEFT(C49) -> A | S49: =IF(C49="","",CONCATENATE(C49,"|",E49)) -> A3-07|x | W49: =IF($D49="","",IF($D49=W$16,$N49,"")) | X49: =IF($D49="","",IF($D49=X$16,$N49,"")) | Y49: =IF($D49="","",IF($D49=Y$16,$N49,"")) | Z49: =IF($D49="","",IF($D49=Z$16,$N49,"")) | AA49: =IF($D49="","",IF($D49=AA$16,$N49,"")) | AB49: =IF($D49="","",IF($D49=AB$16,$N49,"")) | AC49: =IF($D49="","",IF($D49=AC$16,$N49,"")) | AD49: =IF($D49="","",IF($D49=AD$16,$N49,"")) | ... AF49: =IF($D49="","",IF($D49=AF$16,$N49,"")) | AG49: =IF(N49="","",N49-SUM(W49:AF49)) -> 0 | AM49: =REPORT!H66 -> 0 | AN49: =N49-AM49 -> 0 | AQ49: =F49 -> 0 | AR49: =G49 -> 0 | AS49: =H49 -> 0 | AT49: =I49 -> 0 | AU49: =J49 -> 0 | AV49: =K49 -> 0 | AW49: =IF(E49="","",ROUND(AR49*AT49*AU49,2)) -> 0 | AX49: =M49 -> 1 | AY49: =IF(AW49="","",IF(AW49=0,0,ROUND(AW49/AX49,0))) -> 0 | BA49: =AM49+AY49 -> 0 | BB49: =IF(BA49="","", IF($O$8="","",BA49/$O$8)) | BE49: =BA49-N49 -> 0 | BF49: =BE49/N49 -> #DIV/0! | BJ49: =IF($D49="","",IF($D49=BJ$16,$BA49,"")) | BK49: =IF($D49="","",IF($D49=BK$16,$BA49,"")) | BL49: =IF($D49="","",IF($D49=BL$16,$BA49,"")) | BM49: =IF($D49="","",IF($D49=BM$16,$BA49,"")) | BN49: =IF($D49="","",IF($D49=BN$16,$BA49,"")) | BO49: =IF($D49="","",IF($D49=BO$16,$BA49,"")) | BP49: =IF($D49="","",IF($D49=BP$16,$BA49,"")) | BQ49: =IF($D49="","",IF($D49=BQ$16,$BA49,"")) | ... BS49: =IF($D49="","",IF($D49=BS$16,$BA49,"")) | BT49: =IF(BA49="","",BA49-SUM(BJ49:BS49)) -> 0
A50: =CONCATENATE($C50,"-",$E50) -> A3-08-x | B50: =IF(E50="","",SUBTOTAL(3,$E$43:E50)) -> 8 | C50: =IF(E50="","",IF(B50<10,CONCATENATE($C$42,"-0",B50),CONCATENATE($C$42,"-",B50))) -> A3-08 | E50: x | L50: =IF(E50="","",(G50*I50*J50)) -> 0 | M50: 1 | N50: =IF(L50="","",IF(L50=0,0,(L50/M50))) -> 0 | O50: =IF(N50="","", IF($O$8="","",N50/$O$8)) | Q50: =LEFT(C50) -> A | S50: =IF(C50="","",CONCATENATE(C50,"|",E50)) -> A3-08|x | W50: =IF($D50="","",IF($D50=W$16,$N50,"")) | X50: =IF($D50="","",IF($D50=X$16,$N50,"")) | Y50: =IF($D50="","",IF($D50=Y$16,$N50,"")) | Z50: =IF($D50="","",IF($D50=Z$16,$N50,"")) | AA50: =IF($D50="","",IF($D50=AA$16,$N50,"")) | AB50: =IF($D50="","",IF($D50=AB$16,$N50,"")) | AC50: =IF($D50="","",IF($D50=AC$16,$N50,"")) | AD50: =IF($D50="","",IF($D50=AD$16,$N50,"")) | ... AF50: =IF($D50="","",IF($D50=AF$16,$N50,"")) | AG50: =IF(N50="","",N50-SUM(W50:AF50)) -> 0 | AM50: =REPORT!H67 -> 0 | AN50: =N50-AM50 -> 0 | AQ50: =F50 -> 0 | AR50: =G50 -> 0 | AS50: =H50 -> 0 | AT50: =I50 -> 0 | AU50: =J50 -> 0 | AV50: =K50 -> 0 | AW50: =IF(E50="","",ROUND(AR50*AT50*AU50,2)) -> 0 | AX50: =M50 -> 1 | AY50: =IF(AW50="","",IF(AW50=0,0,ROUND(AW50/AX50,0))) -> 0 | BA50: =AM50+AY50 -> 0 | BB50: =IF(BA50="","", IF($O$8="","",BA50/$O$8)) | BE50: =BA50-N50 -> 0 | BF50: =BE50/N50 -> #DIV/0! | BJ50: =IF($D50="","",IF($D50=BJ$16,$BA50,"")) | BK50: =IF($D50="","",IF($D50=BK$16,$BA50,"")) | BL50: =IF($D50="","",IF($D50=BL$16,$BA50,"")) | BM50: =IF($D50="","",IF($D50=BM$16,$BA50,"")) | BN50: =IF($D50="","",IF($D50=BN$16,$BA50,"")) | BO50: =IF($D50="","",IF($D50=BO$16,$BA50,"")) | BP50: =IF($D50="","",IF($D50=BP$16,$BA50,"")) | BQ50: =IF($D50="","",IF($D50=BQ$16,$BA50,"")) | ... BS50: =IF($D50="","",IF($D50=BS$16,$BA50,"")) | BT50: =IF(BA50="","",BA50-SUM(BJ50:BS50)) -> 0
A51: =CONCATENATE($C51,"-",$E51) -> A3-09-x | B51: =IF(E51="","",SUBTOTAL(3,$E$43:E51)) -> 9 | C51: =IF(E51="","",IF(B51<10,CONCATENATE($C$42,"-0",B51),CONCATENATE($C$42,"-",B51))) -> A3-09 | E51: x | L51: =IF(E51="","",(G51*I51*J51)) -> 0 | M51: 1 | N51: =IF(L51="","",IF(L51=0,0,(L51/M51))) -> 0 | O51: =IF(N51="","", IF($O$8="","",N51/$O$8)) | Q51: =LEFT(C51) -> A | S51: =IF(C51="","",CONCATENATE(C51,"|",E51)) -> A3-09|x | W51: =IF($D51="","",IF($D51=W$16,$N51,"")) | X51: =IF($D51="","",IF($D51=X$16,$N51,"")) | Y51: =IF($D51="","",IF($D51=Y$16,$N51,"")) | Z51: =IF($D51="","",IF($D51=Z$16,$N51,"")) | AA51: =IF($D51="","",IF($D51=AA$16,$N51,"")) | AB51: =IF($D51="","",IF($D51=AB$16,$N51,"")) | AC51: =IF($D51="","",IF($D51=AC$16,$N51,"")) | AD51: =IF($D51="","",IF($D51=AD$16,$N51,"")) | ... AF51: =IF($D51="","",IF($D51=AF$16,$N51,"")) | AG51: =IF(N51="","",N51-SUM(W51:AF51)) -> 0 | AM51: =REPORT!H68 -> 0 | AN51: =N51-AM51 -> 0 | AQ51: =F51 -> 0 | AR51: =G51 -> 0 | AS51: =H51 -> 0 | AT51: =I51 -> 0 | AU51: =J51 -> 0 | AV51: =K51 -> 0 | AW51: =IF(E51="","",ROUND(AR51*AT51*AU51,2)) -> 0 | AX51: =M51 -> 1 | AY51: =IF(AW51="","",IF(AW51=0,0,ROUND(AW51/AX51,0))) -> 0 | BA51: =AM51+AY51 -> 0 | BB51: =IF(BA51="","", IF($O$8="","",BA51/$O$8)) | BE51: =BA51-N51 -> 0 | BF51: =BE51/N51 -> #DIV/0! | BJ51: =IF($D51="","",IF($D51=BJ$16,$BA51,"")) | BK51: =IF($D51="","",IF($D51=BK$16,$BA51,"")) | BL51: =IF($D51="","",IF($D51=BL$16,$BA51,"")) | BM51: =IF($D51="","",IF($D51=BM$16,$BA51,"")) | BN51: =IF($D51="","",IF($D51=BN$16,$BA51,"")) | BO51: =IF($D51="","",IF($D51=BO$16,$BA51,"")) | BP51: =IF($D51="","",IF($D51=BP$16,$BA51,"")) | BQ51: =IF($D51="","",IF($D51=BQ$16,$BA51,"")) | ... BS51: =IF($D51="","",IF($D51=BS$16,$BA51,"")) | BT51: =IF(BA51="","",BA51-SUM(BJ51:BS51)) -> 0
A52: =CONCATENATE($C52,"-",$E52) -> A3-10-x | B52: =IF(E52="","",SUBTOTAL(3,$E$43:E52)) -> 10 | C52: =IF(E52="","",IF(B52<10,CONCATENATE($C$42,"-0",B52),CONCATENATE($C$42,"-",B52))) -> A3-10 | E52: x | L52: =IF(E52="","",(G52*I52*J52)) -> 0 | M52: 1 | N52: =IF(L52="","",IF(L52=0,0,(L52/M52))) -> 0 | O52: =IF(N52="","", IF($O$8="","",N52/$O$8)) | Q52: =LEFT(C52) -> A | S52: =IF(C52="","",CONCATENATE(C52,"|",E52)) -> A3-10|x | W52: =IF($D52="","",IF($D52=W$16,$N52,"")) | X52: =IF($D52="","",IF($D52=X$16,$N52,"")) | Y52: =IF($D52="","",IF($D52=Y$16,$N52,"")) | Z52: =IF($D52="","",IF($D52=Z$16,$N52,"")) | AA52: =IF($D52="","",IF($D52=AA$16,$N52,"")) | AB52: =IF($D52="","",IF($D52=AB$16,$N52,"")) | AC52: =IF($D52="","",IF($D52=AC$16,$N52,"")) | AD52: =IF($D52="","",IF($D52=AD$16,$N52,"")) | ... AF52: =IF($D52="","",IF($D52=AF$16,$N52,"")) | AG52: =IF(N52="","",N52-SUM(W52:AF52)) -> 0 | AM52: =REPORT!H69 -> 0 | AN52: =N52-AM52 -> 0 | AQ52: =F52 -> 0 | AR52: =G52 -> 0 | AS52: =H52 -> 0 | AT52: =I52 -> 0 | AU52: =J52 -> 0 | AV52: =K52 -> 0 | AW52: =IF(E52="","",ROUND(AR52*AT52*AU52,2)) -> 0 | AX52: =M52 -> 1 | AY52: =IF(AW52="","",IF(AW52=0,0,ROUND(AW52/AX52,0))) -> 0 | BA52: =AM52+AY52 -> 0 | BB52: =IF(BA52="","", IF($O$8="","",BA52/$O$8)) | BE52: =BA52-N52 -> 0 | BF52: =BE52/N52 -> #DIV/0! | BJ52: =IF($D52="","",IF($D52=BJ$16,$BA52,"")) | BK52: =IF($D52="","",IF($D52=BK$16,$BA52,"")) | BL52: =IF($D52="","",IF($D52=BL$16,$BA52,"")) | BM52: =IF($D52="","",IF($D52=BM$16,$BA52,"")) | BN52: =IF($D52="","",IF($D52=BN$16,$BA52,"")) | BO52: =IF($D52="","",IF($D52=BO$16,$BA52,"")) | BP52: =IF($D52="","",IF($D52=BP$16,$BA52,"")) | BQ52: =IF($D52="","",IF($D52=BQ$16,$BA52,"")) | ... BS52: =IF($D52="","",IF($D52=BS$16,$BA52,"")) | BT52: =IF(BA52="","",BA52-SUM(BJ52:BS52)) -> 0
C53: A4 | E53: A4. Consultants and other staff costs | N53: =SUM(N54:N63) -> 0 | O53: =IF(N53="","", IF($O$8="","",N53/$O$8)) | P53: =IF(OR(N53="",N53=0),"",N53/$N$221) | Q53: =LEFT(C53) -> A | W53: =SUM(W54:W63) -> 0 | X53: =SUM(X54:X63) -> 0 | Y53: =SUM(Y54:Y63) -> 0 | Z53: =SUM(Z54:Z63) -> 0 | AA53: =SUM(AA54:AA63) -> 0 | AB53: =SUM(AB54:AB63) -> 0 | AC53: =SUM(AC54:AC63) -> 0 | AD53: =SUM(AD54:AD63) -> 0 | ... AF53: =SUM(AF54:AF63) -> 0 | AG53: =IF(N53="","",N53-SUM(W53:AF53)) -> 0 | AM53: =SUM(AM54:AM63) -> 0 | AN53: =N53-AM53 -> 0 | AY53: =SUM(AY54:AY63) -> 0 | BA53: =SUM(BA54:BA63) -> 0 | BB53: =IF(BA53="","", IF($O$8="","",BA53/$O$8)) | BC53: =IF(OR(BA53="",BA53=0),"",BA53/$BA$221) | BE53: =SUM(BE54:BE63) -> 0 | BF53: =BE53/N53 -> #DIV/0! | BJ53: =SUM(BJ54:BJ63) -> 0 | BK53: =SUM(BK54:BK63) -> 0 | BL53: =SUM(BL54:BL63) -> 0 | BM53: =SUM(BM54:BM63) -> 0 | BN53: =SUM(BN54:BN63) -> 0 | BO53: =SUM(BO54:BO63) -> 0 | BP53: =SUM(BP54:BP63) -> 0 | BQ53: =SUM(BQ54:BQ63) -> 0 | ... BS53: =SUM(BS54:BS63) -> 0 | BT53: =IF(BA53="","",BA53-SUM(BJ53:BS53)) -> 0
A54: =CONCATENATE($C54,"-",$E54) -> A4-01-x | B54: =IF(E54="","",SUBTOTAL(3,$E$54:E54)) -> 1 | C54: =IF(E54="","",IF(B54<10,CONCATENATE($C$53,"-0",B54),CONCATENATE($C$53,"-",B54))) -> A4-01 | E54: x | L54: =IF(E54="","",(G54*I54*J54)) -> 0 | M54: 1 | N54: =IF(L54="","",IF(L54=0,0,(L54/M54))) -> 0 | O54: =IF(N54="","", IF($O$8="","",N54/$O$8)) | Q54: =LEFT(C54) -> A | S54: =IF(C54="","",CONCATENATE(C54,"|",E54)) -> A4-01|x | W54: =IF($D54="","",IF($D54=W$16,$N54,"")) | X54: =IF($D54="","",IF($D54=X$16,$N54,"")) | Y54: =IF($D54="","",IF($D54=Y$16,$N54,"")) | Z54: =IF($D54="","",IF($D54=Z$16,$N54,"")) | AA54: =IF($D54="","",IF($D54=AA$16,$N54,"")) | AB54: =IF($D54="","",IF($D54=AB$16,$N54,"")) | AC54: =IF($D54="","",IF($D54=AC$16,$N54,"")) | AD54: =IF($D54="","",IF($D54=AD$16,$N54,"")) | ... AF54: =IF($D54="","",IF($D54=AF$16,$N54,"")) | AG54: =IF(N54="","",N54-SUM(W54:AF54)) -> 0 | AM54: =REPORT!H71 -> 0 | AN54: =N54-AM54 -> 0 | AQ54: =F54 -> 0 | AR54: =G54 -> 0 | AS54: =H54 -> 0 | AT54: =I54 -> 0 | AU54: =J54 -> 0 | AV54: =K54 -> 0 | AW54: =IF(E54="","",ROUND(AR54*AT54*AU54,2)) -> 0 | AX54: =M54 -> 1 | AY54: =IF(AW54="","",IF(AW54=0,0,ROUND(AW54/AX54,0))) -> 0 | BA54: =AM54+AY54 -> 0 | BB54: =IF(BA54="","", IF($O$8="","",BA54/$O$8)) | BE54: =BA54-N54 -> 0 | BF54: =BE54/N54 -> #DIV/0! | BJ54: =IF($D54="","",IF($D54=BJ$16,$BA54,"")) | BK54: =IF($D54="","",IF($D54=BK$16,$BA54,"")) | BL54: =IF($D54="","",IF($D54=BL$16,$BA54,"")) | BM54: =IF($D54="","",IF($D54=BM$16,$BA54,"")) | BN54: =IF($D54="","",IF($D54=BN$16,$BA54,"")) | BO54: =IF($D54="","",IF($D54=BO$16,$BA54,"")) | BP54: =IF($D54="","",IF($D54=BP$16,$BA54,"")) | BQ54: =IF($D54="","",IF($D54=BQ$16,$BA54,"")) | ... BS54: =IF($D54="","",IF($D54=BS$16,$BA54,"")) | BT54: =IF(BA54="","",BA54-SUM(BJ54:BS54)) -> 0
A55: =CONCATENATE($C55,"-",$E55) -> A4-02-x | B55: =IF(E55="","",SUBTOTAL(3,$E$54:E55)) -> 2 | C55: =IF(E55="","",IF(B55<10,CONCATENATE($C$53,"-0",B55),CONCATENATE($C$53,"-",B55))) -> A4-02 | E55: x | L55: =IF(E55="","",(G55*I55*J55)) -> 0 | M55: 1 | N55: =IF(L55="","",IF(L55=0,0,(L55/M55))) -> 0 | O55: =IF(N55="","", IF($O$8="","",N55/$O$8)) | Q55: =LEFT(C55) -> A | S55: =IF(C55="","",CONCATENATE(C55,"|",E55)) -> A4-02|x | W55: =IF($D55="","",IF($D55=W$16,$N55,"")) | X55: =IF($D55="","",IF($D55=X$16,$N55,"")) | Y55: =IF($D55="","",IF($D55=Y$16,$N55,"")) | Z55: =IF($D55="","",IF($D55=Z$16,$N55,"")) | AA55: =IF($D55="","",IF($D55=AA$16,$N55,"")) | AB55: =IF($D55="","",IF($D55=AB$16,$N55,"")) | AC55: =IF($D55="","",IF($D55=AC$16,$N55,"")) | AD55: =IF($D55="","",IF($D55=AD$16,$N55,"")) | ... AF55: =IF($D55="","",IF($D55=AF$16,$N55,"")) | AG55: =IF(N55="","",N55-SUM(W55:AF55)) -> 0 | AM55: =REPORT!H72 -> 0 | AN55: =N55-AM55 -> 0 | AQ55: =F55 -> 0 | AR55: =G55 -> 0 | AS55: =H55 -> 0 | AT55: =I55 -> 0 | AU55: =J55 -> 0 | AV55: =K55 -> 0 | AW55: =IF(E55="","",ROUND(AR55*AT55*AU55,2)) -> 0 | AX55: =M55 -> 1 | AY55: =IF(AW55="","",IF(AW55=0,0,ROUND(AW55/AX55,0))) -> 0 | BA55: =AM55+AY55 -> 0 | BB55: =IF(BA55="","", IF($O$8="","",BA55/$O$8)) | BE55: =BA55-N55 -> 0 | BF55: =BE55/N55 -> #DIV/0! | BJ55: =IF($D55="","",IF($D55=BJ$16,$BA55,"")) | BK55: =IF($D55="","",IF($D55=BK$16,$BA55,"")) | BL55: =IF($D55="","",IF($D55=BL$16,$BA55,"")) | BM55: =IF($D55="","",IF($D55=BM$16,$BA55,"")) | BN55: =IF($D55="","",IF($D55=BN$16,$BA55,"")) | BO55: =IF($D55="","",IF($D55=BO$16,$BA55,"")) | BP55: =IF($D55="","",IF($D55=BP$16,$BA55,"")) | BQ55: =IF($D55="","",IF($D55=BQ$16,$BA55,"")) | ... BS55: =IF($D55="","",IF($D55=BS$16,$BA55,"")) | BT55: =IF(BA55="","",BA55-SUM(BJ55:BS55)) -> 0
A56: =CONCATENATE($C56,"-",$E56) -> A4-03-x | B56: =IF(E56="","",SUBTOTAL(3,$E$54:E56)) -> 3 | C56: =IF(E56="","",IF(B56<10,CONCATENATE($C$53,"-0",B56),CONCATENATE($C$53,"-",B56))) -> A4-03 | E56: x | L56: =IF(E56="","",(G56*I56*J56)) -> 0 | M56: 1 | N56: =IF(L56="","",IF(L56=0,0,(L56/M56))) -> 0 | O56: =IF(N56="","", IF($O$8="","",N56/$O$8)) | Q56: =LEFT(C56) -> A | S56: =IF(C56="","",CONCATENATE(C56,"|",E56)) -> A4-03|x | W56: =IF($D56="","",IF($D56=W$16,$N56,"")) | X56: =IF($D56="","",IF($D56=X$16,$N56,"")) | Y56: =IF($D56="","",IF($D56=Y$16,$N56,"")) | Z56: =IF($D56="","",IF($D56=Z$16,$N56,"")) | AA56: =IF($D56="","",IF($D56=AA$16,$N56,"")) | AB56: =IF($D56="","",IF($D56=AB$16,$N56,"")) | AC56: =IF($D56="","",IF($D56=AC$16,$N56,"")) | AD56: =IF($D56="","",IF($D56=AD$16,$N56,"")) | ... AF56: =IF($D56="","",IF($D56=AF$16,$N56,"")) | AG56: =IF(N56="","",N56-SUM(W56:AF56)) -> 0 | AM56: =REPORT!H73 -> 0 | AN56: =N56-AM56 -> 0 | AQ56: =F56 -> 0 | AR56: =G56 -> 0 | AS56: =H56 -> 0 | AT56: =I56 -> 0 | AU56: =J56 -> 0 | AV56: =K56 -> 0 | AW56: =IF(E56="","",ROUND(AR56*AT56*AU56,2)) -> 0 | AX56: =M56 -> 1 | AY56: =IF(AW56="","",IF(AW56=0,0,ROUND(AW56/AX56,0))) -> 0 | BA56: =AM56+AY56 -> 0 | BB56: =IF(BA56="","", IF($O$8="","",BA56/$O$8)) | BE56: =BA56-N56 -> 0 | BF56: =BE56/N56 -> #DIV/0! | BJ56: =IF($D56="","",IF($D56=BJ$16,$BA56,"")) | BK56: =IF($D56="","",IF($D56=BK$16,$BA56,"")) | BL56: =IF($D56="","",IF($D56=BL$16,$BA56,"")) | BM56: =IF($D56="","",IF($D56=BM$16,$BA56,"")) | BN56: =IF($D56="","",IF($D56=BN$16,$BA56,"")) | BO56: =IF($D56="","",IF($D56=BO$16,$BA56,"")) | BP56: =IF($D56="","",IF($D56=BP$16,$BA56,"")) | BQ56: =IF($D56="","",IF($D56=BQ$16,$BA56,"")) | ... BS56: =IF($D56="","",IF($D56=BS$16,$BA56,"")) | BT56: =IF(BA56="","",BA56-SUM(BJ56:BS56)) -> 0
A57: =CONCATENATE($C57,"-",$E57) -> A4-04-x | B57: =IF(E57="","",SUBTOTAL(3,$E$54:E57)) -> 4 | C57: =IF(E57="","",IF(B57<10,CONCATENATE($C$53,"-0",B57),CONCATENATE($C$53,"-",B57))) -> A4-04 | E57: x | L57: =IF(E57="","",(G57*I57*J57)) -> 0 | M57: 1 | N57: =IF(L57="","",IF(L57=0,0,(L57/M57))) -> 0 | O57: =IF(N57="","", IF($O$8="","",N57/$O$8)) | Q57: =LEFT(C57) -> A | S57: =IF(C57="","",CONCATENATE(C57,"|",E57)) -> A4-04|x | W57: =IF($D57="","",IF($D57=W$16,$N57,"")) | X57: =IF($D57="","",IF($D57=X$16,$N57,"")) | Y57: =IF($D57="","",IF($D57=Y$16,$N57,"")) | Z57: =IF($D57="","",IF($D57=Z$16,$N57,"")) | AA57: =IF($D57="","",IF($D57=AA$16,$N57,"")) | AB57: =IF($D57="","",IF($D57=AB$16,$N57,"")) | AC57: =IF($D57="","",IF($D57=AC$16,$N57,"")) | AD57: =IF($D57="","",IF($D57=AD$16,$N57,"")) | ... AF57: =IF($D57="","",IF($D57=AF$16,$N57,"")) | AG57: =IF(N57="","",N57-SUM(W57:AF57)) -> 0 | AM57: =REPORT!H74 -> 0 | AN57: =N57-AM57 -> 0 | AQ57: =F57 -> 0 | AR57: =G57 -> 0 | AS57: =H57 -> 0 | AT57: =I57 -> 0 | AU57: =J57 -> 0 | AV57: =K57 -> 0 | AW57: =IF(E57="","",ROUND(AR57*AT57*AU57,2)) -> 0 | AX57: =M57 -> 1 | AY57: =IF(AW57="","",IF(AW57=0,0,ROUND(AW57/AX57,0))) -> 0 | BA57: =AM57+AY57 -> 0 | BB57: =IF(BA57="","", IF($O$8="","",BA57/$O$8)) | BE57: =BA57-N57 -> 0 | BF57: =BE57/N57 -> #DIV/0! | BJ57: =IF($D57="","",IF($D57=BJ$16,$BA57,"")) | BK57: =IF($D57="","",IF($D57=BK$16,$BA57,"")) | BL57: =IF($D57="","",IF($D57=BL$16,$BA57,"")) | BM57: =IF($D57="","",IF($D57=BM$16,$BA57,"")) | BN57: =IF($D57="","",IF($D57=BN$16,$BA57,"")) | BO57: =IF($D57="","",IF($D57=BO$16,$BA57,"")) | BP57: =IF($D57="","",IF($D57=BP$16,$BA57,"")) | BQ57: =IF($D57="","",IF($D57=BQ$16,$BA57,"")) | ... BS57: =IF($D57="","",IF($D57=BS$16,$BA57,"")) | BT57: =IF(BA57="","",BA57-SUM(BJ57:BS57)) -> 0
A58: =CONCATENATE($C58,"-",$E58) -> A4-05-x | B58: =IF(E58="","",SUBTOTAL(3,$E$54:E58)) -> 5 | C58: =IF(E58="","",IF(B58<10,CONCATENATE($C$53,"-0",B58),CONCATENATE($C$53,"-",B58))) -> A4-05 | E58: x | L58: =IF(E58="","",(G58*I58*J58)) -> 0 | M58: 1 | N58: =IF(L58="","",IF(L58=0,0,(L58/M58))) -> 0 | O58: =IF(N58="","", IF($O$8="","",N58/$O$8)) | Q58: =LEFT(C58) -> A | S58: =IF(C58="","",CONCATENATE(C58,"|",E58)) -> A4-05|x | W58: =IF($D58="","",IF($D58=W$16,$N58,"")) | X58: =IF($D58="","",IF($D58=X$16,$N58,"")) | Y58: =IF($D58="","",IF($D58=Y$16,$N58,"")) | Z58: =IF($D58="","",IF($D58=Z$16,$N58,"")) | AA58: =IF($D58="","",IF($D58=AA$16,$N58,"")) | AB58: =IF($D58="","",IF($D58=AB$16,$N58,"")) | AC58: =IF($D58="","",IF($D58=AC$16,$N58,"")) | AD58: =IF($D58="","",IF($D58=AD$16,$N58,"")) | ... AF58: =IF($D58="","",IF($D58=AF$16,$N58,"")) | AG58: =IF(N58="","",N58-SUM(W58:AF58)) -> 0 | AM58: =REPORT!H75 -> 0 | AN58: =N58-AM58 -> 0 | AQ58: =F58 -> 0 | AR58: =G58 -> 0 | AS58: =H58 -> 0 | AT58: =I58 -> 0 | AU58: =J58 -> 0 | AV58: =K58 -> 0 | AW58: =IF(E58="","",ROUND(AR58*AT58*AU58,2)) -> 0 | AX58: =M58 -> 1 | AY58: =IF(AW58="","",IF(AW58=0,0,ROUND(AW58/AX58,0))) -> 0 | BA58: =AM58+AY58 -> 0 | BB58: =IF(BA58="","", IF($O$8="","",BA58/$O$8)) | BE58: =BA58-N58 -> 0 | BF58: =BE58/N58 -> #DIV/0! | BJ58: =IF($D58="","",IF($D58=BJ$16,$BA58,"")) | BK58: =IF($D58="","",IF($D58=BK$16,$BA58,"")) | BL58: =IF($D58="","",IF($D58=BL$16,$BA58,"")) | BM58: =IF($D58="","",IF($D58=BM$16,$BA58,"")) | BN58: =IF($D58="","",IF($D58=BN$16,$BA58,"")) | BO58: =IF($D58="","",IF($D58=BO$16,$BA58,"")) | BP58: =IF($D58="","",IF($D58=BP$16,$BA58,"")) | BQ58: =IF($D58="","",IF($D58=BQ$16,$BA58,"")) | ... BS58: =IF($D58="","",IF($D58=BS$16,$BA58,"")) | BT58: =IF(BA58="","",BA58-SUM(BJ58:BS58)) -> 0
A59: =CONCATENATE($C59,"-",$E59) -> A4-06-x | B59: =IF(E59="","",SUBTOTAL(3,$E$54:E59)) -> 6 | C59: =IF(E59="","",IF(B59<10,CONCATENATE($C$53,"-0",B59),CONCATENATE($C$53,"-",B59))) -> A4-06 | E59: x | L59: =IF(E59="","",(G59*I59*J59)) -> 0 | M59: 1 | N59: =IF(L59="","",IF(L59=0,0,(L59/M59))) -> 0 | O59: =IF(N59="","", IF($O$8="","",N59/$O$8)) | Q59: =LEFT(C59) -> A | S59: =IF(C59="","",CONCATENATE(C59,"|",E59)) -> A4-06|x | W59: =IF($D59="","",IF($D59=W$16,$N59,"")) | X59: =IF($D59="","",IF($D59=X$16,$N59,"")) | Y59: =IF($D59="","",IF($D59=Y$16,$N59,"")) | Z59: =IF($D59="","",IF($D59=Z$16,$N59,"")) | AA59: =IF($D59="","",IF($D59=AA$16,$N59,"")) | AB59: =IF($D59="","",IF($D59=AB$16,$N59,"")) | AC59: =IF($D59="","",IF($D59=AC$16,$N59,"")) | AD59: =IF($D59="","",IF($D59=AD$16,$N59,"")) | ... AF59: =IF($D59="","",IF($D59=AF$16,$N59,"")) | AG59: =IF(N59="","",N59-SUM(W59:AF59)) -> 0 | AM59: =REPORT!H76 -> 0 | AN59: =N59-AM59 -> 0 | AQ59: =F59 -> 0 | AR59: =G59 -> 0 | AS59: =H59 -> 0 | AT59: =I59 -> 0 | AU59: =J59 -> 0 | AV59: =K59 -> 0 | AW59: =IF(E59="","",ROUND(AR59*AT59*AU59,2)) -> 0 | AX59: =M59 -> 1 | AY59: =IF(AW59="","",IF(AW59=0,0,ROUND(AW59/AX59,0))) -> 0 | BA59: =AM59+AY59 -> 0 | BB59: =IF(BA59="","", IF($O$8="","",BA59/$O$8)) | BE59: =BA59-N59 -> 0 | BF59: =BE59/N59 -> #DIV/0! | BJ59: =IF($D59="","",IF($D59=BJ$16,$BA59,"")) | BK59: =IF($D59="","",IF($D59=BK$16,$BA59,"")) | BL59: =IF($D59="","",IF($D59=BL$16,$BA59,"")) | BM59: =IF($D59="","",IF($D59=BM$16,$BA59,"")) | BN59: =IF($D59="","",IF($D59=BN$16,$BA59,"")) | BO59: =IF($D59="","",IF($D59=BO$16,$BA59,"")) | BP59: =IF($D59="","",IF($D59=BP$16,$BA59,"")) | BQ59: =IF($D59="","",IF($D59=BQ$16,$BA59,"")) | ... BS59: =IF($D59="","",IF($D59=BS$16,$BA59,"")) | BT59: =IF(BA59="","",BA59-SUM(BJ59:BS59)) -> 0
A60: =CONCATENATE($C60,"-",$E60) -> A4-07-x | B60: =IF(E60="","",SUBTOTAL(3,$E$54:E60)) -> 7 | C60: =IF(E60="","",IF(B60<10,CONCATENATE($C$53,"-0",B60),CONCATENATE($C$53,"-",B60))) -> A4-07 | E60: x | L60: =IF(E60="","",(G60*I60*J60)) -> 0 | M60: 1 | N60: =IF(L60="","",IF(L60=0,0,(L60/M60))) -> 0 | O60: =IF(N60="","", IF($O$8="","",N60/$O$8)) | Q60: =LEFT(C60) -> A | S60: =IF(C60="","",CONCATENATE(C60,"|",E60)) -> A4-07|x | W60: =IF($D60="","",IF($D60=W$16,$N60,"")) | X60: =IF($D60="","",IF($D60=X$16,$N60,"")) | Y60: =IF($D60="","",IF($D60=Y$16,$N60,"")) | Z60: =IF($D60="","",IF($D60=Z$16,$N60,"")) | AA60: =IF($D60="","",IF($D60=AA$16,$N60,"")) | AB60: =IF($D60="","",IF($D60=AB$16,$N60,"")) | AC60: =IF($D60="","",IF($D60=AC$16,$N60,"")) | AD60: =IF($D60="","",IF($D60=AD$16,$N60,"")) | ... AF60: =IF($D60="","",IF($D60=AF$16,$N60,"")) | AG60: =IF(N60="","",N60-SUM(W60:AF60)) -> 0 | AM60: =REPORT!H77 -> 0 | AN60: =N60-AM60 -> 0 | AQ60: =F60 -> 0 | AR60: =G60 -> 0 | AS60: =H60 -> 0 | AT60: =I60 -> 0 | AU60: =J60 -> 0 | AV60: =K60 -> 0 | AW60: =IF(E60="","",ROUND(AR60*AT60*AU60,2)) -> 0 | AX60: =M60 -> 1 | AY60: =IF(AW60="","",IF(AW60=0,0,ROUND(AW60/AX60,0))) -> 0 | BA60: =AM60+AY60 -> 0 | BB60: =IF(BA60="","", IF($O$8="","",BA60/$O$8)) | BE60: =BA60-N60 -> 0 | BF60: =BE60/N60 -> #DIV/0! | BJ60: =IF($D60="","",IF($D60=BJ$16,$BA60,"")) | BK60: =IF($D60="","",IF($D60=BK$16,$BA60,"")) | BL60: =IF($D60="","",IF($D60=BL$16,$BA60,"")) | BM60: =IF($D60="","",IF($D60=BM$16,$BA60,"")) | BN60: =IF($D60="","",IF($D60=BN$16,$BA60,"")) | BO60: =IF($D60="","",IF($D60=BO$16,$BA60,"")) | BP60: =IF($D60="","",IF($D60=BP$16,$BA60,"")) | BQ60: =IF($D60="","",IF($D60=BQ$16,$BA60,"")) | ... BS60: =IF($D60="","",IF($D60=BS$16,$BA60,"")) | BT60: =IF(BA60="","",BA60-SUM(BJ60:BS60)) -> 0
A61: =CONCATENATE($C61,"-",$E61) -> A4-08-x | B61: =IF(E61="","",SUBTOTAL(3,$E$54:E61)) -> 8 | C61: =IF(E61="","",IF(B61<10,CONCATENATE($C$53,"-0",B61),CONCATENATE($C$53,"-",B61))) -> A4-08 | E61: x | L61: =IF(E61="","",(G61*I61*J61)) -> 0 | M61: 1 | N61: =IF(L61="","",IF(L61=0,0,(L61/M61))) -> 0 | O61: =IF(N61="","", IF($O$8="","",N61/$O$8)) | Q61: =LEFT(C61) -> A | S61: =IF(C61="","",CONCATENATE(C61,"|",E61)) -> A4-08|x | W61: =IF($D61="","",IF($D61=W$16,$N61,"")) | X61: =IF($D61="","",IF($D61=X$16,$N61,"")) | Y61: =IF($D61="","",IF($D61=Y$16,$N61,"")) | Z61: =IF($D61="","",IF($D61=Z$16,$N61,"")) | AA61: =IF($D61="","",IF($D61=AA$16,$N61,"")) | AB61: =IF($D61="","",IF($D61=AB$16,$N61,"")) | AC61: =IF($D61="","",IF($D61=AC$16,$N61,"")) | AD61: =IF($D61="","",IF($D61=AD$16,$N61,"")) | ... AF61: =IF($D61="","",IF($D61=AF$16,$N61,"")) | AG61: =IF(N61="","",N61-SUM(W61:AF61)) -> 0 | AM61: =REPORT!H78 -> 0 | AN61: =N61-AM61 -> 0 | AQ61: =F61 -> 0 | AR61: =G61 -> 0 | AS61: =H61 -> 0 | AT61: =I61 -> 0 | AU61: =J61 -> 0 | AV61: =K61 -> 0 | AW61: =IF(E61="","",ROUND(AR61*AT61*AU61,2)) -> 0 | AX61: =M61 -> 1 | AY61: =IF(AW61="","",IF(AW61=0,0,ROUND(AW61/AX61,0))) -> 0 | BA61: =AM61+AY61 -> 0 | BB61: =IF(BA61="","", IF($O$8="","",BA61/$O$8)) | BE61: =BA61-N61 -> 0 | BF61: =BE61/N61 -> #DIV/0! | BJ61: =IF($D61="","",IF($D61=BJ$16,$BA61,"")) | BK61: =IF($D61="","",IF($D61=BK$16,$BA61,"")) | BL61: =IF($D61="","",IF($D61=BL$16,$BA61,"")) | BM61: =IF($D61="","",IF($D61=BM$16,$BA61,"")) | BN61: =IF($D61="","",IF($D61=BN$16,$BA61,"")) | BO61: =IF($D61="","",IF($D61=BO$16,$BA61,"")) | BP61: =IF($D61="","",IF($D61=BP$16,$BA61,"")) | BQ61: =IF($D61="","",IF($D61=BQ$16,$BA61,"")) | ... BS61: =IF($D61="","",IF($D61=BS$16,$BA61,"")) | BT61: =IF(BA61="","",BA61-SUM(BJ61:BS61)) -> 0
A62: =CONCATENATE($C62,"-",$E62) -> A4-09-x | B62: =IF(E62="","",SUBTOTAL(3,$E$54:E62)) -> 9 | C62: =IF(E62="","",IF(B62<10,CONCATENATE($C$53,"-0",B62),CONCATENATE($C$53,"-",B62))) -> A4-09 | E62: x | L62: =IF(E62="","",(G62*I62*J62)) -> 0 | M62: 1 | N62: =IF(L62="","",IF(L62=0,0,(L62/M62))) -> 0 | O62: =IF(N62="","", IF($O$8="","",N62/$O$8)) | Q62: =LEFT(C62) -> A | S62: =IF(C62="","",CONCATENATE(C62,"|",E62)) -> A4-09|x | W62: =IF($D62="","",IF($D62=W$16,$N62,"")) | X62: =IF($D62="","",IF($D62=X$16,$N62,"")) | Y62: =IF($D62="","",IF($D62=Y$16,$N62,"")) | Z62: =IF($D62="","",IF($D62=Z$16,$N62,"")) | AA62: =IF($D62="","",IF($D62=AA$16,$N62,"")) | AB62: =IF($D62="","",IF($D62=AB$16,$N62,"")) | AC62: =IF($D62="","",IF($D62=AC$16,$N62,"")) | AD62: =IF($D62="","",IF($D62=AD$16,$N62,"")) | ... AF62: =IF($D62="","",IF($D62=AF$16,$N62,"")) | AG62: =IF(N62="","",N62-SUM(W62:AF62)) -> 0 | AM62: =REPORT!H79 -> 0 | AN62: =N62-AM62 -> 0 | AQ62: =F62 -> 0 | AR62: =G62 -> 0 | AS62: =H62 -> 0 | AT62: =I62 -> 0 | AU62: =J62 -> 0 | AV62: =K62 -> 0 | AW62: =IF(E62="","",ROUND(AR62*AT62*AU62,2)) -> 0 | AX62: =M62 -> 1 | AY62: =IF(AW62="","",IF(AW62=0,0,ROUND(AW62/AX62,0))) -> 0 | BA62: =AM62+AY62 -> 0 | BB62: =IF(BA62="","", IF($O$8="","",BA62/$O$8)) | BE62: =BA62-N62 -> 0 | BF62: =BE62/N62 -> #DIV/0! | BJ62: =IF($D62="","",IF($D62=BJ$16,$BA62,"")) | BK62: =IF($D62="","",IF($D62=BK$16,$BA62,"")) | BL62: =IF($D62="","",IF($D62=BL$16,$BA62,"")) | BM62: =IF($D62="","",IF($D62=BM$16,$BA62,"")) | BN62: =IF($D62="","",IF($D62=BN$16,$BA62,"")) | BO62: =IF($D62="","",IF($D62=BO$16,$BA62,"")) | BP62: =IF($D62="","",IF($D62=BP$16,$BA62,"")) | BQ62: =IF($D62="","",IF($D62=BQ$16,$BA62,"")) | ... BS62: =IF($D62="","",IF($D62=BS$16,$BA62,"")) | BT62: =IF(BA62="","",BA62-SUM(BJ62:BS62)) -> 0
A63: =CONCATENATE($C63,"-",$E63) -> A4-10-x | B63: =IF(E63="","",SUBTOTAL(3,$E$54:E63)) -> 10 | C63: =IF(E63="","",IF(B63<10,CONCATENATE($C$53,"-0",B63),CONCATENATE($C$53,"-",B63))) -> A4-10 | E63: x | L63: =IF(E63="","",(G63*I63*J63)) -> 0 | M63: 1 | N63: =IF(L63="","",IF(L63=0,0,(L63/M63))) -> 0 | O63: =IF(N63="","", IF($O$8="","",N63/$O$8)) | Q63: =LEFT(C63) -> A | S63: =IF(C63="","",CONCATENATE(C63,"|",E63)) -> A4-10|x | W63: =IF($D63="","",IF($D63=W$16,$N63,"")) | X63: =IF($D63="","",IF($D63=X$16,$N63,"")) | Y63: =IF($D63="","",IF($D63=Y$16,$N63,"")) | Z63: =IF($D63="","",IF($D63=Z$16,$N63,"")) | AA63: =IF($D63="","",IF($D63=AA$16,$N63,"")) | AB63: =IF($D63="","",IF($D63=AB$16,$N63,"")) | AC63: =IF($D63="","",IF($D63=AC$16,$N63,"")) | AD63: =IF($D63="","",IF($D63=AD$16,$N63,"")) | ... AF63: =IF($D63="","",IF($D63=AF$16,$N63,"")) | AG63: =IF(N63="","",N63-SUM(W63:AF63)) -> 0 | AM63: =REPORT!H80 -> 0 | AN63: =N63-AM63 -> 0 | AQ63: =F63 -> 0 | AR63: =G63 -> 0 | AS63: =H63 -> 0 | AT63: =I63 -> 0 | AU63: =J63 -> 0 | AV63: =K63 -> 0 | AW63: =IF(E63="","",ROUND(AR63*AT63*AU63,2)) -> 0 | AX63: =M63 -> 1 | AY63: =IF(AW63="","",IF(AW63=0,0,ROUND(AW63/AX63,0))) -> 0 | BA63: =AM63+AY63 -> 0 | BB63: =IF(BA63="","", IF($O$8="","",BA63/$O$8)) | BE63: =BA63-N63 -> 0 | BF63: =BE63/N63 -> #DIV/0! | BJ63: =IF($D63="","",IF($D63=BJ$16,$BA63,"")) | BK63: =IF($D63="","",IF($D63=BK$16,$BA63,"")) | BL63: =IF($D63="","",IF($D63=BL$16,$BA63,"")) | BM63: =IF($D63="","",IF($D63=BM$16,$BA63,"")) | BN63: =IF($D63="","",IF($D63=BN$16,$BA63,"")) | BO63: =IF($D63="","",IF($D63=BO$16,$BA63,"")) | BP63: =IF($D63="","",IF($D63=BP$16,$BA63,"")) | BQ63: =IF($D63="","",IF($D63=BQ$16,$BA63,"")) | ... BS63: =IF($D63="","",IF($D63=BS$16,$BA63,"")) | BT63: =IF(BA63="","",BA63-SUM(BJ63:BS63)) -> 0
B64: B | C64: PROJECT ACTIVITIES | N64: =SUM(N65:N174)/2 -> 0 | O64: =IF(N64="","", IF($O$8="","",N64/$O$8)) | P64: =IF(OR(N64="",N64=0),"",N64/$N$221) | Q64: =LEFT(C64) -> P | W64: =SUM(W65:W174)/2 -> 0 | X64: =SUM(X65:X174)/2 -> 0 | Y64: =SUM(Y65:Y174)/2 -> 0 | Z64: =SUM(Z65:Z174)/2 -> 0 | AA64: =SUM(AA65:AA174)/2 -> 0 | AB64: =SUM(AB65:AB174)/2 -> 0 | AC64: =SUM(AC65:AC174)/2 -> 0 | AD64: =SUM(AD65:AD174)/2 -> 0 | ... AF64: =SUM(AF65:AF174)/2 -> 0 | AG64: =IF(N64="","",N64-SUM(W64:AF64)) -> 0 | AM64: =SUM(AM65:AM174)/2 -> 0 | AN64: =N64-AM64 -> 0 | AY64: =SUM(AY65:AY174)/2 -> 0 | BA64: =SUM(BA65:BA174)/2 -> 0 | BB64: =IF(BA64="","", IF($O$8="","",BA64/$O$8)) | BC64: =IF(OR(BA64="",BA64=0),"",BA64/$BA$221) | BE64: =SUM(BE65:BE174)/2 -> 0 | BF64: =BE64/N64 -> #DIV/0! | BJ64: =SUM(BJ65:BJ174)/2 -> 0 | BK64: =SUM(BK65:BK174)/2 -> 0 | BL64: =SUM(BL65:BL174)/2 -> 0 | BM64: =SUM(BM65:BM174)/2 -> 0 | BN64: =SUM(BN65:BN174)/2 -> 0 | BO64: =SUM(BO65:BO174)/2 -> 0 | BP64: =SUM(BP65:BP174)/2 -> 0 | BQ64: =SUM(BQ65:BQ174)/2 -> 0 | ... BS64: =SUM(BS65:BS174)/2 -> 0 | BT64: =IF(BA64="","",BA64-SUM(BJ64:BS64)) -> 0
C65: B1 | N65: =SUM(N66:N75) -> 0 | O65: =IF(N65="","", IF($O$8="","",N65/$O$8)) | P65: =IF(OR(N65="",N65=0),"",N65/$N$221) | Q65: =LEFT(C65) -> B | W65: =SUM(W66:W75) -> 0 | X65: =SUM(X66:X75) -> 0 | Y65: =SUM(Y66:Y75) -> 0 | Z65: =SUM(Z66:Z75) -> 0 | AA65: =SUM(AA66:AA75) -> 0 | AB65: =SUM(AB66:AB75) -> 0 | AC65: =SUM(AC66:AC75) -> 0 | AD65: =SUM(AD66:AD75) -> 0 | ... AF65: =SUM(AF66:AF75) -> 0 | AG65: =IF(N65="","",N65-SUM(W65:AF65)) -> 0 | AM65: =SUM(AM66:AM75) -> 0 | AN65: =N65-AM65 -> 0 | AY65: =SUM(AY66:AY75) -> 0 | BA65: =SUM(BA66:BA75) -> 0 | BB65: =IF(BA65="","", IF($O$8="","",BA65/$O$8)) | BC65: =IF(OR(BA65="",BA65=0),"",BA65/$BA$221) | BE65: =SUM(BE66:BE75) -> 0 | BF65: =BE65/N65 -> #DIV/0! | BJ65: =SUM(BJ66:BJ75) -> 0 | BK65: =SUM(BK66:BK75) -> 0 | BL65: =SUM(BL66:BL75) -> 0 | BM65: =SUM(BM66:BM75) -> 0 | BN65: =SUM(BN66:BN75) -> 0 | BO65: =SUM(BO66:BO75) -> 0 | BP65: =SUM(BP66:BP75) -> 0 | BQ65: =SUM(BQ66:BQ75) -> 0 | ... BS65: =SUM(BS66:BS75) -> 0 | BT65: =IF(BA65="","",BA65-SUM(BJ65:BS65)) -> 0
A66: =CONCATENATE($C66,"-",$E66) -> B1-01-x | B66: =IF(E66="","",SUBTOTAL(3,$E$66:E66)) -> 1 | C66: =IF(E66="","",IF(B66<10,CONCATENATE($C$65,"-0",B66),CONCATENATE($C$65,"-",B66))) -> B1-01 | E66: x | L66: =IF(E66="","",(G66*I66*J66)) -> 0 | M66: 1 | N66: =IF(L66="","",IF(L66=0,0,(L66/M66))) -> 0 | O66: =IF(N66="","", IF($O$8="","",N66/$O$8)) | Q66: =LEFT(C66) -> B | S66: =IF(C66="","",CONCATENATE(C66,"|",E66)) -> B1-01|x | W66: =IF($D66="","",IF($D66=W$16,$N66,"")) | X66: =IF($D66="","",IF($D66=X$16,$N66,"")) | Y66: =IF($D66="","",IF($D66=Y$16,$N66,"")) | Z66: =IF($D66="","",IF($D66=Z$16,$N66,"")) | AA66: =IF($D66="","",IF($D66=AA$16,$N66,"")) | AB66: =IF($D66="","",IF($D66=AB$16,$N66,"")) | AC66: =IF($D66="","",IF($D66=AC$16,$N66,"")) | AD66: =IF($D66="","",IF($D66=AD$16,$N66,"")) | ... AF66: =IF($D66="","",IF($D66=AF$16,$N66,"")) | AG66: =IF(N66="","",N66-SUM(W66:AF66)) -> 0 | AM66: =REPORT!H83 -> 0 | AN66: =N66-AM66 -> 0 | AQ66: =F66 -> 0 | AR66: =G66 -> 0 | AS66: =H66 -> 0 | AT66: =I66 -> 0 | AU66: =J66 -> 0 | AV66: =K66 -> 0 | AW66: =IF(E66="","",ROUND(AR66*AT66*AU66,2)) -> 0 | AX66: =M66 -> 1 | AY66: =IF(AW66="","",IF(AW66=0,0,ROUND(AW66/AX66,0))) -> 0 | BA66: =AM66+AY66 -> 0 | BB66: =IF(BA66="","", IF($O$8="","",BA66/$O$8)) | BE66: =BA66-N66 -> 0 | BF66: =BE66/N66 -> #DIV/0! | BJ66: =IF($D66="","",IF($D66=BJ$16,$BA66,"")) | BK66: =IF($D66="","",IF($D66=BK$16,$BA66,"")) | BL66: =IF($D66="","",IF($D66=BL$16,$BA66,"")) | BM66: =IF($D66="","",IF($D66=BM$16,$BA66,"")) | BN66: =IF($D66="","",IF($D66=BN$16,$BA66,"")) | BO66: =IF($D66="","",IF($D66=BO$16,$BA66,"")) | BP66: =IF($D66="","",IF($D66=BP$16,$BA66,"")) | BQ66: =IF($D66="","",IF($D66=BQ$16,$BA66,"")) | ... BS66: =IF($D66="","",IF($D66=BS$16,$BA66,"")) | BT66: =IF(BA66="","",BA66-SUM(BJ66:BS66)) -> 0
A67: =CONCATENATE($C67,"-",$E67) -> B1-02-x | B67: =IF(E67="","",SUBTOTAL(3,$E$66:E67)) -> 2 | C67: =IF(E67="","",IF(B67<10,CONCATENATE($C$65,"-0",B67),CONCATENATE($C$65,"-",B67))) -> B1-02 | E67: x | L67: =IF(E67="","",(G67*I67*J67)) -> 0 | M67: 1 | N67: =IF(L67="","",IF(L67=0,0,(L67/M67))) -> 0 | O67: =IF(N67="","", IF($O$8="","",N67/$O$8)) | Q67: =LEFT(C67) -> B | S67: =IF(C67="","",CONCATENATE(C67,"|",E67)) -> B1-02|x | W67: =IF($D67="","",IF($D67=W$16,$N67,"")) | X67: =IF($D67="","",IF($D67=X$16,$N67,"")) | Y67: =IF($D67="","",IF($D67=Y$16,$N67,"")) | Z67: =IF($D67="","",IF($D67=Z$16,$N67,"")) | AA67: =IF($D67="","",IF($D67=AA$16,$N67,"")) | AB67: =IF($D67="","",IF($D67=AB$16,$N67,"")) | AC67: =IF($D67="","",IF($D67=AC$16,$N67,"")) | AD67: =IF($D67="","",IF($D67=AD$16,$N67,"")) | ... AF67: =IF($D67="","",IF($D67=AF$16,$N67,"")) | AG67: =IF(N67="","",N67-SUM(W67:AF67)) -> 0 | AM67: =REPORT!H84 -> 0 | AN67: =N67-AM67 -> 0 | AQ67: =F67 -> 0 | AR67: =G67 -> 0 | AS67: =H67 -> 0 | AT67: =I67 -> 0 | AU67: =J67 -> 0 | AV67: =K67 -> 0 | AW67: =IF(E67="","",ROUND(AR67*AT67*AU67,2)) -> 0 | AX67: =M67 -> 1 | AY67: =IF(AW67="","",IF(AW67=0,0,ROUND(AW67/AX67,0))) -> 0 | BA67: =AM67+AY67 -> 0 | BB67: =IF(BA67="","", IF($O$8="","",BA67/$O$8)) | BE67: =BA67-N67 -> 0 | BF67: =BE67/N67 -> #DIV/0! | BJ67: =IF($D67="","",IF($D67=BJ$16,$BA67,"")) | BK67: =IF($D67="","",IF($D67=BK$16,$BA67,"")) | BL67: =IF($D67="","",IF($D67=BL$16,$BA67,"")) | BM67: =IF($D67="","",IF($D67=BM$16,$BA67,"")) | BN67: =IF($D67="","",IF($D67=BN$16,$BA67,"")) | BO67: =IF($D67="","",IF($D67=BO$16,$BA67,"")) | BP67: =IF($D67="","",IF($D67=BP$16,$BA67,"")) | BQ67: =IF($D67="","",IF($D67=BQ$16,$BA67,"")) | ... BS67: =IF($D67="","",IF($D67=BS$16,$BA67,"")) | BT67: =IF(BA67="","",BA67-SUM(BJ67:BS67)) -> 0
A68: =CONCATENATE($C68,"-",$E68) -> B1-03-x | B68: =IF(E68="","",SUBTOTAL(3,$E$66:E68)) -> 3 | C68: =IF(E68="","",IF(B68<10,CONCATENATE($C$65,"-0",B68),CONCATENATE($C$65,"-",B68))) -> B1-03 | E68: x | L68: =IF(E68="","",(G68*I68*J68)) -> 0 | M68: 1 | N68: =IF(L68="","",IF(L68=0,0,(L68/M68))) -> 0 | O68: =IF(N68="","", IF($O$8="","",N68/$O$8)) | Q68: =LEFT(C68) -> B | S68: =IF(C68="","",CONCATENATE(C68,"|",E68)) -> B1-03|x | W68: =IF($D68="","",IF($D68=W$16,$N68,"")) | X68: =IF($D68="","",IF($D68=X$16,$N68,"")) | Y68: =IF($D68="","",IF($D68=Y$16,$N68,"")) | Z68: =IF($D68="","",IF($D68=Z$16,$N68,"")) | AA68: =IF($D68="","",IF($D68=AA$16,$N68,"")) | AB68: =IF($D68="","",IF($D68=AB$16,$N68,"")) | AC68: =IF($D68="","",IF($D68=AC$16,$N68,"")) | AD68: =IF($D68="","",IF($D68=AD$16,$N68,"")) | ... AF68: =IF($D68="","",IF($D68=AF$16,$N68,"")) | AG68: =IF(N68="","",N68-SUM(W68:AF68)) -> 0 | AM68: =REPORT!H85 -> 0 | AN68: =N68-AM68 -> 0 | AQ68: =F68 -> 0 | AR68: =G68 -> 0 | AS68: =H68 -> 0 | AT68: =I68 -> 0 | AU68: =J68 -> 0 | AV68: =K68 -> 0 | AW68: =IF(E68="","",ROUND(AR68*AT68*AU68,2)) -> 0 | AX68: =M68 -> 1 | AY68: =IF(AW68="","",IF(AW68=0,0,ROUND(AW68/AX68,0))) -> 0 | BA68: =AM68+AY68 -> 0 | BB68: =IF(BA68="","", IF($O$8="","",BA68/$O$8)) | BE68: =BA68-N68 -> 0 | BF68: =BE68/N68 -> #DIV/0! | BJ68: =IF($D68="","",IF($D68=BJ$16,$BA68,"")) | BK68: =IF($D68="","",IF($D68=BK$16,$BA68,"")) | BL68: =IF($D68="","",IF($D68=BL$16,$BA68,"")) | BM68: =IF($D68="","",IF($D68=BM$16,$BA68,"")) | BN68: =IF($D68="","",IF($D68=BN$16,$BA68,"")) | BO68: =IF($D68="","",IF($D68=BO$16,$BA68,"")) | BP68: =IF($D68="","",IF($D68=BP$16,$BA68,"")) | BQ68: =IF($D68="","",IF($D68=BQ$16,$BA68,"")) | ... BS68: =IF($D68="","",IF($D68=BS$16,$BA68,"")) | BT68: =IF(BA68="","",BA68-SUM(BJ68:BS68)) -> 0
A69: =CONCATENATE($C69,"-",$E69) -> B1-04-x | B69: =IF(E69="","",SUBTOTAL(3,$E$66:E69)) -> 4 | C69: =IF(E69="","",IF(B69<10,CONCATENATE($C$65,"-0",B69),CONCATENATE($C$65,"-",B69))) -> B1-04 | E69: x | L69: =IF(E69="","",(G69*I69*J69)) -> 0 | M69: 1 | N69: =IF(L69="","",IF(L69=0,0,(L69/M69))) -> 0 | O69: =IF(N69="","", IF($O$8="","",N69/$O$8)) | Q69: =LEFT(C69) -> B | S69: =IF(C69="","",CONCATENATE(C69,"|",E69)) -> B1-04|x | W69: =IF($D69="","",IF($D69=W$16,$N69,"")) | X69: =IF($D69="","",IF($D69=X$16,$N69,"")) | Y69: =IF($D69="","",IF($D69=Y$16,$N69,"")) | Z69: =IF($D69="","",IF($D69=Z$16,$N69,"")) | AA69: =IF($D69="","",IF($D69=AA$16,$N69,"")) | AB69: =IF($D69="","",IF($D69=AB$16,$N69,"")) | AC69: =IF($D69="","",IF($D69=AC$16,$N69,"")) | AD69: =IF($D69="","",IF($D69=AD$16,$N69,"")) | ... AF69: =IF($D69="","",IF($D69=AF$16,$N69,"")) | AG69: =IF(N69="","",N69-SUM(W69:AF69)) -> 0 | AM69: =REPORT!H86 -> 0 | AN69: =N69-AM69 -> 0 | AQ69: =F69 -> 0 | AR69: =G69 -> 0 | AS69: =H69 -> 0 | AT69: =I69 -> 0 | AU69: =J69 -> 0 | AV69: =K69 -> 0 | AW69: =IF(E69="","",ROUND(AR69*AT69*AU69,2)) -> 0 | AX69: =M69 -> 1 | AY69: =IF(AW69="","",IF(AW69=0,0,ROUND(AW69/AX69,0))) -> 0 | BA69: =AM69+AY69 -> 0 | BB69: =IF(BA69="","", IF($O$8="","",BA69/$O$8)) | BE69: =BA69-N69 -> 0 | BF69: =BE69/N69 -> #DIV/0! | BJ69: =IF($D69="","",IF($D69=BJ$16,$BA69,"")) | BK69: =IF($D69="","",IF($D69=BK$16,$BA69,"")) | BL69: =IF($D69="","",IF($D69=BL$16,$BA69,"")) | BM69: =IF($D69="","",IF($D69=BM$16,$BA69,"")) | BN69: =IF($D69="","",IF($D69=BN$16,$BA69,"")) | BO69: =IF($D69="","",IF($D69=BO$16,$BA69,"")) | BP69: =IF($D69="","",IF($D69=BP$16,$BA69,"")) | BQ69: =IF($D69="","",IF($D69=BQ$16,$BA69,"")) | ... BS69: =IF($D69="","",IF($D69=BS$16,$BA69,"")) | BT69: =IF(BA69="","",BA69-SUM(BJ69:BS69)) -> 0
A70: =CONCATENATE($C70,"-",$E70) -> B1-05-x | B70: =IF(E70="","",SUBTOTAL(3,$E$66:E70)) -> 5 | C70: =IF(E70="","",IF(B70<10,CONCATENATE($C$65,"-0",B70),CONCATENATE($C$65,"-",B70))) -> B1-05 | E70: x | L70: =IF(E70="","",(G70*I70*J70)) -> 0 | M70: 1 | N70: =IF(L70="","",IF(L70=0,0,(L70/M70))) -> 0 | O70: =IF(N70="","", IF($O$8="","",N70/$O$8)) | Q70: =LEFT(C70) -> B | S70: =IF(C70="","",CONCATENATE(C70,"|",E70)) -> B1-05|x | W70: =IF($D70="","",IF($D70=W$16,$N70,"")) | X70: =IF($D70="","",IF($D70=X$16,$N70,"")) | Y70: =IF($D70="","",IF($D70=Y$16,$N70,"")) | Z70: =IF($D70="","",IF($D70=Z$16,$N70,"")) | AA70: =IF($D70="","",IF($D70=AA$16,$N70,"")) | AB70: =IF($D70="","",IF($D70=AB$16,$N70,"")) | AC70: =IF($D70="","",IF($D70=AC$16,$N70,"")) | AD70: =IF($D70="","",IF($D70=AD$16,$N70,"")) | ... AF70: =IF($D70="","",IF($D70=AF$16,$N70,"")) | AG70: =IF(N70="","",N70-SUM(W70:AF70)) -> 0 | AM70: =REPORT!H87 -> 0 | AN70: =N70-AM70 -> 0 | AQ70: =F70 -> 0 | AR70: =G70 -> 0 | AS70: =H70 -> 0 | AT70: =I70 -> 0 | AU70: =J70 -> 0 | AV70: =K70 -> 0 | AW70: =IF(E70="","",ROUND(AR70*AT70*AU70,2)) -> 0 | AX70: =M70 -> 1 | AY70: =IF(AW70="","",IF(AW70=0,0,ROUND(AW70/AX70,0))) -> 0 | BA70: =AM70+AY70 -> 0 | BB70: =IF(BA70="","", IF($O$8="","",BA70/$O$8)) | BE70: =BA70-N70 -> 0 | BF70: =BE70/N70 -> #DIV/0! | BJ70: =IF($D70="","",IF($D70=BJ$16,$BA70,"")) | BK70: =IF($D70="","",IF($D70=BK$16,$BA70,"")) | BL70: =IF($D70="","",IF($D70=BL$16,$BA70,"")) | BM70: =IF($D70="","",IF($D70=BM$16,$BA70,"")) | BN70: =IF($D70="","",IF($D70=BN$16,$BA70,"")) | BO70: =IF($D70="","",IF($D70=BO$16,$BA70,"")) | BP70: =IF($D70="","",IF($D70=BP$16,$BA70,"")) | BQ70: =IF($D70="","",IF($D70=BQ$16,$BA70,"")) | ... BS70: =IF($D70="","",IF($D70=BS$16,$BA70,"")) | BT70: =IF(BA70="","",BA70-SUM(BJ70:BS70)) -> 0
A71: =CONCATENATE($C71,"-",$E71) -> B1-06-x | B71: =IF(E71="","",SUBTOTAL(3,$E$66:E71)) -> 6 | C71: =IF(E71="","",IF(B71<10,CONCATENATE($C$65,"-0",B71),CONCATENATE($C$65,"-",B71))) -> B1-06 | E71: x | L71: =IF(E71="","",(G71*I71*J71)) -> 0 | M71: 1 | N71: =IF(L71="","",IF(L71=0,0,(L71/M71))) -> 0 | O71: =IF(N71="","", IF($O$8="","",N71/$O$8)) | Q71: =LEFT(C71) -> B | S71: =IF(C71="","",CONCATENATE(C71,"|",E71)) -> B1-06|x | W71: =IF($D71="","",IF($D71=W$16,$N71,"")) | X71: =IF($D71="","",IF($D71=X$16,$N71,"")) | Y71: =IF($D71="","",IF($D71=Y$16,$N71,"")) | Z71: =IF($D71="","",IF($D71=Z$16,$N71,"")) | AA71: =IF($D71="","",IF($D71=AA$16,$N71,"")) | AB71: =IF($D71="","",IF($D71=AB$16,$N71,"")) | AC71: =IF($D71="","",IF($D71=AC$16,$N71,"")) | AD71: =IF($D71="","",IF($D71=AD$16,$N71,"")) | ... AF71: =IF($D71="","",IF($D71=AF$16,$N71,"")) | AG71: =IF(N71="","",N71-SUM(W71:AF71)) -> 0 | AM71: =REPORT!H88 -> 0 | AN71: =N71-AM71 -> 0 | AQ71: =F71 -> 0 | AR71: =G71 -> 0 | AS71: =H71 -> 0 | AT71: =I71 -> 0 | AU71: =J71 -> 0 | AV71: =K71 -> 0 | AW71: =IF(E71="","",ROUND(AR71*AT71*AU71,2)) -> 0 | AX71: =M71 -> 1 | AY71: =IF(AW71="","",IF(AW71=0,0,ROUND(AW71/AX71,0))) -> 0 | BA71: =AM71+AY71 -> 0 | BB71: =IF(BA71="","", IF($O$8="","",BA71/$O$8)) | BE71: =BA71-N71 -> 0 | BF71: =BE71/N71 -> #DIV/0! | BJ71: =IF($D71="","",IF($D71=BJ$16,$BA71,"")) | BK71: =IF($D71="","",IF($D71=BK$16,$BA71,"")) | BL71: =IF($D71="","",IF($D71=BL$16,$BA71,"")) | BM71: =IF($D71="","",IF($D71=BM$16,$BA71,"")) | BN71: =IF($D71="","",IF($D71=BN$16,$BA71,"")) | BO71: =IF($D71="","",IF($D71=BO$16,$BA71,"")) | BP71: =IF($D71="","",IF($D71=BP$16,$BA71,"")) | BQ71: =IF($D71="","",IF($D71=BQ$16,$BA71,"")) | ... BS71: =IF($D71="","",IF($D71=BS$16,$BA71,"")) | BT71: =IF(BA71="","",BA71-SUM(BJ71:BS71)) -> 0
A72: =CONCATENATE($C72,"-",$E72) -> B1-07-x | B72: =IF(E72="","",SUBTOTAL(3,$E$66:E72)) -> 7 | C72: =IF(E72="","",IF(B72<10,CONCATENATE($C$65,"-0",B72),CONCATENATE($C$65,"-",B72))) -> B1-07 | E72: x | L72: =IF(E72="","",(G72*I72*J72)) -> 0 | M72: 1 | N72: =IF(L72="","",IF(L72=0,0,(L72/M72))) -> 0 | O72: =IF(N72="","", IF($O$8="","",N72/$O$8)) | Q72: =LEFT(C72) -> B | S72: =IF(C72="","",CONCATENATE(C72,"|",E72)) -> B1-07|x | W72: =IF($D72="","",IF($D72=W$16,$N72,"")) | X72: =IF($D72="","",IF($D72=X$16,$N72,"")) | Y72: =IF($D72="","",IF($D72=Y$16,$N72,"")) | Z72: =IF($D72="","",IF($D72=Z$16,$N72,"")) | AA72: =IF($D72="","",IF($D72=AA$16,$N72,"")) | AB72: =IF($D72="","",IF($D72=AB$16,$N72,"")) | AC72: =IF($D72="","",IF($D72=AC$16,$N72,"")) | AD72: =IF($D72="","",IF($D72=AD$16,$N72,"")) | ... AF72: =IF($D72="","",IF($D72=AF$16,$N72,"")) | AG72: =IF(N72="","",N72-SUM(W72:AF72)) -> 0 | AM72: =REPORT!H89 -> 0 | AN72: =N72-AM72 -> 0 | AQ72: =F72 -> 0 | AR72: =G72 -> 0 | AS72: =H72 -> 0 | AT72: =I72 -> 0 | AU72: =J72 -> 0 | AV72: =K72 -> 0 | AW72: =IF(E72="","",ROUND(AR72*AT72*AU72,2)) -> 0 | AX72: =M72 -> 1 | AY72: =IF(AW72="","",IF(AW72=0,0,ROUND(AW72/AX72,0))) -> 0 | BA72: =AM72+AY72 -> 0 | BB72: =IF(BA72="","", IF($O$8="","",BA72/$O$8)) | BE72: =BA72-N72 -> 0 | BF72: =BE72/N72 -> #DIV/0! | BJ72: =IF($D72="","",IF($D72=BJ$16,$BA72,"")) | BK72: =IF($D72="","",IF($D72=BK$16,$BA72,"")) | BL72: =IF($D72="","",IF($D72=BL$16,$BA72,"")) | BM72: =IF($D72="","",IF($D72=BM$16,$BA72,"")) | BN72: =IF($D72="","",IF($D72=BN$16,$BA72,"")) | BO72: =IF($D72="","",IF($D72=BO$16,$BA72,"")) | BP72: =IF($D72="","",IF($D72=BP$16,$BA72,"")) | BQ72: =IF($D72="","",IF($D72=BQ$16,$BA72,"")) | ... BS72: =IF($D72="","",IF($D72=BS$16,$BA72,"")) | BT72: =IF(BA72="","",BA72-SUM(BJ72:BS72)) -> 0
A73: =CONCATENATE($C73,"-",$E73) -> B1-08-x | B73: =IF(E73="","",SUBTOTAL(3,$E$66:E73)) -> 8 | C73: =IF(E73="","",IF(B73<10,CONCATENATE($C$65,"-0",B73),CONCATENATE($C$65,"-",B73))) -> B1-08 | E73: x | L73: =IF(E73="","",(G73*I73*J73)) -> 0 | M73: 1 | N73: =IF(L73="","",IF(L73=0,0,(L73/M73))) -> 0 | O73: =IF(N73="","", IF($O$8="","",N73/$O$8)) | Q73: =LEFT(C73) -> B | S73: =IF(C73="","",CONCATENATE(C73,"|",E73)) -> B1-08|x | W73: =IF($D73="","",IF($D73=W$16,$N73,"")) | X73: =IF($D73="","",IF($D73=X$16,$N73,"")) | Y73: =IF($D73="","",IF($D73=Y$16,$N73,"")) | Z73: =IF($D73="","",IF($D73=Z$16,$N73,"")) | AA73: =IF($D73="","",IF($D73=AA$16,$N73,"")) | AB73: =IF($D73="","",IF($D73=AB$16,$N73,"")) | AC73: =IF($D73="","",IF($D73=AC$16,$N73,"")) | AD73: =IF($D73="","",IF($D73=AD$16,$N73,"")) | ... AF73: =IF($D73="","",IF($D73=AF$16,$N73,"")) | AG73: =IF(N73="","",N73-SUM(W73:AF73)) -> 0 | AM73: =REPORT!H90 -> 0 | AN73: =N73-AM73 -> 0 | AQ73: =F73 -> 0 | AR73: =G73 -> 0 | AS73: =H73 -> 0 | AT73: =I73 -> 0 | AU73: =J73 -> 0 | AV73: =K73 -> 0 | AW73: =IF(E73="","",ROUND(AR73*AT73*AU73,2)) -> 0 | AX73: =M73 -> 1 | AY73: =IF(AW73="","",IF(AW73=0,0,ROUND(AW73/AX73,0))) -> 0 | BA73: =AM73+AY73 -> 0 | BB73: =IF(BA73="","", IF($O$8="","",BA73/$O$8)) | BE73: =BA73-N73 -> 0 | BF73: =BE73/N73 -> #DIV/0! | BJ73: =IF($D73="","",IF($D73=BJ$16,$BA73,"")) | BK73: =IF($D73="","",IF($D73=BK$16,$BA73,"")) | BL73: =IF($D73="","",IF($D73=BL$16,$BA73,"")) | BM73: =IF($D73="","",IF($D73=BM$16,$BA73,"")) | BN73: =IF($D73="","",IF($D73=BN$16,$BA73,"")) | BO73: =IF($D73="","",IF($D73=BO$16,$BA73,"")) | BP73: =IF($D73="","",IF($D73=BP$16,$BA73,"")) | BQ73: =IF($D73="","",IF($D73=BQ$16,$BA73,"")) | ... BS73: =IF($D73="","",IF($D73=BS$16,$BA73,"")) | BT73: =IF(BA73="","",BA73-SUM(BJ73:BS73)) -> 0
A74: =CONCATENATE($C74,"-",$E74) -> B1-09-x | B74: =IF(E74="","",SUBTOTAL(3,$E$66:E74)) -> 9 | C74: =IF(E74="","",IF(B74<10,CONCATENATE($C$65,"-0",B74),CONCATENATE($C$65,"-",B74))) -> B1-09 | E74: x | L74: =IF(E74="","",(G74*I74*J74)) -> 0 | M74: 1 | N74: =IF(L74="","",IF(L74=0,0,(L74/M74))) -> 0 | O74: =IF(N74="","", IF($O$8="","",N74/$O$8)) | Q74: =LEFT(C74) -> B | S74: =IF(C74="","",CONCATENATE(C74,"|",E74)) -> B1-09|x | W74: =IF($D74="","",IF($D74=W$16,$N74,"")) | X74: =IF($D74="","",IF($D74=X$16,$N74,"")) | Y74: =IF($D74="","",IF($D74=Y$16,$N74,"")) | Z74: =IF($D74="","",IF($D74=Z$16,$N74,"")) | AA74: =IF($D74="","",IF($D74=AA$16,$N74,"")) | AB74: =IF($D74="","",IF($D74=AB$16,$N74,"")) | AC74: =IF($D74="","",IF($D74=AC$16,$N74,"")) | AD74: =IF($D74="","",IF($D74=AD$16,$N74,"")) | ... AF74: =IF($D74="","",IF($D74=AF$16,$N74,"")) | AG74: =IF(N74="","",N74-SUM(W74:AF74)) -> 0 | AM74: =REPORT!H91 -> 0 | AN74: =N74-AM74 -> 0 | AQ74: =F74 -> 0 | AR74: =G74 -> 0 | AS74: =H74 -> 0 | AT74: =I74 -> 0 | AU74: =J74 -> 0 | AV74: =K74 -> 0 | AW74: =IF(E74="","",ROUND(AR74*AT74*AU74,2)) -> 0 | AX74: =M74 -> 1 | AY74: =IF(AW74="","",IF(AW74=0,0,ROUND(AW74/AX74,0))) -> 0 | BA74: =AM74+AY74 -> 0 | BB74: =IF(BA74="","", IF($O$8="","",BA74/$O$8)) | BE74: =BA74-N74 -> 0 | BF74: =BE74/N74 -> #DIV/0! | BJ74: =IF($D74="","",IF($D74=BJ$16,$BA74,"")) | BK74: =IF($D74="","",IF($D74=BK$16,$BA74,"")) | BL74: =IF($D74="","",IF($D74=BL$16,$BA74,"")) | BM74: =IF($D74="","",IF($D74=BM$16,$BA74,"")) | BN74: =IF($D74="","",IF($D74=BN$16,$BA74,"")) | BO74: =IF($D74="","",IF($D74=BO$16,$BA74,"")) | BP74: =IF($D74="","",IF($D74=BP$16,$BA74,"")) | BQ74: =IF($D74="","",IF($D74=BQ$16,$BA74,"")) | ... BS74: =IF($D74="","",IF($D74=BS$16,$BA74,"")) | BT74: =IF(BA74="","",BA74-SUM(BJ74:BS74)) -> 0
A75: =CONCATENATE($C75,"-",$E75) -> B1-10-x | B75: =IF(E75="","",SUBTOTAL(3,$E$66:E75)) -> 10 | C75: =IF(E75="","",IF(B75<10,CONCATENATE($C$65,"-0",B75),CONCATENATE($C$65,"-",B75))) -> B1-10 | E75: x | L75: =IF(E75="","",(G75*I75*J75)) -> 0 | M75: 1 | N75: =IF(L75="","",IF(L75=0,0,(L75/M75))) -> 0 | O75: =IF(N75="","", IF($O$8="","",N75/$O$8)) | Q75: =LEFT(C75) -> B | S75: =IF(C75="","",CONCATENATE(C75,"|",E75)) -> B1-10|x | W75: =IF($D75="","",IF($D75=W$16,$N75,"")) | X75: =IF($D75="","",IF($D75=X$16,$N75,"")) | Y75: =IF($D75="","",IF($D75=Y$16,$N75,"")) | Z75: =IF($D75="","",IF($D75=Z$16,$N75,"")) | AA75: =IF($D75="","",IF($D75=AA$16,$N75,"")) | AB75: =IF($D75="","",IF($D75=AB$16,$N75,"")) | AC75: =IF($D75="","",IF($D75=AC$16,$N75,"")) | AD75: =IF($D75="","",IF($D75=AD$16,$N75,"")) | ... AF75: =IF($D75="","",IF($D75=AF$16,$N75,"")) | AG75: =IF(N75="","",N75-SUM(W75:AF75)) -> 0 | AM75: =REPORT!H92 -> 0 | AN75: =N75-AM75 -> 0 | AQ75: =F75 -> 0 | AR75: =G75 -> 0 | AS75: =H75 -> 0 | AT75: =I75 -> 0 | AU75: =J75 -> 0 | AV75: =K75 -> 0 | AW75: =IF(E75="","",ROUND(AR75*AT75*AU75,2)) -> 0 | AX75: =M75 -> 1 | AY75: =IF(AW75="","",IF(AW75=0,0,ROUND(AW75/AX75,0))) -> 0 | BA75: =AM75+AY75 -> 0 | BB75: =IF(BA75="","", IF($O$8="","",BA75/$O$8)) | BE75: =BA75-N75 -> 0 | BF75: =BE75/N75 -> #DIV/0! | BJ75: =IF($D75="","",IF($D75=BJ$16,$BA75,"")) | BK75: =IF($D75="","",IF($D75=BK$16,$BA75,"")) | BL75: =IF($D75="","",IF($D75=BL$16,$BA75,"")) | BM75: =IF($D75="","",IF($D75=BM$16,$BA75,"")) | BN75: =IF($D75="","",IF($D75=BN$16,$BA75,"")) | BO75: =IF($D75="","",IF($D75=BO$16,$BA75,"")) | BP75: =IF($D75="","",IF($D75=BP$16,$BA75,"")) | BQ75: =IF($D75="","",IF($D75=BQ$16,$BA75,"")) | ... BS75: =IF($D75="","",IF($D75=BS$16,$BA75,"")) | BT75: =IF(BA75="","",BA75-SUM(BJ75:BS75)) -> 0
C76: B2 | L76: =IF(E76="","",(G76*I76*J76)) | N76: =SUM(N77:N86) -> 0 | O76: =IF(N76="","", IF($O$8="","",N76/$O$8)) | P76: =IF(OR(N76="",N76=0),"",N76/$N$221) | Q76: =LEFT(C76) -> B | W76: =SUM(W77:W86) -> 0 | X76: =SUM(X77:X86) -> 0 | Y76: =SUM(Y77:Y86) -> 0 | Z76: =SUM(Z77:Z86) -> 0 | AA76: =SUM(AA77:AA86) -> 0 | AB76: =SUM(AB77:AB86) -> 0 | AC76: =SUM(AC77:AC86) -> 0 | AD76: =SUM(AD77:AD86) -> 0 | ... AF76: =SUM(AF77:AF86) -> 0 | AG76: =IF(N76="","",N76-SUM(W76:AF76)) -> 0 | AM76: =SUM(AM77:AM86) -> 0 | AN76: =N76-AM76 -> 0 | AY76: =SUM(AY77:AY86) -> 0 | BA76: =SUM(BA77:BA86) -> 0 | BB76: =IF(BA76="","", IF($O$8="","",BA76/$O$8)) | BC76: =IF(OR(BA76="",BA76=0),"",BA76/$BA$221) | BE76: =SUM(BE77:BE86) -> 0 | BF76: =BE76/N76 -> #DIV/0! | BJ76: =SUM(BJ77:BJ86) -> 0 | BK76: =SUM(BK77:BK86) -> 0 | BL76: =SUM(BL77:BL86) -> 0 | BM76: =SUM(BM77:BM86) -> 0 | BN76: =SUM(BN77:BN86) -> 0 | BO76: =SUM(BO77:BO86) -> 0 | BP76: =SUM(BP77:BP86) -> 0 | BQ76: =SUM(BQ77:BQ86) -> 0 | ... BS76: =SUM(BS77:BS86) -> 0 | BT76: =IF(BA76="","",BA76-SUM(BJ76:BS76)) -> 0
A77: =CONCATENATE($C77,"-",$E77) -> B2-01-x | B77: =IF(E77="","",SUBTOTAL(3,$E$77:E77)) -> 1 | C77: =IF(E77="","",IF(B77<10,CONCATENATE($C$76,"-0",B77),CONCATENATE($C$76,"-",B77))) -> B2-01 | E77: x | L77: =IF(E77="","",(G77*I77*J77)) -> 0 | M77: 1 | N77: =IF(L77="","",IF(L77=0,0,(L77/M77))) -> 0 | O77: =IF(N77="","", IF($O$8="","",N77/$O$8)) | Q77: =LEFT(C77) -> B | S77: =IF(C77="","",CONCATENATE(C77,"|",E77)) -> B2-01|x | W77: =IF($D77="","",IF($D77=W$16,$N77,"")) | X77: =IF($D77="","",IF($D77=X$16,$N77,"")) | Y77: =IF($D77="","",IF($D77=Y$16,$N77,"")) | Z77: =IF($D77="","",IF($D77=Z$16,$N77,"")) | AA77: =IF($D77="","",IF($D77=AA$16,$N77,"")) | AB77: =IF($D77="","",IF($D77=AB$16,$N77,"")) | AC77: =IF($D77="","",IF($D77=AC$16,$N77,"")) | AD77: =IF($D77="","",IF($D77=AD$16,$N77,"")) | ... AF77: =IF($D77="","",IF($D77=AF$16,$N77,"")) | AG77: =IF(N77="","",N77-SUM(W77:AF77)) -> 0 | AM77: =REPORT!H94 -> 0 | AN77: =N77-AM77 -> 0 | AQ77: =F77 -> 0 | AR77: =G77 -> 0 | AS77: =H77 -> 0 | AT77: =I77 -> 0 | AU77: =J77 -> 0 | AV77: =K77 -> 0 | AW77: =IF(E77="","",ROUND(AR77*AT77*AU77,2)) -> 0 | AX77: =M77 -> 1 | AY77: =IF(AW77="","",IF(AW77=0,0,ROUND(AW77/AX77,0))) -> 0 | BA77: =AM77+AY77 -> 0 | BB77: =IF(BA77="","", IF($O$8="","",BA77/$O$8)) | BE77: =BA77-N77 -> 0 | BF77: =BE77/N77 -> #DIV/0! | BJ77: =IF($D77="","",IF($D77=BJ$16,$BA77,"")) | BK77: =IF($D77="","",IF($D77=BK$16,$BA77,"")) | BL77: =IF($D77="","",IF($D77=BL$16,$BA77,"")) | BM77: =IF($D77="","",IF($D77=BM$16,$BA77,"")) | BN77: =IF($D77="","",IF($D77=BN$16,$BA77,"")) | BO77: =IF($D77="","",IF($D77=BO$16,$BA77,"")) | BP77: =IF($D77="","",IF($D77=BP$16,$BA77,"")) | BQ77: =IF($D77="","",IF($D77=BQ$16,$BA77,"")) | ... BS77: =IF($D77="","",IF($D77=BS$16,$BA77,"")) | BT77: =IF(BA77="","",BA77-SUM(BJ77:BS77)) -> 0
A78: =CONCATENATE($C78,"-",$E78) -> B2-02-x | B78: =IF(E78="","",SUBTOTAL(3,$E$77:E78)) -> 2 | C78: =IF(E78="","",IF(B78<10,CONCATENATE($C$76,"-0",B78),CONCATENATE($C$76,"-",B78))) -> B2-02 | E78: x | L78: =IF(E78="","",(G78*I78*J78)) -> 0 | M78: 1 | N78: =IF(L78="","",IF(L78=0,0,(L78/M78))) -> 0 | O78: =IF(N78="","", IF($O$8="","",N78/$O$8)) | Q78: =LEFT(C78) -> B | S78: =IF(C78="","",CONCATENATE(C78,"|",E78)) -> B2-02|x | W78: =IF($D78="","",IF($D78=W$16,$N78,"")) | X78: =IF($D78="","",IF($D78=X$16,$N78,"")) | Y78: =IF($D78="","",IF($D78=Y$16,$N78,"")) | Z78: =IF($D78="","",IF($D78=Z$16,$N78,"")) | AA78: =IF($D78="","",IF($D78=AA$16,$N78,"")) | AB78: =IF($D78="","",IF($D78=AB$16,$N78,"")) | AC78: =IF($D78="","",IF($D78=AC$16,$N78,"")) | AD78: =IF($D78="","",IF($D78=AD$16,$N78,"")) | ... AF78: =IF($D78="","",IF($D78=AF$16,$N78,"")) | AG78: =IF(N78="","",N78-SUM(W78:AF78)) -> 0 | AM78: =REPORT!H95 -> 0 | AN78: =N78-AM78 -> 0 | AQ78: =F78 -> 0 | AR78: =G78 -> 0 | AS78: =H78 -> 0 | AT78: =I78 -> 0 | AU78: =J78 -> 0 | AV78: =K78 -> 0 | AW78: =IF(E78="","",ROUND(AR78*AT78*AU78,2)) -> 0 | AX78: =M78 -> 1 | AY78: =IF(AW78="","",IF(AW78=0,0,ROUND(AW78/AX78,0))) -> 0 | BA78: =AM78+AY78 -> 0 | BB78: =IF(BA78="","", IF($O$8="","",BA78/$O$8)) | BE78: =BA78-N78 -> 0 | BF78: =BE78/N78 -> #DIV/0! | BJ78: =IF($D78="","",IF($D78=BJ$16,$BA78,"")) | BK78: =IF($D78="","",IF($D78=BK$16,$BA78,"")) | BL78: =IF($D78="","",IF($D78=BL$16,$BA78,"")) | BM78: =IF($D78="","",IF($D78=BM$16,$BA78,"")) | BN78: =IF($D78="","",IF($D78=BN$16,$BA78,"")) | BO78: =IF($D78="","",IF($D78=BO$16,$BA78,"")) | BP78: =IF($D78="","",IF($D78=BP$16,$BA78,"")) | BQ78: =IF($D78="","",IF($D78=BQ$16,$BA78,"")) | ... BS78: =IF($D78="","",IF($D78=BS$16,$BA78,"")) | BT78: =IF(BA78="","",BA78-SUM(BJ78:BS78)) -> 0
A79: =CONCATENATE($C79,"-",$E79) -> B2-03-x | B79: =IF(E79="","",SUBTOTAL(3,$E$77:E79)) -> 3 | C79: =IF(E79="","",IF(B79<10,CONCATENATE($C$76,"-0",B79),CONCATENATE($C$76,"-",B79))) -> B2-03 | E79: x | L79: =IF(E79="","",(G79*I79*J79)) -> 0 | M79: 1 | N79: =IF(L79="","",IF(L79=0,0,(L79/M79))) -> 0 | O79: =IF(N79="","", IF($O$8="","",N79/$O$8)) | Q79: =LEFT(C79) -> B | S79: =IF(C79="","",CONCATENATE(C79,"|",E79)) -> B2-03|x | W79: =IF($D79="","",IF($D79=W$16,$N79,"")) | X79: =IF($D79="","",IF($D79=X$16,$N79,"")) | Y79: =IF($D79="","",IF($D79=Y$16,$N79,"")) | Z79: =IF($D79="","",IF($D79=Z$16,$N79,"")) | AA79: =IF($D79="","",IF($D79=AA$16,$N79,"")) | AB79: =IF($D79="","",IF($D79=AB$16,$N79,"")) | AC79: =IF($D79="","",IF($D79=AC$16,$N79,"")) | AD79: =IF($D79="","",IF($D79=AD$16,$N79,"")) | ... AF79: =IF($D79="","",IF($D79=AF$16,$N79,"")) | AG79: =IF(N79="","",N79-SUM(W79:AF79)) -> 0 | AM79: =REPORT!H96 -> 0 | AN79: =N79-AM79 -> 0 | AQ79: =F79 -> 0 | AR79: =G79 -> 0 | AS79: =H79 -> 0 | AT79: =I79 -> 0 | AU79: =J79 -> 0 | AV79: =K79 -> 0 | AW79: =IF(E79="","",ROUND(AR79*AT79*AU79,2)) -> 0 | AX79: =M79 -> 1 | AY79: =IF(AW79="","",IF(AW79=0,0,ROUND(AW79/AX79,0))) -> 0 | BA79: =AM79+AY79 -> 0 | BB79: =IF(BA79="","", IF($O$8="","",BA79/$O$8)) | BE79: =BA79-N79 -> 0 | BF79: =BE79/N79 -> #DIV/0! | BJ79: =IF($D79="","",IF($D79=BJ$16,$BA79,"")) | BK79: =IF($D79="","",IF($D79=BK$16,$BA79,"")) | BL79: =IF($D79="","",IF($D79=BL$16,$BA79,"")) | BM79: =IF($D79="","",IF($D79=BM$16,$BA79,"")) | BN79: =IF($D79="","",IF($D79=BN$16,$BA79,"")) | BO79: =IF($D79="","",IF($D79=BO$16,$BA79,"")) | BP79: =IF($D79="","",IF($D79=BP$16,$BA79,"")) | BQ79: =IF($D79="","",IF($D79=BQ$16,$BA79,"")) | ... BS79: =IF($D79="","",IF($D79=BS$16,$BA79,"")) | BT79: =IF(BA79="","",BA79-SUM(BJ79:BS79)) -> 0
A80: =CONCATENATE($C80,"-",$E80) -> B2-04-x | B80: =IF(E80="","",SUBTOTAL(3,$E$77:E80)) -> 4 | C80: =IF(E80="","",IF(B80<10,CONCATENATE($C$76,"-0",B80),CONCATENATE($C$76,"-",B80))) -> B2-04 | E80: x | L80: =IF(E80="","",(G80*I80*J80)) -> 0 | M80: 1 | N80: =IF(L80="","",IF(L80=0,0,(L80/M80))) -> 0 | O80: =IF(N80="","", IF($O$8="","",N80/$O$8)) | Q80: =LEFT(C80) -> B | S80: =IF(C80="","",CONCATENATE(C80,"|",E80)) -> B2-04|x | W80: =IF($D80="","",IF($D80=W$16,$N80,"")) | X80: =IF($D80="","",IF($D80=X$16,$N80,"")) | Y80: =IF($D80="","",IF($D80=Y$16,$N80,"")) | Z80: =IF($D80="","",IF($D80=Z$16,$N80,"")) | AA80: =IF($D80="","",IF($D80=AA$16,$N80,"")) | AB80: =IF($D80="","",IF($D80=AB$16,$N80,"")) | AC80: =IF($D80="","",IF($D80=AC$16,$N80,"")) | AD80: =IF($D80="","",IF($D80=AD$16,$N80,"")) | ... AF80: =IF($D80="","",IF($D80=AF$16,$N80,"")) | AG80: =IF(N80="","",N80-SUM(W80:AF80)) -> 0 | AM80: =REPORT!H97 -> 0 | AN80: =N80-AM80 -> 0 | AQ80: =F80 -> 0 | AR80: =G80 -> 0 | AS80: =H80 -> 0 | AT80: =I80 -> 0 | AU80: =J80 -> 0 | AV80: =K80 -> 0 | AW80: =IF(E80="","",ROUND(AR80*AT80*AU80,2)) -> 0 | AX80: =M80 -> 1 | AY80: =IF(AW80="","",IF(AW80=0,0,ROUND(AW80/AX80,0))) -> 0 | BA80: =AM80+AY80 -> 0 | BB80: =IF(BA80="","", IF($O$8="","",BA80/$O$8)) | BE80: =BA80-N80 -> 0 | BF80: =BE80/N80 -> #DIV/0! | BJ80: =IF($D80="","",IF($D80=BJ$16,$BA80,"")) | BK80: =IF($D80="","",IF($D80=BK$16,$BA80,"")) | BL80: =IF($D80="","",IF($D80=BL$16,$BA80,"")) | BM80: =IF($D80="","",IF($D80=BM$16,$BA80,"")) | BN80: =IF($D80="","",IF($D80=BN$16,$BA80,"")) | BO80: =IF($D80="","",IF($D80=BO$16,$BA80,"")) | BP80: =IF($D80="","",IF($D80=BP$16,$BA80,"")) | BQ80: =IF($D80="","",IF($D80=BQ$16,$BA80,"")) | ... BS80: =IF($D80="","",IF($D80=BS$16,$BA80,"")) | BT80: =IF(BA80="","",BA80-SUM(BJ80:BS80)) -> 0
A81: =CONCATENATE($C81,"-",$E81) -> B2-05-x | B81: =IF(E81="","",SUBTOTAL(3,$E$77:E81)) -> 5 | C81: =IF(E81="","",IF(B81<10,CONCATENATE($C$76,"-0",B81),CONCATENATE($C$76,"-",B81))) -> B2-05 | E81: x | L81: =IF(E81="","",(G81*I81*J81)) -> 0 | M81: 1 | N81: =IF(L81="","",IF(L81=0,0,(L81/M81))) -> 0 | O81: =IF(N81="","", IF($O$8="","",N81/$O$8)) | Q81: =LEFT(C81) -> B | S81: =IF(C81="","",CONCATENATE(C81,"|",E81)) -> B2-05|x | W81: =IF($D81="","",IF($D81=W$16,$N81,"")) | X81: =IF($D81="","",IF($D81=X$16,$N81,"")) | Y81: =IF($D81="","",IF($D81=Y$16,$N81,"")) | Z81: =IF($D81="","",IF($D81=Z$16,$N81,"")) | AA81: =IF($D81="","",IF($D81=AA$16,$N81,"")) | AB81: =IF($D81="","",IF($D81=AB$16,$N81,"")) | AC81: =IF($D81="","",IF($D81=AC$16,$N81,"")) | AD81: =IF($D81="","",IF($D81=AD$16,$N81,"")) | ... AF81: =IF($D81="","",IF($D81=AF$16,$N81,"")) | AG81: =IF(N81="","",N81-SUM(W81:AF81)) -> 0 | AM81: =REPORT!H98 -> 0 | AN81: =N81-AM81 -> 0 | AQ81: =F81 -> 0 | AR81: =G81 -> 0 | AS81: =H81 -> 0 | AT81: =I81 -> 0 | AU81: =J81 -> 0 | AV81: =K81 -> 0 | AW81: =IF(E81="","",ROUND(AR81*AT81*AU81,2)) -> 0 | AX81: =M81 -> 1 | AY81: =IF(AW81="","",IF(AW81=0,0,ROUND(AW81/AX81,0))) -> 0 | BA81: =AM81+AY81 -> 0 | BB81: =IF(BA81="","", IF($O$8="","",BA81/$O$8)) | BE81: =BA81-N81 -> 0 | BF81: =BE81/N81 -> #DIV/0! | BJ81: =IF($D81="","",IF($D81=BJ$16,$BA81,"")) | BK81: =IF($D81="","",IF($D81=BK$16,$BA81,"")) | BL81: =IF($D81="","",IF($D81=BL$16,$BA81,"")) | BM81: =IF($D81="","",IF($D81=BM$16,$BA81,"")) | BN81: =IF($D81="","",IF($D81=BN$16,$BA81,"")) | BO81: =IF($D81="","",IF($D81=BO$16,$BA81,"")) | BP81: =IF($D81="","",IF($D81=BP$16,$BA81,"")) | BQ81: =IF($D81="","",IF($D81=BQ$16,$BA81,"")) | ... BS81: =IF($D81="","",IF($D81=BS$16,$BA81,"")) | BT81: =IF(BA81="","",BA81-SUM(BJ81:BS81)) -> 0
A82: =CONCATENATE($C82,"-",$E82) -> B2-06-x | B82: =IF(E82="","",SUBTOTAL(3,$E$77:E82)) -> 6 | C82: =IF(E82="","",IF(B82<10,CONCATENATE($C$76,"-0",B82),CONCATENATE($C$76,"-",B82))) -> B2-06 | E82: x | L82: =IF(E82="","",(G82*I82*J82)) -> 0 | M82: 1 | N82: =IF(L82="","",IF(L82=0,0,(L82/M82))) -> 0 | O82: =IF(N82="","", IF($O$8="","",N82/$O$8)) | Q82: =LEFT(C82) -> B | S82: =IF(C82="","",CONCATENATE(C82,"|",E82)) -> B2-06|x | W82: =IF($D82="","",IF($D82=W$16,$N82,"")) | X82: =IF($D82="","",IF($D82=X$16,$N82,"")) | Y82: =IF($D82="","",IF($D82=Y$16,$N82,"")) | Z82: =IF($D82="","",IF($D82=Z$16,$N82,"")) | AA82: =IF($D82="","",IF($D82=AA$16,$N82,"")) | AB82: =IF($D82="","",IF($D82=AB$16,$N82,"")) | AC82: =IF($D82="","",IF($D82=AC$16,$N82,"")) | AD82: =IF($D82="","",IF($D82=AD$16,$N82,"")) | ... AF82: =IF($D82="","",IF($D82=AF$16,$N82,"")) | AG82: =IF(N82="","",N82-SUM(W82:AF82)) -> 0 | AM82: =REPORT!H99 -> 0 | AN82: =N82-AM82 -> 0 | AQ82: =F82 -> 0 | AR82: =G82 -> 0 | AS82: =H82 -> 0 | AT82: =I82 -> 0 | AU82: =J82 -> 0 | AV82: =K82 -> 0 | AW82: =IF(E82="","",ROUND(AR82*AT82*AU82,2)) -> 0 | AX82: =M82 -> 1 | AY82: =IF(AW82="","",IF(AW82=0,0,ROUND(AW82/AX82,0))) -> 0 | BA82: =AM82+AY82 -> 0 | BB82: =IF(BA82="","", IF($O$8="","",BA82/$O$8)) | BE82: =BA82-N82 -> 0 | BF82: =BE82/N82 -> #DIV/0! | BJ82: =IF($D82="","",IF($D82=BJ$16,$BA82,"")) | BK82: =IF($D82="","",IF($D82=BK$16,$BA82,"")) | BL82: =IF($D82="","",IF($D82=BL$16,$BA82,"")) | BM82: =IF($D82="","",IF($D82=BM$16,$BA82,"")) | BN82: =IF($D82="","",IF($D82=BN$16,$BA82,"")) | BO82: =IF($D82="","",IF($D82=BO$16,$BA82,"")) | BP82: =IF($D82="","",IF($D82=BP$16,$BA82,"")) | BQ82: =IF($D82="","",IF($D82=BQ$16,$BA82,"")) | ... BS82: =IF($D82="","",IF($D82=BS$16,$BA82,"")) | BT82: =IF(BA82="","",BA82-SUM(BJ82:BS82)) -> 0
A83: =CONCATENATE($C83,"-",$E83) -> B2-07-x | B83: =IF(E83="","",SUBTOTAL(3,$E$77:E83)) -> 7 | C83: =IF(E83="","",IF(B83<10,CONCATENATE($C$76,"-0",B83),CONCATENATE($C$76,"-",B83))) -> B2-07 | E83: x | L83: =IF(E83="","",(G83*I83*J83)) -> 0 | M83: 1 | N83: =IF(L83="","",IF(L83=0,0,(L83/M83))) -> 0 | O83: =IF(N83="","", IF($O$8="","",N83/$O$8)) | Q83: =LEFT(C83) -> B | S83: =IF(C83="","",CONCATENATE(C83,"|",E83)) -> B2-07|x | W83: =IF($D83="","",IF($D83=W$16,$N83,"")) | X83: =IF($D83="","",IF($D83=X$16,$N83,"")) | Y83: =IF($D83="","",IF($D83=Y$16,$N83,"")) | Z83: =IF($D83="","",IF($D83=Z$16,$N83,"")) | AA83: =IF($D83="","",IF($D83=AA$16,$N83,"")) | AB83: =IF($D83="","",IF($D83=AB$16,$N83,"")) | AC83: =IF($D83="","",IF($D83=AC$16,$N83,"")) | AD83: =IF($D83="","",IF($D83=AD$16,$N83,"")) | ... AF83: =IF($D83="","",IF($D83=AF$16,$N83,"")) | AG83: =IF(N83="","",N83-SUM(W83:AF83)) -> 0 | AM83: =REPORT!H100 -> 0 | AN83: =N83-AM83 -> 0 | AQ83: =F83 -> 0 | AR83: =G83 -> 0 | AS83: =H83 -> 0 | AT83: =I83 -> 0 | AU83: =J83 -> 0 | AV83: =K83 -> 0 | AW83: =IF(E83="","",ROUND(AR83*AT83*AU83,2)) -> 0 | AX83: =M83 -> 1 | AY83: =IF(AW83="","",IF(AW83=0,0,ROUND(AW83/AX83,0))) -> 0 | BA83: =AM83+AY83 -> 0 | BB83: =IF(BA83="","", IF($O$8="","",BA83/$O$8)) | BE83: =BA83-N83 -> 0 | BF83: =BE83/N83 -> #DIV/0! | BJ83: =IF($D83="","",IF($D83=BJ$16,$BA83,"")) | BK83: =IF($D83="","",IF($D83=BK$16,$BA83,"")) | BL83: =IF($D83="","",IF($D83=BL$16,$BA83,"")) | BM83: =IF($D83="","",IF($D83=BM$16,$BA83,"")) | BN83: =IF($D83="","",IF($D83=BN$16,$BA83,"")) | BO83: =IF($D83="","",IF($D83=BO$16,$BA83,"")) | BP83: =IF($D83="","",IF($D83=BP$16,$BA83,"")) | BQ83: =IF($D83="","",IF($D83=BQ$16,$BA83,"")) | ... BS83: =IF($D83="","",IF($D83=BS$16,$BA83,"")) | BT83: =IF(BA83="","",BA83-SUM(BJ83:BS83)) -> 0
A84: =CONCATENATE($C84,"-",$E84) -> B2-08-x | B84: =IF(E84="","",SUBTOTAL(3,$E$77:E84)) -> 8 | C84: =IF(E84="","",IF(B84<10,CONCATENATE($C$76,"-0",B84),CONCATENATE($C$76,"-",B84))) -> B2-08 | E84: x | L84: =IF(E84="","",(G84*I84*J84)) -> 0 | M84: 1 | N84: =IF(L84="","",IF(L84=0,0,(L84/M84))) -> 0 | O84: =IF(N84="","", IF($O$8="","",N84/$O$8)) | Q84: =LEFT(C84) -> B | S84: =IF(C84="","",CONCATENATE(C84,"|",E84)) -> B2-08|x | W84: =IF($D84="","",IF($D84=W$16,$N84,"")) | X84: =IF($D84="","",IF($D84=X$16,$N84,"")) | Y84: =IF($D84="","",IF($D84=Y$16,$N84,"")) | Z84: =IF($D84="","",IF($D84=Z$16,$N84,"")) | AA84: =IF($D84="","",IF($D84=AA$16,$N84,"")) | AB84: =IF($D84="","",IF($D84=AB$16,$N84,"")) | AC84: =IF($D84="","",IF($D84=AC$16,$N84,"")) | AD84: =IF($D84="","",IF($D84=AD$16,$N84,"")) | ... AF84: =IF($D84="","",IF($D84=AF$16,$N84,"")) | AG84: =IF(N84="","",N84-SUM(W84:AF84)) -> 0 | AM84: =REPORT!H101 -> 0 | AN84: =N84-AM84 -> 0 | AQ84: =F84 -> 0 | AR84: =G84 -> 0 | AS84: =H84 -> 0 | AT84: =I84 -> 0 | AU84: =J84 -> 0 | AV84: =K84 -> 0 | AW84: =IF(E84="","",ROUND(AR84*AT84*AU84,2)) -> 0 | AX84: =M84 -> 1 | AY84: =IF(AW84="","",IF(AW84=0,0,ROUND(AW84/AX84,0))) -> 0 | BA84: =AM84+AY84 -> 0 | BB84: =IF(BA84="","", IF($O$8="","",BA84/$O$8)) | BE84: =BA84-N84 -> 0 | BF84: =BE84/N84 -> #DIV/0! | BJ84: =IF($D84="","",IF($D84=BJ$16,$BA84,"")) | BK84: =IF($D84="","",IF($D84=BK$16,$BA84,"")) | BL84: =IF($D84="","",IF($D84=BL$16,$BA84,"")) | BM84: =IF($D84="","",IF($D84=BM$16,$BA84,"")) | BN84: =IF($D84="","",IF($D84=BN$16,$BA84,"")) | BO84: =IF($D84="","",IF($D84=BO$16,$BA84,"")) | BP84: =IF($D84="","",IF($D84=BP$16,$BA84,"")) | BQ84: =IF($D84="","",IF($D84=BQ$16,$BA84,"")) | ... BS84: =IF($D84="","",IF($D84=BS$16,$BA84,"")) | BT84: =IF(BA84="","",BA84-SUM(BJ84:BS84)) -> 0
A85: =CONCATENATE($C85,"-",$E85) -> B2-09-x | B85: =IF(E85="","",SUBTOTAL(3,$E$77:E85)) -> 9 | C85: =IF(E85="","",IF(B85<10,CONCATENATE($C$76,"-0",B85),CONCATENATE($C$76,"-",B85))) -> B2-09 | E85: x | L85: =IF(E85="","",(G85*I85*J85)) -> 0 | M85: 1 | N85: =IF(L85="","",IF(L85=0,0,(L85/M85))) -> 0 | O85: =IF(N85="","", IF($O$8="","",N85/$O$8)) | Q85: =LEFT(C85) -> B | S85: =IF(C85="","",CONCATENATE(C85,"|",E85)) -> B2-09|x | W85: =IF($D85="","",IF($D85=W$16,$N85,"")) | X85: =IF($D85="","",IF($D85=X$16,$N85,"")) | Y85: =IF($D85="","",IF($D85=Y$16,$N85,"")) | Z85: =IF($D85="","",IF($D85=Z$16,$N85,"")) | AA85: =IF($D85="","",IF($D85=AA$16,$N85,"")) | AB85: =IF($D85="","",IF($D85=AB$16,$N85,"")) | AC85: =IF($D85="","",IF($D85=AC$16,$N85,"")) | AD85: =IF($D85="","",IF($D85=AD$16,$N85,"")) | ... AF85: =IF($D85="","",IF($D85=AF$16,$N85,"")) | AG85: =IF(N85="","",N85-SUM(W85:AF85)) -> 0 | AM85: =REPORT!H102 -> 0 | AN85: =N85-AM85 -> 0 | AQ85: =F85 -> 0 | AR85: =G85 -> 0 | AS85: =H85 -> 0 | AT85: =I85 -> 0 | AU85: =J85 -> 0 | AV85: =K85 -> 0 | AW85: =IF(E85="","",ROUND(AR85*AT85*AU85,2)) -> 0 | AX85: =M85 -> 1 | AY85: =IF(AW85="","",IF(AW85=0,0,ROUND(AW85/AX85,0))) -> 0 | BA85: =AM85+AY85 -> 0 | BB85: =IF(BA85="","", IF($O$8="","",BA85/$O$8)) | BE85: =BA85-N85 -> 0 | BF85: =BE85/N85 -> #DIV/0! | BJ85: =IF($D85="","",IF($D85=BJ$16,$BA85,"")) | BK85: =IF($D85="","",IF($D85=BK$16,$BA85,"")) | BL85: =IF($D85="","",IF($D85=BL$16,$BA85,"")) | BM85: =IF($D85="","",IF($D85=BM$16,$BA85,"")) | BN85: =IF($D85="","",IF($D85=BN$16,$BA85,"")) | BO85: =IF($D85="","",IF($D85=BO$16,$BA85,"")) | BP85: =IF($D85="","",IF($D85=BP$16,$BA85,"")) | BQ85: =IF($D85="","",IF($D85=BQ$16,$BA85,"")) | ... BS85: =IF($D85="","",IF($D85=BS$16,$BA85,"")) | BT85: =IF(BA85="","",BA85-SUM(BJ85:BS85)) -> 0
A86: =CONCATENATE($C86,"-",$E86) -> B2-10-x | B86: =IF(E86="","",SUBTOTAL(3,$E$77:E86)) -> 10 | C86: =IF(E86="","",IF(B86<10,CONCATENATE($C$76,"-0",B86),CONCATENATE($C$76,"-",B86))) -> B2-10 | E86: x | L86: =IF(E86="","",(G86*I86*J86)) -> 0 | M86: 1 | N86: =IF(L86="","",IF(L86=0,0,(L86/M86))) -> 0 | O86: =IF(N86="","", IF($O$8="","",N86/$O$8)) | Q86: =LEFT(C86) -> B | S86: =IF(C86="","",CONCATENATE(C86,"|",E86)) -> B2-10|x | W86: =IF($D86="","",IF($D86=W$16,$N86,"")) | X86: =IF($D86="","",IF($D86=X$16,$N86,"")) | Y86: =IF($D86="","",IF($D86=Y$16,$N86,"")) | Z86: =IF($D86="","",IF($D86=Z$16,$N86,"")) | AA86: =IF($D86="","",IF($D86=AA$16,$N86,"")) | AB86: =IF($D86="","",IF($D86=AB$16,$N86,"")) | AC86: =IF($D86="","",IF($D86=AC$16,$N86,"")) | AD86: =IF($D86="","",IF($D86=AD$16,$N86,"")) | ... AF86: =IF($D86="","",IF($D86=AF$16,$N86,"")) | AG86: =IF(N86="","",N86-SUM(W86:AF86)) -> 0 | AM86: =REPORT!H103 -> 0 | AN86: =N86-AM86 -> 0 | AQ86: =F86 -> 0 | AR86: =G86 -> 0 | AS86: =H86 -> 0 | AT86: =I86 -> 0 | AU86: =J86 -> 0 | AV86: =K86 -> 0 | AW86: =IF(E86="","",ROUND(AR86*AT86*AU86,2)) -> 0 | AX86: =M86 -> 1 | AY86: =IF(AW86="","",IF(AW86=0,0,ROUND(AW86/AX86,0))) -> 0 | BA86: =AM86+AY86 -> 0 | BB86: =IF(BA86="","", IF($O$8="","",BA86/$O$8)) | BE86: =BA86-N86 -> 0 | BF86: =BE86/N86 -> #DIV/0! | BJ86: =IF($D86="","",IF($D86=BJ$16,$BA86,"")) | BK86: =IF($D86="","",IF($D86=BK$16,$BA86,"")) | BL86: =IF($D86="","",IF($D86=BL$16,$BA86,"")) | BM86: =IF($D86="","",IF($D86=BM$16,$BA86,"")) | BN86: =IF($D86="","",IF($D86=BN$16,$BA86,"")) | BO86: =IF($D86="","",IF($D86=BO$16,$BA86,"")) | BP86: =IF($D86="","",IF($D86=BP$16,$BA86,"")) | BQ86: =IF($D86="","",IF($D86=BQ$16,$BA86,"")) | ... BS86: =IF($D86="","",IF($D86=BS$16,$BA86,"")) | BT86: =IF(BA86="","",BA86-SUM(BJ86:BS86)) -> 0
C87: B3 | N87: =SUM(N88:N97) -> 0 | O87: =IF(N87="","", IF($O$8="","",N87/$O$8)) | P87: =IF(OR(N87="",N87=0),"",N87/$N$221) | Q87: =LEFT(C87) -> B | W87: =SUM(W88:W97) -> 0 | X87: =SUM(X88:X97) -> 0 | Y87: =SUM(Y88:Y97) -> 0 | Z87: =SUM(Z88:Z97) -> 0 | AA87: =SUM(AA88:AA97) -> 0 | AB87: =SUM(AB88:AB97) -> 0 | AC87: =SUM(AC88:AC97) -> 0 | AD87: =SUM(AD88:AD97) -> 0 | ... AF87: =SUM(AF88:AF97) -> 0 | AG87: =IF(N87="","",N87-SUM(W87:AF87)) -> 0 | AM87: =SUM(AM88:AM97) -> 0 | AN87: =N87-AM87 -> 0 | AY87: =SUM(AY88:AY97) -> 0 | BA87: =SUM(BA88:BA97) -> 0 | BB87: =IF(BA87="","", IF($O$8="","",BA87/$O$8)) | BC87: =IF(OR(BA87="",BA87=0),"",BA87/$BA$221) | BE87: =SUM(BE88:BE97) -> 0 | BF87: =BE87/N87 -> #DIV/0! | BJ87: =SUM(BJ88:BJ97) -> 0 | BK87: =SUM(BK88:BK97) -> 0 | BL87: =SUM(BL88:BL97) -> 0 | BM87: =SUM(BM88:BM97) -> 0 | BN87: =SUM(BN88:BN97) -> 0 | BO87: =SUM(BO88:BO97) -> 0 | BP87: =SUM(BP88:BP97) -> 0 | BQ87: =SUM(BQ88:BQ97) -> 0 | ... BS87: =SUM(BS88:BS97) -> 0 | BT87: =IF(BA87="","",BA87-SUM(BJ87:BS87)) -> 0
A88: =CONCATENATE($C88,"-",$E88) -> B3-01-x | B88: =IF(E88="","",SUBTOTAL(3,$E$88:E88)) -> 1 | C88: =IF(E88="","",IF(B88<10,CONCATENATE($C$87,"-0",B88),CONCATENATE($C$87,"-",B88))) -> B3-01 | E88: x | L88: =IF(E88="","",(G88*I88*J88)) -> 0 | M88: 1 | N88: =IF(L88="","",IF(L88=0,0,(L88/M88))) -> 0 | O88: =IF(N88="","", IF($O$8="","",N88/$O$8)) | Q88: =LEFT(C88) -> B | S88: =IF(C88="","",CONCATENATE(C88,"|",E88)) -> B3-01|x | W88: =IF($D88="","",IF($D88=W$16,$N88,"")) | X88: =IF($D88="","",IF($D88=X$16,$N88,"")) | Y88: =IF($D88="","",IF($D88=Y$16,$N88,"")) | Z88: =IF($D88="","",IF($D88=Z$16,$N88,"")) | AA88: =IF($D88="","",IF($D88=AA$16,$N88,"")) | AB88: =IF($D88="","",IF($D88=AB$16,$N88,"")) | AC88: =IF($D88="","",IF($D88=AC$16,$N88,"")) | AD88: =IF($D88="","",IF($D88=AD$16,$N88,"")) | ... AF88: =IF($D88="","",IF($D88=AF$16,$N88,"")) | AG88: =IF(N88="","",N88-SUM(W88:AF88)) -> 0 | AM88: =REPORT!H105 -> 0 | AN88: =N88-AM88 -> 0 | AQ88: =F88 -> 0 | AR88: =G88 -> 0 | AS88: =H88 -> 0 | AT88: =I88 -> 0 | AU88: =J88 -> 0 | AV88: =K88 -> 0 | AW88: =IF(E88="","",ROUND(AR88*AT88*AU88,2)) -> 0 | AX88: =M88 -> 1 | AY88: =IF(AW88="","",IF(AW88=0,0,ROUND(AW88/AX88,0))) -> 0 | BA88: =AM88+AY88 -> 0 | BB88: =IF(BA88="","", IF($O$8="","",BA88/$O$8)) | BE88: =BA88-N88 -> 0 | BF88: =BE88/N88 -> #DIV/0! | BJ88: =IF($D88="","",IF($D88=BJ$16,$BA88,"")) | BK88: =IF($D88="","",IF($D88=BK$16,$BA88,"")) | BL88: =IF($D88="","",IF($D88=BL$16,$BA88,"")) | BM88: =IF($D88="","",IF($D88=BM$16,$BA88,"")) | BN88: =IF($D88="","",IF($D88=BN$16,$BA88,"")) | BO88: =IF($D88="","",IF($D88=BO$16,$BA88,"")) | BP88: =IF($D88="","",IF($D88=BP$16,$BA88,"")) | BQ88: =IF($D88="","",IF($D88=BQ$16,$BA88,"")) | ... BS88: =IF($D88="","",IF($D88=BS$16,$BA88,"")) | BT88: =IF(BA88="","",BA88-SUM(BJ88:BS88)) -> 0
A89: =CONCATENATE($C89,"-",$E89) -> B3-02-x | B89: =IF(E89="","",SUBTOTAL(3,$E$88:E89)) -> 2 | C89: =IF(E89="","",IF(B89<10,CONCATENATE($C$87,"-0",B89),CONCATENATE($C$87,"-",B89))) -> B3-02 | E89: x | L89: =IF(E89="","",(G89*I89*J89)) -> 0 | M89: 1 | N89: =IF(L89="","",IF(L89=0,0,(L89/M89))) -> 0 | O89: =IF(N89="","", IF($O$8="","",N89/$O$8)) | Q89: =LEFT(C89) -> B | S89: =IF(C89="","",CONCATENATE(C89,"|",E89)) -> B3-02|x | W89: =IF($D89="","",IF($D89=W$16,$N89,"")) | X89: =IF($D89="","",IF($D89=X$16,$N89,"")) | Y89: =IF($D89="","",IF($D89=Y$16,$N89,"")) | Z89: =IF($D89="","",IF($D89=Z$16,$N89,"")) | AA89: =IF($D89="","",IF($D89=AA$16,$N89,"")) | AB89: =IF($D89="","",IF($D89=AB$16,$N89,"")) | AC89: =IF($D89="","",IF($D89=AC$16,$N89,"")) | AD89: =IF($D89="","",IF($D89=AD$16,$N89,"")) | ... AF89: =IF($D89="","",IF($D89=AF$16,$N89,"")) | AG89: =IF(N89="","",N89-SUM(W89:AF89)) -> 0 | AM89: =REPORT!H106 -> 0 | AN89: =N89-AM89 -> 0 | AQ89: =F89 -> 0 | AR89: =G89 -> 0 | AS89: =H89 -> 0 | AT89: =I89 -> 0 | AU89: =J89 -> 0 | AV89: =K89 -> 0 | AW89: =IF(E89="","",ROUND(AR89*AT89*AU89,2)) -> 0 | AX89: =M89 -> 1 | AY89: =IF(AW89="","",IF(AW89=0,0,ROUND(AW89/AX89,0))) -> 0 | BA89: =AM89+AY89 -> 0 | BB89: =IF(BA89="","", IF($O$8="","",BA89/$O$8)) | BE89: =BA89-N89 -> 0 | BF89: =BE89/N89 -> #DIV/0! | BJ89: =IF($D89="","",IF($D89=BJ$16,$BA89,"")) | BK89: =IF($D89="","",IF($D89=BK$16,$BA89,"")) | BL89: =IF($D89="","",IF($D89=BL$16,$BA89,"")) | BM89: =IF($D89="","",IF($D89=BM$16,$BA89,"")) | BN89: =IF($D89="","",IF($D89=BN$16,$BA89,"")) | BO89: =IF($D89="","",IF($D89=BO$16,$BA89,"")) | BP89: =IF($D89="","",IF($D89=BP$16,$BA89,"")) | BQ89: =IF($D89="","",IF($D89=BQ$16,$BA89,"")) | ... BS89: =IF($D89="","",IF($D89=BS$16,$BA89,"")) | BT89: =IF(BA89="","",BA89-SUM(BJ89:BS89)) -> 0
A90: =CONCATENATE($C90,"-",$E90) -> B3-03-x | B90: =IF(E90="","",SUBTOTAL(3,$E$88:E90)) -> 3 | C90: =IF(E90="","",IF(B90<10,CONCATENATE($C$87,"-0",B90),CONCATENATE($C$87,"-",B90))) -> B3-03 | E90: x | L90: =IF(E90="","",(G90*I90*J90)) -> 0 | M90: 1 | N90: =IF(L90="","",IF(L90=0,0,(L90/M90))) -> 0 | O90: =IF(N90="","", IF($O$8="","",N90/$O$8)) | Q90: =LEFT(C90) -> B | S90: =IF(C90="","",CONCATENATE(C90,"|",E90)) -> B3-03|x | W90: =IF($D90="","",IF($D90=W$16,$N90,"")) | X90: =IF($D90="","",IF($D90=X$16,$N90,"")) | Y90: =IF($D90="","",IF($D90=Y$16,$N90,"")) | Z90: =IF($D90="","",IF($D90=Z$16,$N90,"")) | AA90: =IF($D90="","",IF($D90=AA$16,$N90,"")) | AB90: =IF($D90="","",IF($D90=AB$16,$N90,"")) | AC90: =IF($D90="","",IF($D90=AC$16,$N90,"")) | AD90: =IF($D90="","",IF($D90=AD$16,$N90,"")) | ... AF90: =IF($D90="","",IF($D90=AF$16,$N90,"")) | AG90: =IF(N90="","",N90-SUM(W90:AF90)) -> 0 | AM90: =REPORT!H107 -> 0 | AN90: =N90-AM90 -> 0 | AQ90: =F90 -> 0 | AR90: =G90 -> 0 | AS90: =H90 -> 0 | AT90: =I90 -> 0 | AU90: =J90 -> 0 | AV90: =K90 -> 0 | AW90: =IF(E90="","",ROUND(AR90*AT90*AU90,2)) -> 0 | AX90: =M90 -> 1 | AY90: =IF(AW90="","",IF(AW90=0,0,ROUND(AW90/AX90,0))) -> 0 | BA90: =AM90+AY90 -> 0 | BB90: =IF(BA90="","", IF($O$8="","",BA90/$O$8)) | BE90: =BA90-N90 -> 0 | BF90: =BE90/N90 -> #DIV/0! | BJ90: =IF($D90="","",IF($D90=BJ$16,$BA90,"")) | BK90: =IF($D90="","",IF($D90=BK$16,$BA90,"")) | BL90: =IF($D90="","",IF($D90=BL$16,$BA90,"")) | BM90: =IF($D90="","",IF($D90=BM$16,$BA90,"")) | BN90: =IF($D90="","",IF($D90=BN$16,$BA90,"")) | BO90: =IF($D90="","",IF($D90=BO$16,$BA90,"")) | BP90: =IF($D90="","",IF($D90=BP$16,$BA90,"")) | BQ90: =IF($D90="","",IF($D90=BQ$16,$BA90,"")) | ... BS90: =IF($D90="","",IF($D90=BS$16,$BA90,"")) | BT90: =IF(BA90="","",BA90-SUM(BJ90:BS90)) -> 0
A91: =CONCATENATE($C91,"-",$E91) -> B3-04-x | B91: =IF(E91="","",SUBTOTAL(3,$E$88:E91)) -> 4 | C91: =IF(E91="","",IF(B91<10,CONCATENATE($C$87,"-0",B91),CONCATENATE($C$87,"-",B91))) -> B3-04 | E91: x | L91: =IF(E91="","",(G91*I91*J91)) -> 0 | M91: 1 | N91: =IF(L91="","",IF(L91=0,0,(L91/M91))) -> 0 | O91: =IF(N91="","", IF($O$8="","",N91/$O$8)) | Q91: =LEFT(C91) -> B | S91: =IF(C91="","",CONCATENATE(C91,"|",E91)) -> B3-04|x | W91: =IF($D91="","",IF($D91=W$16,$N91,"")) | X91: =IF($D91="","",IF($D91=X$16,$N91,"")) | Y91: =IF($D91="","",IF($D91=Y$16,$N91,"")) | Z91: =IF($D91="","",IF($D91=Z$16,$N91,"")) | AA91: =IF($D91="","",IF($D91=AA$16,$N91,"")) | AB91: =IF($D91="","",IF($D91=AB$16,$N91,"")) | AC91: =IF($D91="","",IF($D91=AC$16,$N91,"")) | AD91: =IF($D91="","",IF($D91=AD$16,$N91,"")) | ... AF91: =IF($D91="","",IF($D91=AF$16,$N91,"")) | AG91: =IF(N91="","",N91-SUM(W91:AF91)) -> 0 | AM91: =REPORT!H108 -> 0 | AN91: =N91-AM91 -> 0 | AQ91: =F91 -> 0 | AR91: =G91 -> 0 | AS91: =H91 -> 0 | AT91: =I91 -> 0 | AU91: =J91 -> 0 | AV91: =K91 -> 0 | AW91: =IF(E91="","",ROUND(AR91*AT91*AU91,2)) -> 0 | AX91: =M91 -> 1 | AY91: =IF(AW91="","",IF(AW91=0,0,ROUND(AW91/AX91,0))) -> 0 | BA91: =AM91+AY91 -> 0 | BB91: =IF(BA91="","", IF($O$8="","",BA91/$O$8)) | BE91: =BA91-N91 -> 0 | BF91: =BE91/N91 -> #DIV/0! | BJ91: =IF($D91="","",IF($D91=BJ$16,$BA91,"")) | BK91: =IF($D91="","",IF($D91=BK$16,$BA91,"")) | BL91: =IF($D91="","",IF($D91=BL$16,$BA91,"")) | BM91: =IF($D91="","",IF($D91=BM$16,$BA91,"")) | BN91: =IF($D91="","",IF($D91=BN$16,$BA91,"")) | BO91: =IF($D91="","",IF($D91=BO$16,$BA91,"")) | BP91: =IF($D91="","",IF($D91=BP$16,$BA91,"")) | BQ91: =IF($D91="","",IF($D91=BQ$16,$BA91,"")) | ... BS91: =IF($D91="","",IF($D91=BS$16,$BA91,"")) | BT91: =IF(BA91="","",BA91-SUM(BJ91:BS91)) -> 0
A92: =CONCATENATE($C92,"-",$E92) -> B3-05-x | B92: =IF(E92="","",SUBTOTAL(3,$E$88:E92)) -> 5 | C92: =IF(E92="","",IF(B92<10,CONCATENATE($C$87,"-0",B92),CONCATENATE($C$87,"-",B92))) -> B3-05 | E92: x | L92: =IF(E92="","",(G92*I92*J92)) -> 0 | M92: 1 | N92: =IF(L92="","",IF(L92=0,0,(L92/M92))) -> 0 | O92: =IF(N92="","", IF($O$8="","",N92/$O$8)) | Q92: =LEFT(C92) -> B | S92: =IF(C92="","",CONCATENATE(C92,"|",E92)) -> B3-05|x | W92: =IF($D92="","",IF($D92=W$16,$N92,"")) | X92: =IF($D92="","",IF($D92=X$16,$N92,"")) | Y92: =IF($D92="","",IF($D92=Y$16,$N92,"")) | Z92: =IF($D92="","",IF($D92=Z$16,$N92,"")) | AA92: =IF($D92="","",IF($D92=AA$16,$N92,"")) | AB92: =IF($D92="","",IF($D92=AB$16,$N92,"")) | AC92: =IF($D92="","",IF($D92=AC$16,$N92,"")) | AD92: =IF($D92="","",IF($D92=AD$16,$N92,"")) | ... AF92: =IF($D92="","",IF($D92=AF$16,$N92,"")) | AG92: =IF(N92="","",N92-SUM(W92:AF92)) -> 0 | AM92: =REPORT!H109 -> 0 | AN92: =N92-AM92 -> 0 | AQ92: =F92 -> 0 | AR92: =G92 -> 0 | AS92: =H92 -> 0 | AT92: =I92 -> 0 | AU92: =J92 -> 0 | AV92: =K92 -> 0 | AW92: =IF(E92="","",ROUND(AR92*AT92*AU92,2)) -> 0 | AX92: =M92 -> 1 | AY92: =IF(AW92="","",IF(AW92=0,0,ROUND(AW92/AX92,0))) -> 0 | BA92: =AM92+AY92 -> 0 | BB92: =IF(BA92="","", IF($O$8="","",BA92/$O$8)) | BE92: =BA92-N92 -> 0 | BF92: =BE92/N92 -> #DIV/0! | BJ92: =IF($D92="","",IF($D92=BJ$16,$BA92,"")) | BK92: =IF($D92="","",IF($D92=BK$16,$BA92,"")) | BL92: =IF($D92="","",IF($D92=BL$16,$BA92,"")) | BM92: =IF($D92="","",IF($D92=BM$16,$BA92,"")) | BN92: =IF($D92="","",IF($D92=BN$16,$BA92,"")) | BO92: =IF($D92="","",IF($D92=BO$16,$BA92,"")) | BP92: =IF($D92="","",IF($D92=BP$16,$BA92,"")) | BQ92: =IF($D92="","",IF($D92=BQ$16,$BA92,"")) | ... BS92: =IF($D92="","",IF($D92=BS$16,$BA92,"")) | BT92: =IF(BA92="","",BA92-SUM(BJ92:BS92)) -> 0
A93: =CONCATENATE($C93,"-",$E93) -> B3-06-x | B93: =IF(E93="","",SUBTOTAL(3,$E$88:E93)) -> 6 | C93: =IF(E93="","",IF(B93<10,CONCATENATE($C$87,"-0",B93),CONCATENATE($C$87,"-",B93))) -> B3-06 | E93: x | L93: =IF(E93="","",(G93*I93*J93)) -> 0 | M93: 1 | N93: =IF(L93="","",IF(L93=0,0,(L93/M93))) -> 0 | O93: =IF(N93="","", IF($O$8="","",N93/$O$8)) | Q93: =LEFT(C93) -> B | S93: =IF(C93="","",CONCATENATE(C93,"|",E93)) -> B3-06|x | W93: =IF($D93="","",IF($D93=W$16,$N93,"")) | X93: =IF($D93="","",IF($D93=X$16,$N93,"")) | Y93: =IF($D93="","",IF($D93=Y$16,$N93,"")) | Z93: =IF($D93="","",IF($D93=Z$16,$N93,"")) | AA93: =IF($D93="","",IF($D93=AA$16,$N93,"")) | AB93: =IF($D93="","",IF($D93=AB$16,$N93,"")) | AC93: =IF($D93="","",IF($D93=AC$16,$N93,"")) | AD93: =IF($D93="","",IF($D93=AD$16,$N93,"")) | ... AF93: =IF($D93="","",IF($D93=AF$16,$N93,"")) | AG93: =IF(N93="","",N93-SUM(W93:AF93)) -> 0 | AM93: =REPORT!H110 -> 0 | AN93: =N93-AM93 -> 0 | AQ93: =F93 -> 0 | AR93: =G93 -> 0 | AS93: =H93 -> 0 | AT93: =I93 -> 0 | AU93: =J93 -> 0 | AV93: =K93 -> 0 | AW93: =IF(E93="","",ROUND(AR93*AT93*AU93,2)) -> 0 | AX93: =M93 -> 1 | AY93: =IF(AW93="","",IF(AW93=0,0,ROUND(AW93/AX93,0))) -> 0 | BA93: =AM93+AY93 -> 0 | BB93: =IF(BA93="","", IF($O$8="","",BA93/$O$8)) | BE93: =BA93-N93 -> 0 | BF93: =BE93/N93 -> #DIV/0! | BJ93: =IF($D93="","",IF($D93=BJ$16,$BA93,"")) | BK93: =IF($D93="","",IF($D93=BK$16,$BA93,"")) | BL93: =IF($D93="","",IF($D93=BL$16,$BA93,"")) | BM93: =IF($D93="","",IF($D93=BM$16,$BA93,"")) | BN93: =IF($D93="","",IF($D93=BN$16,$BA93,"")) | BO93: =IF($D93="","",IF($D93=BO$16,$BA93,"")) | BP93: =IF($D93="","",IF($D93=BP$16,$BA93,"")) | BQ93: =IF($D93="","",IF($D93=BQ$16,$BA93,"")) | ... BS93: =IF($D93="","",IF($D93=BS$16,$BA93,"")) | BT93: =IF(BA93="","",BA93-SUM(BJ93:BS93)) -> 0
A94: =CONCATENATE($C94,"-",$E94) -> B3-07-x | B94: =IF(E94="","",SUBTOTAL(3,$E$88:E94)) -> 7 | C94: =IF(E94="","",IF(B94<10,CONCATENATE($C$87,"-0",B94),CONCATENATE($C$87,"-",B94))) -> B3-07 | E94: x | L94: =IF(E94="","",(G94*I94*J94)) -> 0 | M94: 1 | N94: =IF(L94="","",IF(L94=0,0,(L94/M94))) -> 0 | O94: =IF(N94="","", IF($O$8="","",N94/$O$8)) | Q94: =LEFT(C94) -> B | S94: =IF(C94="","",CONCATENATE(C94,"|",E94)) -> B3-07|x | W94: =IF($D94="","",IF($D94=W$16,$N94,"")) | X94: =IF($D94="","",IF($D94=X$16,$N94,"")) | Y94: =IF($D94="","",IF($D94=Y$16,$N94,"")) | Z94: =IF($D94="","",IF($D94=Z$16,$N94,"")) | AA94: =IF($D94="","",IF($D94=AA$16,$N94,"")) | AB94: =IF($D94="","",IF($D94=AB$16,$N94,"")) | AC94: =IF($D94="","",IF($D94=AC$16,$N94,"")) | AD94: =IF($D94="","",IF($D94=AD$16,$N94,"")) | ... AF94: =IF($D94="","",IF($D94=AF$16,$N94,"")) | AG94: =IF(N94="","",N94-SUM(W94:AF94)) -> 0 | AM94: =REPORT!H111 -> 0 | AN94: =N94-AM94 -> 0 | AQ94: =F94 -> 0 | AR94: =G94 -> 0 | AS94: =H94 -> 0 | AT94: =I94 -> 0 | AU94: =J94 -> 0 | AV94: =K94 -> 0 | AW94: =IF(E94="","",ROUND(AR94*AT94*AU94,2)) -> 0 | AX94: =M94 -> 1 | AY94: =IF(AW94="","",IF(AW94=0,0,ROUND(AW94/AX94,0))) -> 0 | BA94: =AM94+AY94 -> 0 | BB94: =IF(BA94="","", IF($O$8="","",BA94/$O$8)) | BE94: =BA94-N94 -> 0 | BF94: =BE94/N94 -> #DIV/0! | BJ94: =IF($D94="","",IF($D94=BJ$16,$BA94,"")) | BK94: =IF($D94="","",IF($D94=BK$16,$BA94,"")) | BL94: =IF($D94="","",IF($D94=BL$16,$BA94,"")) | BM94: =IF($D94="","",IF($D94=BM$16,$BA94,"")) | BN94: =IF($D94="","",IF($D94=BN$16,$BA94,"")) | BO94: =IF($D94="","",IF($D94=BO$16,$BA94,"")) | BP94: =IF($D94="","",IF($D94=BP$16,$BA94,"")) | BQ94: =IF($D94="","",IF($D94=BQ$16,$BA94,"")) | ... BS94: =IF($D94="","",IF($D94=BS$16,$BA94,"")) | BT94: =IF(BA94="","",BA94-SUM(BJ94:BS94)) -> 0
A95: =CONCATENATE($C95,"-",$E95) -> B3-08-x | B95: =IF(E95="","",SUBTOTAL(3,$E$88:E95)) -> 8 | C95: =IF(E95="","",IF(B95<10,CONCATENATE($C$87,"-0",B95),CONCATENATE($C$87,"-",B95))) -> B3-08 | E95: x | L95: =IF(E95="","",(G95*I95*J95)) -> 0 | M95: 1 | N95: =IF(L95="","",IF(L95=0,0,(L95/M95))) -> 0 | O95: =IF(N95="","", IF($O$8="","",N95/$O$8)) | Q95: =LEFT(C95) -> B | S95: =IF(C95="","",CONCATENATE(C95,"|",E95)) -> B3-08|x | W95: =IF($D95="","",IF($D95=W$16,$N95,"")) | X95: =IF($D95="","",IF($D95=X$16,$N95,"")) | Y95: =IF($D95="","",IF($D95=Y$16,$N95,"")) | Z95: =IF($D95="","",IF($D95=Z$16,$N95,"")) | AA95: =IF($D95="","",IF($D95=AA$16,$N95,"")) | AB95: =IF($D95="","",IF($D95=AB$16,$N95,"")) | AC95: =IF($D95="","",IF($D95=AC$16,$N95,"")) | AD95: =IF($D95="","",IF($D95=AD$16,$N95,"")) | ... AF95: =IF($D95="","",IF($D95=AF$16,$N95,"")) | AG95: =IF(N95="","",N95-SUM(W95:AF95)) -> 0 | AM95: =REPORT!H112 -> 0 | AN95: =N95-AM95 -> 0 | AQ95: =F95 -> 0 | AR95: =G95 -> 0 | AS95: =H95 -> 0 | AT95: =I95 -> 0 | AU95: =J95 -> 0 | AV95: =K95 -> 0 | AW95: =IF(E95="","",ROUND(AR95*AT95*AU95,2)) -> 0 | AX95: =M95 -> 1 | AY95: =IF(AW95="","",IF(AW95=0,0,ROUND(AW95/AX95,0))) -> 0 | BA95: =AM95+AY95 -> 0 | BB95: =IF(BA95="","", IF($O$8="","",BA95/$O$8)) | BE95: =BA95-N95 -> 0 | BF95: =BE95/N95 -> #DIV/0! | BJ95: =IF($D95="","",IF($D95=BJ$16,$BA95,"")) | BK95: =IF($D95="","",IF($D95=BK$16,$BA95,"")) | BL95: =IF($D95="","",IF($D95=BL$16,$BA95,"")) | BM95: =IF($D95="","",IF($D95=BM$16,$BA95,"")) | BN95: =IF($D95="","",IF($D95=BN$16,$BA95,"")) | BO95: =IF($D95="","",IF($D95=BO$16,$BA95,"")) | BP95: =IF($D95="","",IF($D95=BP$16,$BA95,"")) | BQ95: =IF($D95="","",IF($D95=BQ$16,$BA95,"")) | ... BS95: =IF($D95="","",IF($D95=BS$16,$BA95,"")) | BT95: =IF(BA95="","",BA95-SUM(BJ95:BS95)) -> 0
A96: =CONCATENATE($C96,"-",$E96) -> B3-09-x | B96: =IF(E96="","",SUBTOTAL(3,$E$88:E96)) -> 9 | C96: =IF(E96="","",IF(B96<10,CONCATENATE($C$87,"-0",B96),CONCATENATE($C$87,"-",B96))) -> B3-09 | E96: x | L96: =IF(E96="","",(G96*I96*J96)) -> 0 | M96: 1 | N96: =IF(L96="","",IF(L96=0,0,(L96/M96))) -> 0 | O96: =IF(N96="","", IF($O$8="","",N96/$O$8)) | Q96: =LEFT(C96) -> B | S96: =IF(C96="","",CONCATENATE(C96,"|",E96)) -> B3-09|x | W96: =IF($D96="","",IF($D96=W$16,$N96,"")) | X96: =IF($D96="","",IF($D96=X$16,$N96,"")) | Y96: =IF($D96="","",IF($D96=Y$16,$N96,"")) | Z96: =IF($D96="","",IF($D96=Z$16,$N96,"")) | AA96: =IF($D96="","",IF($D96=AA$16,$N96,"")) | AB96: =IF($D96="","",IF($D96=AB$16,$N96,"")) | AC96: =IF($D96="","",IF($D96=AC$16,$N96,"")) | AD96: =IF($D96="","",IF($D96=AD$16,$N96,"")) | ... AF96: =IF($D96="","",IF($D96=AF$16,$N96,"")) | AG96: =IF(N96="","",N96-SUM(W96:AF96)) -> 0 | AM96: =REPORT!H113 -> 0 | AN96: =N96-AM96 -> 0 | AQ96: =F96 -> 0 | AR96: =G96 -> 0 | AS96: =H96 -> 0 | AT96: =I96 -> 0 | AU96: =J96 -> 0 | AV96: =K96 -> 0 | AW96: =IF(E96="","",ROUND(AR96*AT96*AU96,2)) -> 0 | AX96: =M96 -> 1 | AY96: =IF(AW96="","",IF(AW96=0,0,ROUND(AW96/AX96,0))) -> 0 | BA96: =AM96+AY96 -> 0 | BB96: =IF(BA96="","", IF($O$8="","",BA96/$O$8)) | BE96: =BA96-N96 -> 0 | BF96: =BE96/N96 -> #DIV/0! | BJ96: =IF($D96="","",IF($D96=BJ$16,$BA96,"")) | BK96: =IF($D96="","",IF($D96=BK$16,$BA96,"")) | BL96: =IF($D96="","",IF($D96=BL$16,$BA96,"")) | BM96: =IF($D96="","",IF($D96=BM$16,$BA96,"")) | BN96: =IF($D96="","",IF($D96=BN$16,$BA96,"")) | BO96: =IF($D96="","",IF($D96=BO$16,$BA96,"")) | BP96: =IF($D96="","",IF($D96=BP$16,$BA96,"")) | BQ96: =IF($D96="","",IF($D96=BQ$16,$BA96,"")) | ... BS96: =IF($D96="","",IF($D96=BS$16,$BA96,"")) | BT96: =IF(BA96="","",BA96-SUM(BJ96:BS96)) -> 0
A97: =CONCATENATE($C97,"-",$E97) -> B3-10-x | B97: =IF(E97="","",SUBTOTAL(3,$E$88:E97)) -> 10 | C97: =IF(E97="","",IF(B97<10,CONCATENATE($C$87,"-0",B97),CONCATENATE($C$87,"-",B97))) -> B3-10 | E97: x | L97: =IF(E97="","",(G97*I97*J97)) -> 0 | M97: 1 | N97: =IF(L97="","",IF(L97=0,0,(L97/M97))) -> 0 | O97: =IF(N97="","", IF($O$8="","",N97/$O$8)) | Q97: =LEFT(C97) -> B | S97: =IF(C97="","",CONCATENATE(C97,"|",E97)) -> B3-10|x | W97: =IF($D97="","",IF($D97=W$16,$N97,"")) | X97: =IF($D97="","",IF($D97=X$16,$N97,"")) | Y97: =IF($D97="","",IF($D97=Y$16,$N97,"")) | Z97: =IF($D97="","",IF($D97=Z$16,$N97,"")) | AA97: =IF($D97="","",IF($D97=AA$16,$N97,"")) | AB97: =IF($D97="","",IF($D97=AB$16,$N97,"")) | AC97: =IF($D97="","",IF($D97=AC$16,$N97,"")) | AD97: =IF($D97="","",IF($D97=AD$16,$N97,"")) | ... AF97: =IF($D97="","",IF($D97=AF$16,$N97,"")) | AG97: =IF(N97="","",N97-SUM(W97:AF97)) -> 0 | AM97: =REPORT!H114 -> 0 | AN97: =N97-AM97 -> 0 | AQ97: =F97 -> 0 | AR97: =G97 -> 0 | AS97: =H97 -> 0 | AT97: =I97 -> 0 | AU97: =J97 -> 0 | AV97: =K97 -> 0 | AW97: =IF(E97="","",ROUND(AR97*AT97*AU97,2)) -> 0 | AX97: =M97 -> 1 | AY97: =IF(AW97="","",IF(AW97=0,0,ROUND(AW97/AX97,0))) -> 0 | BA97: =AM97+AY97 -> 0 | BB97: =IF(BA97="","", IF($O$8="","",BA97/$O$8)) | BE97: =BA97-N97 -> 0 | BF97: =BE97/N97 -> #DIV/0! | BJ97: =IF($D97="","",IF($D97=BJ$16,$BA97,"")) | BK97: =IF($D97="","",IF($D97=BK$16,$BA97,"")) | BL97: =IF($D97="","",IF($D97=BL$16,$BA97,"")) | BM97: =IF($D97="","",IF($D97=BM$16,$BA97,"")) | BN97: =IF($D97="","",IF($D97=BN$16,$BA97,"")) | BO97: =IF($D97="","",IF($D97=BO$16,$BA97,"")) | BP97: =IF($D97="","",IF($D97=BP$16,$BA97,"")) | BQ97: =IF($D97="","",IF($D97=BQ$16,$BA97,"")) | ... BS97: =IF($D97="","",IF($D97=BS$16,$BA97,"")) | BT97: =IF(BA97="","",BA97-SUM(BJ97:BS97)) -> 0
C98: B4 | N98: =SUM(N99:N108) -> 0 | O98: =IF(N98="","", IF($O$8="","",N98/$O$8)) | P98: =IF(OR(N98="",N98=0),"",N98/$N$221) | Q98: =LEFT(C98) -> B | W98: =SUM(W99:W108) -> 0 | X98: =SUM(X99:X108) -> 0 | Y98: =SUM(Y99:Y108) -> 0 | Z98: =SUM(Z99:Z108) -> 0 | AA98: =SUM(AA99:AA108) -> 0 | AB98: =SUM(AB99:AB108) -> 0 | AC98: =SUM(AC99:AC108) -> 0 | AD98: =SUM(AD99:AD108) -> 0 | ... AF98: =SUM(AF99:AF108) -> 0 | AG98: =IF(N98="","",N98-SUM(W98:AF98)) -> 0 | AM98: =SUM(AM99:AM108) -> 0 | AN98: =N98-AM98 -> 0 | AY98: =SUM(AY99:AY108) -> 0 | BA98: =SUM(BA99:BA108) -> 0 | BB98: =IF(BA98="","", IF($O$8="","",BA98/$O$8)) | BC98: =IF(OR(BA98="",BA98=0),"",BA98/$BA$221) | BE98: =SUM(BE99:BE108) -> 0 | BF98: =BE98/N98 -> #DIV/0! | BJ98: =SUM(BJ99:BJ108) -> 0 | BK98: =SUM(BK99:BK108) -> 0 | BL98: =SUM(BL99:BL108) -> 0 | BM98: =SUM(BM99:BM108) -> 0 | BN98: =SUM(BN99:BN108) -> 0 | BO98: =SUM(BO99:BO108) -> 0 | BP98: =SUM(BP99:BP108) -> 0 | BQ98: =SUM(BQ99:BQ108) -> 0 | ... BS98: =SUM(BS99:BS108) -> 0 | BT98: =IF(BA98="","",BA98-SUM(BJ98:BS98)) -> 0
A99: =CONCATENATE($C99,"-",$E99) -> B4-01-x | B99: =IF(E99="","",SUBTOTAL(3,$E$99:E99)) -> 1 | C99: =IF(E99="","",IF(B99<10,CONCATENATE($C$98,"-0",B99),CONCATENATE($C$98,"-",B99))) -> B4-01 | E99: x | L99: =IF(E99="","",(G99*I99*J99)) -> 0 | M99: 1 | N99: =IF(L99="","",IF(L99=0,0,(L99/M99))) -> 0 | O99: =IF(N99="","", IF($O$8="","",N99/$O$8)) | Q99: =LEFT(C99) -> B | S99: =IF(C99="","",CONCATENATE(C99,"|",E99)) -> B4-01|x | W99: =IF($D99="","",IF($D99=W$16,$N99,"")) | X99: =IF($D99="","",IF($D99=X$16,$N99,"")) | Y99: =IF($D99="","",IF($D99=Y$16,$N99,"")) | Z99: =IF($D99="","",IF($D99=Z$16,$N99,"")) | AA99: =IF($D99="","",IF($D99=AA$16,$N99,"")) | AB99: =IF($D99="","",IF($D99=AB$16,$N99,"")) | AC99: =IF($D99="","",IF($D99=AC$16,$N99,"")) | AD99: =IF($D99="","",IF($D99=AD$16,$N99,"")) | ... AF99: =IF($D99="","",IF($D99=AF$16,$N99,"")) | AG99: =IF(N99="","",N99-SUM(W99:AF99)) -> 0 | AM99: =REPORT!H116 -> 0 | AN99: =N99-AM99 -> 0 | AQ99: =F99 -> 0 | AR99: =G99 -> 0 | AS99: =H99 -> 0 | AT99: =I99 -> 0 | AU99: 0 | AV99: =K99 -> 0 | AW99: =IF(E99="","",ROUND(AR99*AT99*AU99,2)) -> 0 | AX99: =M99 -> 1 | AY99: =IF(AW99="","",IF(AW99=0,0,ROUND(AW99/AX99,0))) -> 0 | BA99: =AM99+AY99 -> 0 | BB99: =IF(BA99="","", IF($O$8="","",BA99/$O$8)) | BE99: =BA99-N99 -> 0 | BF99: =BE99/N99 -> #DIV/0! | BJ99: =IF($D99="","",IF($D99=BJ$16,$BA99,"")) | BK99: =IF($D99="","",IF($D99=BK$16,$BA99,"")) | BL99: =IF($D99="","",IF($D99=BL$16,$BA99,"")) | BM99: =IF($D99="","",IF($D99=BM$16,$BA99,"")) | BN99: =IF($D99="","",IF($D99=BN$16,$BA99,"")) | BO99: =IF($D99="","",IF($D99=BO$16,$BA99,"")) | BP99: =IF($D99="","",IF($D99=BP$16,$BA99,"")) | BQ99: =IF($D99="","",IF($D99=BQ$16,$BA99,"")) | ... BS99: =IF($D99="","",IF($D99=BS$16,$BA99,"")) | BT99: =IF(BA99="","",BA99-SUM(BJ99:BS99)) -> 0
A100: =CONCATENATE($C100,"-",$E100) -> B4-02-x | B100: =IF(E100="","",SUBTOTAL(3,$E$99:E100)) -> 2 | C100: =IF(E100="","",IF(B100<10,CONCATENATE($C$98,"-0",B100),CONCATENATE($C$98,"-",B100))) -> B4-02 | E100: x | L100: =IF(E100="","",(G100*I100*J100)) -> 0 | M100: 1 | N100: =IF(L100="","",IF(L100=0,0,(L100/M100))) -> 0 | O100: =IF(N100="","", IF($O$8="","",N100/$O$8)) | Q100: =LEFT(C100) -> B | S100: =IF(C100="","",CONCATENATE(C100,"|",E100)) -> B4-02|x | W100: =IF($D100="","",IF($D100=W$16,$N100,"")) | X100: =IF($D100="","",IF($D100=X$16,$N100,"")) | Y100: =IF($D100="","",IF($D100=Y$16,$N100,"")) | Z100: =IF($D100="","",IF($D100=Z$16,$N100,"")) | AA100: =IF($D100="","",IF($D100=AA$16,$N100,"")) | AB100: =IF($D100="","",IF($D100=AB$16,$N100,"")) | AC100: =IF($D100="","",IF($D100=AC$16,$N100,"")) | AD100: =IF($D100="","",IF($D100=AD$16,$N100,"")) | ... AF100: =IF($D100="","",IF($D100=AF$16,$N100,"")) | AG100: =IF(N100="","",N100-SUM(W100:AF100)) -> 0 | AM100: =REPORT!H117 -> 0 | AN100: =N100-AM100 -> 0 | AQ100: =F100 -> 0 | AR100: =G100 -> 0 | AS100: =H100 -> 0 | AT100: =I100 -> 0 | AU100: 0 | AV100: =K100 -> 0 | AW100: =IF(E100="","",ROUND(AR100*AT100*AU100,2)) -> 0 | AX100: =M100 -> 1 | AY100: =IF(AW100="","",IF(AW100=0,0,ROUND(AW100/AX100,0))) -> 0 | BA100: =AM100+AY100 -> 0 | BB100: =IF(BA100="","", IF($O$8="","",BA100/$O$8)) | BE100: =BA100-N100 -> 0 | BF100: =BE100/N100 -> #DIV/0! | BJ100: =IF($D100="","",IF($D100=BJ$16,$BA100,"")) | BK100: =IF($D100="","",IF($D100=BK$16,$BA100,"")) | BL100: =IF($D100="","",IF($D100=BL$16,$BA100,"")) | BM100: =IF($D100="","",IF($D100=BM$16,$BA100,"")) | BN100: =IF($D100="","",IF($D100=BN$16,$BA100,"")) | BO100: =IF($D100="","",IF($D100=BO$16,$BA100,"")) | BP100: =IF($D100="","",IF($D100=BP$16,$BA100,"")) | BQ100: =IF($D100="","",IF($D100=BQ$16,$BA100,"")) | ... BS100: =IF($D100="","",IF($D100=BS$16,$BA100,"")) | BT100: =IF(BA100="","",BA100-SUM(BJ100:BS100)) -> 0
A101: =CONCATENATE($C101,"-",$E101) -> B4-03-x | B101: =IF(E101="","",SUBTOTAL(3,$E$99:E101)) -> 3 | C101: =IF(E101="","",IF(B101<10,CONCATENATE($C$98,"-0",B101),CONCATENATE($C$98,"-",B101))) -> B4-03 | E101: x | L101: =IF(E101="","",(G101*I101*J101)) -> 0 | M101: 1 | N101: =IF(L101="","",IF(L101=0,0,(L101/M101))) -> 0 | O101: =IF(N101="","", IF($O$8="","",N101/$O$8)) | Q101: =LEFT(C101) -> B | S101: =IF(C101="","",CONCATENATE(C101,"|",E101)) -> B4-03|x | W101: =IF($D101="","",IF($D101=W$16,$N101,"")) | X101: =IF($D101="","",IF($D101=X$16,$N101,"")) | Y101: =IF($D101="","",IF($D101=Y$16,$N101,"")) | Z101: =IF($D101="","",IF($D101=Z$16,$N101,"")) | AA101: =IF($D101="","",IF($D101=AA$16,$N101,"")) | AB101: =IF($D101="","",IF($D101=AB$16,$N101,"")) | AC101: =IF($D101="","",IF($D101=AC$16,$N101,"")) | AD101: =IF($D101="","",IF($D101=AD$16,$N101,"")) | ... AF101: =IF($D101="","",IF($D101=AF$16,$N101,"")) | AG101: =IF(N101="","",N101-SUM(W101:AF101)) -> 0 | AM101: =REPORT!H118 -> 0 | AN101: =N101-AM101 -> 0 | AQ101: =F101 -> 0 | AR101: =G101 -> 0 | AS101: =H101 -> 0 | AT101: =I101 -> 0 | AU101: =J101 -> 0 | AV101: =K101 -> 0 | AW101: =IF(E101="","",ROUND(AR101*AT101*AU101,2)) -> 0 | AX101: =M101 -> 1 | AY101: =IF(AW101="","",IF(AW101=0,0,ROUND(AW101/AX101,0))) -> 0 | BA101: =AM101+AY101 -> 0 | BB101: =IF(BA101="","", IF($O$8="","",BA101/$O$8)) | BE101: =BA101-N101 -> 0 | BF101: =BE101/N101 -> #DIV/0! | BJ101: =IF($D101="","",IF($D101=BJ$16,$BA101,"")) | BK101: =IF($D101="","",IF($D101=BK$16,$BA101,"")) | BL101: =IF($D101="","",IF($D101=BL$16,$BA101,"")) | BM101: =IF($D101="","",IF($D101=BM$16,$BA101,"")) | BN101: =IF($D101="","",IF($D101=BN$16,$BA101,"")) | BO101: =IF($D101="","",IF($D101=BO$16,$BA101,"")) | BP101: =IF($D101="","",IF($D101=BP$16,$BA101,"")) | BQ101: =IF($D101="","",IF($D101=BQ$16,$BA101,"")) | ... BS101: =IF($D101="","",IF($D101=BS$16,$BA101,"")) | BT101: =IF(BA101="","",BA101-SUM(BJ101:BS101)) -> 0
A102: =CONCATENATE($C102,"-",$E102) -> B4-04-x | B102: =IF(E102="","",SUBTOTAL(3,$E$99:E102)) -> 4 | C102: =IF(E102="","",IF(B102<10,CONCATENATE($C$98,"-0",B102),CONCATENATE($C$98,"-",B102))) -> B4-04 | E102: x | L102: =IF(E102="","",(G102*I102*J102)) -> 0 | M102: 1 | N102: =IF(L102="","",IF(L102=0,0,(L102/M102))) -> 0 | O102: =IF(N102="","", IF($O$8="","",N102/$O$8)) | Q102: =LEFT(C102) -> B | S102: =IF(C102="","",CONCATENATE(C102,"|",E102)) -> B4-04|x | W102: =IF($D102="","",IF($D102=W$16,$N102,"")) | X102: =IF($D102="","",IF($D102=X$16,$N102,"")) | Y102: =IF($D102="","",IF($D102=Y$16,$N102,"")) | Z102: =IF($D102="","",IF($D102=Z$16,$N102,"")) | AA102: =IF($D102="","",IF($D102=AA$16,$N102,"")) | AB102: =IF($D102="","",IF($D102=AB$16,$N102,"")) | AC102: =IF($D102="","",IF($D102=AC$16,$N102,"")) | AD102: =IF($D102="","",IF($D102=AD$16,$N102,"")) | ... AF102: =IF($D102="","",IF($D102=AF$16,$N102,"")) | AG102: =IF(N102="","",N102-SUM(W102:AF102)) -> 0 | AM102: =REPORT!H119 -> 0 | AN102: =N102-AM102 -> 0 | AQ102: =F102 -> 0 | AR102: =G102 -> 0 | AS102: =H102 -> 0 | AT102: =I102 -> 0 | AU102: =J102 -> 0 | AV102: =K102 -> 0 | AW102: =IF(E102="","",ROUND(AR102*AT102*AU102,2)) -> 0 | AX102: =M102 -> 1 | AY102: =IF(AW102="","",IF(AW102=0,0,ROUND(AW102/AX102,0))) -> 0 | BA102: =AM102+AY102 -> 0 | BB102: =IF(BA102="","", IF($O$8="","",BA102/$O$8)) | BE102: =BA102-N102 -> 0 | BF102: =BE102/N102 -> #DIV/0! | BJ102: =IF($D102="","",IF($D102=BJ$16,$BA102,"")) | BK102: =IF($D102="","",IF($D102=BK$16,$BA102,"")) | BL102: =IF($D102="","",IF($D102=BL$16,$BA102,"")) | BM102: =IF($D102="","",IF($D102=BM$16,$BA102,"")) | BN102: =IF($D102="","",IF($D102=BN$16,$BA102,"")) | BO102: =IF($D102="","",IF($D102=BO$16,$BA102,"")) | BP102: =IF($D102="","",IF($D102=BP$16,$BA102,"")) | BQ102: =IF($D102="","",IF($D102=BQ$16,$BA102,"")) | ... BS102: =IF($D102="","",IF($D102=BS$16,$BA102,"")) | BT102: =IF(BA102="","",BA102-SUM(BJ102:BS102)) -> 0
A103: =CONCATENATE($C103,"-",$E103) -> B4-05-x | B103: =IF(E103="","",SUBTOTAL(3,$E$99:E103)) -> 5 | C103: =IF(E103="","",IF(B103<10,CONCATENATE($C$98,"-0",B103),CONCATENATE($C$98,"-",B103))) -> B4-05 | E103: x | L103: =IF(E103="","",(G103*I103*J103)) -> 0 | M103: 1 | N103: =IF(L103="","",IF(L103=0,0,(L103/M103))) -> 0 | O103: =IF(N103="","", IF($O$8="","",N103/$O$8)) | Q103: =LEFT(C103) -> B | S103: =IF(C103="","",CONCATENATE(C103,"|",E103)) -> B4-05|x | W103: =IF($D103="","",IF($D103=W$16,$N103,"")) | X103: =IF($D103="","",IF($D103=X$16,$N103,"")) | Y103: =IF($D103="","",IF($D103=Y$16,$N103,"")) | Z103: =IF($D103="","",IF($D103=Z$16,$N103,"")) | AA103: =IF($D103="","",IF($D103=AA$16,$N103,"")) | AB103: =IF($D103="","",IF($D103=AB$16,$N103,"")) | AC103: =IF($D103="","",IF($D103=AC$16,$N103,"")) | AD103: =IF($D103="","",IF($D103=AD$16,$N103,"")) | ... AF103: =IF($D103="","",IF($D103=AF$16,$N103,"")) | AG103: =IF(N103="","",N103-SUM(W103:AF103)) -> 0 | AM103: =REPORT!H120 -> 0 | AN103: =N103-AM103 -> 0 | AQ103: =F103 -> 0 | AR103: =G103 -> 0 | AS103: =H103 -> 0 | AT103: =I103 -> 0 | AU103: =J103 -> 0 | AV103: =K103 -> 0 | AW103: =IF(E103="","",ROUND(AR103*AT103*AU103,2)) -> 0 | AX103: =M103 -> 1 | AY103: =IF(AW103="","",IF(AW103=0,0,ROUND(AW103/AX103,0))) -> 0 | BA103: =AM103+AY103 -> 0 | BB103: =IF(BA103="","", IF($O$8="","",BA103/$O$8)) | BE103: =BA103-N103 -> 0 | BF103: =BE103/N103 -> #DIV/0! | BJ103: =IF($D103="","",IF($D103=BJ$16,$BA103,"")) | BK103: =IF($D103="","",IF($D103=BK$16,$BA103,"")) | BL103: =IF($D103="","",IF($D103=BL$16,$BA103,"")) | BM103: =IF($D103="","",IF($D103=BM$16,$BA103,"")) | BN103: =IF($D103="","",IF($D103=BN$16,$BA103,"")) | BO103: =IF($D103="","",IF($D103=BO$16,$BA103,"")) | BP103: =IF($D103="","",IF($D103=BP$16,$BA103,"")) | BQ103: =IF($D103="","",IF($D103=BQ$16,$BA103,"")) | ... BS103: =IF($D103="","",IF($D103=BS$16,$BA103,"")) | BT103: =IF(BA103="","",BA103-SUM(BJ103:BS103)) -> 0
A104: =CONCATENATE($C104,"-",$E104) -> B4-06-x | B104: =IF(E104="","",SUBTOTAL(3,$E$99:E104)) -> 6 | C104: =IF(E104="","",IF(B104<10,CONCATENATE($C$98,"-0",B104),CONCATENATE($C$98,"-",B104))) -> B4-06 | E104: x | L104: =IF(E104="","",(G104*I104*J104)) -> 0 | M104: 1 | N104: =IF(L104="","",IF(L104=0,0,(L104/M104))) -> 0 | O104: =IF(N104="","", IF($O$8="","",N104/$O$8)) | Q104: =LEFT(C104) -> B | S104: =IF(C104="","",CONCATENATE(C104,"|",E104)) -> B4-06|x | W104: =IF($D104="","",IF($D104=W$16,$N104,"")) | X104: =IF($D104="","",IF($D104=X$16,$N104,"")) | Y104: =IF($D104="","",IF($D104=Y$16,$N104,"")) | Z104: =IF($D104="","",IF($D104=Z$16,$N104,"")) | AA104: =IF($D104="","",IF($D104=AA$16,$N104,"")) | AB104: =IF($D104="","",IF($D104=AB$16,$N104,"")) | AC104: =IF($D104="","",IF($D104=AC$16,$N104,"")) | AD104: =IF($D104="","",IF($D104=AD$16,$N104,"")) | ... AF104: =IF($D104="","",IF($D104=AF$16,$N104,"")) | AG104: =IF(N104="","",N104-SUM(W104:AF104)) -> 0 | AM104: =REPORT!H121 -> 0 | AN104: =N104-AM104 -> 0 | AQ104: =F104 -> 0 | AR104: =G104 -> 0 | AS104: =H104 -> 0 | AT104: =I104 -> 0 | AU104: =J104 -> 0 | AV104: =K104 -> 0 | AW104: =IF(E104="","",ROUND(AR104*AT104*AU104,2)) -> 0 | AX104: =M104 -> 1 | AY104: =IF(AW104="","",IF(AW104=0,0,ROUND(AW104/AX104,0))) -> 0 | BA104: =AM104+AY104 -> 0 | BB104: =IF(BA104="","", IF($O$8="","",BA104/$O$8)) | BE104: =BA104-N104 -> 0 | BF104: =BE104/N104 -> #DIV/0! | BJ104: =IF($D104="","",IF($D104=BJ$16,$BA104,"")) | BK104: =IF($D104="","",IF($D104=BK$16,$BA104,"")) | BL104: =IF($D104="","",IF($D104=BL$16,$BA104,"")) | BM104: =IF($D104="","",IF($D104=BM$16,$BA104,"")) | BN104: =IF($D104="","",IF($D104=BN$16,$BA104,"")) | BO104: =IF($D104="","",IF($D104=BO$16,$BA104,"")) | BP104: =IF($D104="","",IF($D104=BP$16,$BA104,"")) | BQ104: =IF($D104="","",IF($D104=BQ$16,$BA104,"")) | ... BS104: =IF($D104="","",IF($D104=BS$16,$BA104,"")) | BT104: =IF(BA104="","",BA104-SUM(BJ104:BS104)) -> 0
A105: =CONCATENATE($C105,"-",$E105) -> B4-07-x | B105: =IF(E105="","",SUBTOTAL(3,$E$99:E105)) -> 7 | C105: =IF(E105="","",IF(B105<10,CONCATENATE($C$98,"-0",B105),CONCATENATE($C$98,"-",B105))) -> B4-07 | E105: x | L105: =IF(E105="","",(G105*I105*J105)) -> 0 | M105: 1 | N105: =IF(L105="","",IF(L105=0,0,(L105/M105))) -> 0 | O105: =IF(N105="","", IF($O$8="","",N105/$O$8)) | Q105: =LEFT(C105) -> B | S105: =IF(C105="","",CONCATENATE(C105,"|",E105)) -> B4-07|x | W105: =IF($D105="","",IF($D105=W$16,$N105,"")) | X105: =IF($D105="","",IF($D105=X$16,$N105,"")) | Y105: =IF($D105="","",IF($D105=Y$16,$N105,"")) | Z105: =IF($D105="","",IF($D105=Z$16,$N105,"")) | AA105: =IF($D105="","",IF($D105=AA$16,$N105,"")) | AB105: =IF($D105="","",IF($D105=AB$16,$N105,"")) | AC105: =IF($D105="","",IF($D105=AC$16,$N105,"")) | AD105: =IF($D105="","",IF($D105=AD$16,$N105,"")) | ... AF105: =IF($D105="","",IF($D105=AF$16,$N105,"")) | AG105: =IF(N105="","",N105-SUM(W105:AF105)) -> 0 | AM105: =REPORT!H122 -> 0 | AN105: =N105-AM105 -> 0 | AQ105: =F105 -> 0 | AR105: =G105 -> 0 | AS105: =H105 -> 0 | AT105: =I105 -> 0 | AU105: =J105 -> 0 | AV105: =K105 -> 0 | AW105: =IF(E105="","",ROUND(AR105*AT105*AU105,2)) -> 0 | AX105: =M105 -> 1 | AY105: =IF(AW105="","",IF(AW105=0,0,ROUND(AW105/AX105,0))) -> 0 | BA105: =AM105+AY105 -> 0 | BB105: =IF(BA105="","", IF($O$8="","",BA105/$O$8)) | BE105: =BA105-N105 -> 0 | BF105: =BE105/N105 -> #DIV/0! | BJ105: =IF($D105="","",IF($D105=BJ$16,$BA105,"")) | BK105: =IF($D105="","",IF($D105=BK$16,$BA105,"")) | BL105: =IF($D105="","",IF($D105=BL$16,$BA105,"")) | BM105: =IF($D105="","",IF($D105=BM$16,$BA105,"")) | BN105: =IF($D105="","",IF($D105=BN$16,$BA105,"")) | BO105: =IF($D105="","",IF($D105=BO$16,$BA105,"")) | BP105: =IF($D105="","",IF($D105=BP$16,$BA105,"")) | BQ105: =IF($D105="","",IF($D105=BQ$16,$BA105,"")) | ... BS105: =IF($D105="","",IF($D105=BS$16,$BA105,"")) | BT105: =IF(BA105="","",BA105-SUM(BJ105:BS105)) -> 0
A106: =CONCATENATE($C106,"-",$E106) -> B4-08-x | B106: =IF(E106="","",SUBTOTAL(3,$E$99:E106)) -> 8 | C106: =IF(E106="","",IF(B106<10,CONCATENATE($C$98,"-0",B106),CONCATENATE($C$98,"-",B106))) -> B4-08 | E106: x | L106: =IF(E106="","",(G106*I106*J106)) -> 0 | M106: 1 | N106: =IF(L106="","",IF(L106=0,0,(L106/M106))) -> 0 | O106: =IF(N106="","", IF($O$8="","",N106/$O$8)) | Q106: =LEFT(C106) -> B | S106: =IF(C106="","",CONCATENATE(C106,"|",E106)) -> B4-08|x | W106: =IF($D106="","",IF($D106=W$16,$N106,"")) | X106: =IF($D106="","",IF($D106=X$16,$N106,"")) | Y106: =IF($D106="","",IF($D106=Y$16,$N106,"")) | Z106: =IF($D106="","",IF($D106=Z$16,$N106,"")) | AA106: =IF($D106="","",IF($D106=AA$16,$N106,"")) | AB106: =IF($D106="","",IF($D106=AB$16,$N106,"")) | AC106: =IF($D106="","",IF($D106=AC$16,$N106,"")) | AD106: =IF($D106="","",IF($D106=AD$16,$N106,"")) | ... AF106: =IF($D106="","",IF($D106=AF$16,$N106,"")) | AG106: =IF(N106="","",N106-SUM(W106:AF106)) -> 0 | AM106: =REPORT!H123 -> 0 | AN106: =N106-AM106 -> 0 | AQ106: =F106 -> 0 | AR106: =G106 -> 0 | AS106: =H106 -> 0 | AT106: =I106 -> 0 | AU106: =J106 -> 0 | AV106: =K106 -> 0 | AW106: =IF(E106="","",ROUND(AR106*AT106*AU106,2)) -> 0 | AX106: =M106 -> 1 | AY106: =IF(AW106="","",IF(AW106=0,0,ROUND(AW106/AX106,0))) -> 0 | BA106: =AM106+AY106 -> 0 | BB106: =IF(BA106="","", IF($O$8="","",BA106/$O$8)) | BE106: =BA106-N106 -> 0 | BF106: =BE106/N106 -> #DIV/0! | BJ106: =IF($D106="","",IF($D106=BJ$16,$BA106,"")) | BK106: =IF($D106="","",IF($D106=BK$16,$BA106,"")) | BL106: =IF($D106="","",IF($D106=BL$16,$BA106,"")) | BM106: =IF($D106="","",IF($D106=BM$16,$BA106,"")) | BN106: =IF($D106="","",IF($D106=BN$16,$BA106,"")) | BO106: =IF($D106="","",IF($D106=BO$16,$BA106,"")) | BP106: =IF($D106="","",IF($D106=BP$16,$BA106,"")) | BQ106: =IF($D106="","",IF($D106=BQ$16,$BA106,"")) | ... BS106: =IF($D106="","",IF($D106=BS$16,$BA106,"")) | BT106: =IF(BA106="","",BA106-SUM(BJ106:BS106)) -> 0
...

Sheet REPORT
B2: FINANCIAL REPORT | AA2: DETAILS - EXPENSES PER MONTH
C4: =BUDGET!D4 -> Project Name: | D4: =BUDGET!E4 -> 0
C6: =BUDGET!D6 -> Partner Organisation Name: | D6: =BUDGET!E6 -> 0
C8: Reporting currency: | D8: =BUDGET!N4 -> 0
C10: Reporting period: | D10: =IF(J10="","",CONCATENATE(IF(MONTH(J10)<=3,"Q1",IF(MONTH(J10)<=6,"Q2",IF(MONTH(J10)<=9,"Q3","Q4"))),".",YEAR(J10))) | G10: From | I10: To
C12: PART 1: INCOME | H12: =CONCATENATE("ACTUALS - to be filled by"," ",$O$33) -> ACTUALS - to be filled by TBD | O12: =CONCATENATE("FUNDS TRANFER TO LOCAL PARTNER(S) - to be filled by"," ",$O$33) -> FUNDS TRANFER TO LOCAL PARTNER(S) - to be filled by TBD
C13: Payment Schedule | D13: Approx. Date | E13: Descriptions | F13: Budget | G13: % | H13: Actual Funds received | I13: Burn rate | J13: Invoice date | K13: Recevied date | L13: Remarks/Notes | O13: =CONCATENATE(BUDGET!W16," ",">>>>") -> TBD >>>> | P13: =BUDGET!X16 -> Co/sub-partner 1 | Q13: =BUDGET!Y16 -> Co/sub-partner 2 | R13: =BUDGET!Z16 -> Co/sub-partner 3 | S13: =BUDGET!AA16 -> Co/sub-partner 4 | T13: =BUDGET!AB16 -> Co/sub-partner 5 | U13: =BUDGET!AC16 -> Co/sub-partner 6 | V13: =BUDGET!AD16 -> Co/sub-partner 7 | W13: =BUDGET!AE16 -> Co/sub-partner 8 | X13: =BUDGET!AF16 -> Co/sub-partner 9
O14: =BUDGET!W17 -> 0 | P14: =BUDGET!X17 -> 0 | Q14: =BUDGET!Y17 -> 0 | R14: =BUDGET!Z17 -> 0 | S14: =BUDGET!AA17 -> 0 | T14: =BUDGET!AB17 -> 0 | U14: =BUDGET!AC17 -> 0 | V14: =BUDGET!AD17 -> 0 | ... X14: =BUDGET!AF17 -> 0
O15: =IF(OR(BUDGET!$N$14="",BUDGET!$N$14="Initital Budget"),BUDGET!W225,BUDGET!BJ225) -> 0 | P15: =IF(OR(BUDGET!$N$14="",BUDGET!$N$14="Initital Budget"),BUDGET!X225,BUDGET!BK225) -> 0 | Q15: =IF(OR(BUDGET!$N$14="",BUDGET!$N$14="Initital Budget"),BUDGET!Y225,BUDGET!BL225) -> 0 | R15: =IF(OR(BUDGET!$N$14="",BUDGET!$N$14="Initital Budget"),BUDGET!Z225,BUDGET!BM225) -> 0 | S15: =IF(OR(BUDGET!$N$14="",BUDGET!$N$14="Initital Budget"),BUDGET!AA225,BUDGET!BN225) -> 0 | T15: =IF(OR(BUDGET!$N$14="",BUDGET!$N$14="Initital Budget"),BUDGET!AB225,BUDGET!BO225) -> 0 | U15: =IF(OR(BUDGET!$N$14="",BUDGET!$N$14="Initital Budget"),BUDGET!AC225,BUDGET!BP225) -> 0 | V15: =IF(OR(BUDGET!$N$14="",BUDGET!$N$14="Initital Budget"),BUDGET!AD225,BUDGET!BQ225) -> 0 | ... X15: =IF(OR(BUDGET!$N$14="",BUDGET!$N$14="Initital Budget"),BUDGET!AF225,BUDGET!BS225) -> 0
C16: TOTAL INCOME | F16: =BUDGET!N225 -> 0 | G16: =SUM(G17:G26) -> 0 | H16: =SUM(H17:H26) -> 0 | O16: =SUM(O17:O26) -> 0 | P16: =SUM(P17:P26) -> 0 | Q16: =SUM(Q17:Q26) -> 0 | R16: =SUM(R17:R26) -> 0 | S16: =SUM(S17:S26) -> 0 | T16: =SUM(T17:T26) -> 0 | U16: =SUM(U17:U26) -> 0 | V16: =SUM(V17:V26) -> 0 | ... X16: =SUM(X17:X26) -> 0
C17: 1st tranche | G17: =IF(F17="","",F17/$F$16) | I17: =IF(H17="","",SUM(H$17:$H17)/$F$16) | O17: =-SUM(P17:X17) -> 0
C18: 2nd tranche | G18: =IF(F18="","",F18/$F$16) | I18: =IF(H18="","",SUM(H$17:$H18)/$F$16) | O18: =-SUM(P18:X18) -> 0
C19: 3rd tranche | G19: =IF(F19="","",F19/$F$16) | I19: =IF(H19="","",SUM(H$17:$H19)/$F$16) | O19: =-SUM(P19:X19) -> 0
C20: 4th tranche | G20: =IF(F20="","",F20/$F$16) | I20: =IF(H20="","",SUM(H$17:$H20)/$F$16) | O20: =-SUM(P20:X20) -> 0
C21: 5th tranche | G21: =IF(F21="","",F21/$F$16) | I21: =IF(H21="","",SUM(H$17:$H21)/$F$16) | O21: =-SUM(P21:X21) -> 0
C22: 6th tranche | G22: =IF(F22="","",F22/$F$16) | I22: =IF(H22="","",SUM(H$17:$H22)/$F$16) | O22: =-SUM(P22:X22) -> 0
C23: 7th tranche | G23: =IF(F23="","",F23/$F$16) | I23: =IF(H23="","",SUM(H$17:$H23)/$F$16) | O23: =-SUM(P23:X23) -> 0
C24: 8th tranche | G24: =IF(F24="","",F24/$F$16) | I24: =IF(H24="","",SUM(H$17:$H24)/$F$16) | O24: =-SUM(P24:X24) -> 0
C25: 9th tranche | G25: =IF(F25="","",F25/$F$16) | I25: =IF(H25="","",SUM(H$17:$H25)/$F$16) | O25: =-SUM(P25:X25) -> 0
C26: 10th tranche | G26: =IF(F26="","",F26/$F$16) | I26: =IF(H26="","",SUM(H$17:$H26)/$F$16) | O26: =-SUM(P26:X26) -> 0
C27: FUNDS BALANCE (to be received) | F27: =IF((F16-SUM(F17:F26))=0,"OK",_xleta.PROB) -> OK | G27: =IF(SUM(F17:F26)/SUM(F17:F26)=100%,"OK",_xleta.PROB) -> #DIV/0! | H27: =F16-H16 -> 0 | I27: =IF(H27="","",SUM(H$17:$H26)/$F$16) -> #DIV/0! | O27: =O15+O16 -> 0 | P27: =P15-P16 -> 0 | Q27: =Q15-Q16 -> 0 | R27: =R15-R16 -> 0 | S27: =S15-S16 -> 0 | T27: =T15-T16 -> 0 | U27: =U15-U16 -> 0 | V27: =V15-V16 -> 0 | W27: =W15-W16 -> 0 | X27: =X15-X16 -> 0
C29: CASH BALANCE | H29: =H16-H242 -> 0 | I29: =H29-SUM(O29:X29) -> 0 | O29: =H16+O16-O242 -> 0 | P29: =P16-P242 -> 0 | Q29: =-Q16-Q242 -> 0 | R29: =-R16-R242 -> 0 | S29: =-S16-S242 -> 0 | T29: =-T16-T242 -> 0 | U29: =-U16-U242 -> 0 | V29: =-V16-V242 -> 0 | W29: =-W16-W242 -> 0 | X29: =-X16-X242 -> 0
C31: PART 2: EXPENDITURE | H31: TOTAL EXPENSES REPORTED | AA31: =IF(AA33="","",YEAR(AA33)) | AB31: =IF(AB33="","",YEAR(AB33)) | AC31: =IF(AC33="","",YEAR(AC33)) | AD31: =IF(AD33="","",YEAR(AD33)) | AE31: =IF(AE33="","",YEAR(AE33)) | AF31: =IF(AF33="","",YEAR(AF33)) | AG31: =IF(AG33="","",YEAR(AG33)) | AH31: =IF(AH33="","",YEAR(AH33)) | ... BJ31: =IF(BJ33="","",YEAR(BJ33))
C33: =BUDGET!C16 -> Budget line | D33: =BUDGET!D16 -> Partner names | E33: =BUDGET!E16 -> Description of the expenditure | F33: Budget | H33: Actuals | I33: Burn rate | J33: Variance B vs. A | K33: Comments and Justifications | N33: Total vs. details | O33: =BUDGET!W16 -> TBD | P33: =BUDGET!X16 -> Co/sub-partner 1 | Q33: =BUDGET!Y16 -> Co/sub-partner 2 | R33: =BUDGET!Z16 -> Co/sub-partner 3 | S33: =BUDGET!AA16 -> Co/sub-partner 4 | T33: =BUDGET!AB16 -> Co/sub-partner 5 | U33: =BUDGET!AC16 -> Co/sub-partner 6 | V33: =BUDGET!AD16 -> Co/sub-partner 7 | ... X33: =BUDGET!AF16 -> Co/sub-partner 9 | Y33: Partner alloc | AA33: =IF(J10="","",(EDATE(H10,0))) | AB33: =IF(AA33="","", IF(EDATE(AA33,1) <= $J$10, EDATE(AA33,1),"")) | AC33: =IF(AB33="","", IF(EDATE(AB33,1) <= $J$10, EDATE(AB33,1),"")) | AD33: =IF(AC33="","", IF(EDATE(AC33,1) <= $J$10, EDATE(AC33,1),"")) | AE33: =IF(AD33="","", IF(EDATE(AD33,1) <= $J$10, EDATE(AD33,1),"")) | AF33: =IF(AE33="","", IF(EDATE(AE33,1) <= $J$10, EDATE(AE33,1),"")) | AG33: =IF(AF33="","", IF(EDATE(AF33,1) <= $J$10, EDATE(AF33,1),"")) | AH33: =IF(AG33="","", IF(EDATE(AG33,1) <= $J$10, EDATE(AG33,1),"")) | AI33: =IF(AH33="","", IF(EDATE(AH33,1) <= $J$10, EDATE(AH33,1),"")) | ... BJ33: =IF(BI33="","", IF(EDATE(BI33,1) <= $J$10, EDATE(BI33,1),""))
F34: =BUDGET!$N$4 -> 0 | G34: x | H34: =BUDGET!$N$4 -> 0 | I34: % | J34: =BUDGET!$N$4 -> 0 | N34: verif | P34: =BUDGET!$N$4 -> 0 | Q34: =BUDGET!$N$4 -> 0 | R34: =BUDGET!$N$4 -> 0 | S34: =BUDGET!$N$4 -> 0 | T34: =BUDGET!$N$4 -> 0 | U34: =BUDGET!$N$4 -> 0 | V34: =BUDGET!$N$4 -> 0 | W34: =BUDGET!$N$4 -> 0 | X34: =BUDGET!$N$4 -> 0 | Y34: verif | AA34: =IF(AA33="","",MONTH(AA33)) | AB34: =IF(AB33="","",MONTH(AB33)) | AC34: =IF(AC33="","",MONTH(AC33)) | AD34: =IF(AD33="","",MONTH(AD33)) | AE34: =IF(AE33="","",MONTH(AE33)) | AF34: =IF(AF33="","",MONTH(AF33)) | AG34: =IF(AG33="","",MONTH(AG33)) | AH34: =IF(AH33="","",MONTH(AH33)) | ... BJ34: =IF(BJ33="","",MONTH(BJ33))
C35: x | E35: x | F35: x | G35: x | H35: x | I35: x | J35: x | K35: x | M35: x | N35: x | P35: x | Q35: x | X35: x | AA35: x | AB35: x | AC35: x | AD35: x | AE35: x | AF35: x | AG35: x | AH35: x | AI35: x | AJ35: x | AK35: x | AL35: x | AM35: x | AN35: x | AO35: x | AP35: x | AQ35: x | AR35: x | AS35: x | AT35: x | AU35: x | AV35: x | AW35: x | AX35: x | AY35: x | AZ35: x | BA35: x | BB35: x | BC35: x | BD35: x | BE35: x | BF35: x | BG35: x | BH35: x | BI35: x | BJ35: x | BK35: x
B36: =IFERROR(BUDGET!B19,"") -> A | C36: =IFERROR(BUDGET!C19,"") -> PERSONNEL COSTS | F36: =SUM(F37:F80)/2 -> 0 | G36: =IF(OR(BUDGET!$N$14="",BUDGET!$N$14="Initial Budget"),REPORT!F36-BUDGET!N19,REPORT!F36-BUDGET!BA19) -> 0 | H36: =SUM(H37:H80)/2 -> 0 | I36: =IFERROR(IF(AND(F36=0,H36=0),0,IF(AND(F36=0,H36<>0),"Unbudgeted",H36/F36)),"") -> 0 | J36: =IF(C36="","",F36-H36) -> 0 | N36: =H36-SUM(AA36:BJ36) -> 0 | O36: =SUM(O37:O80)/2 -> 0 | P36: =SUM(P37:P80)/2 -> 0 | Q36: =SUM(Q37:Q80)/2 -> 0 | R36: =SUM(R37:R80)/2 -> 0 | S36: =SUM(S37:S80)/2 -> 0 | T36: =SUM(T37:T80)/2 -> 0 | U36: =SUM(U37:U80)/2 -> 0 | V36: =SUM(V37:V80)/2 -> 0 | ... X36: =SUM(X37:X80)/2 -> 0 | Y36: =H36-SUM(O36:X36) -> 0 | AA36: =SUM(AA37:AA80)/2 -> 0 | AB36: =SUM(AB37:AB80)/2 -> 0 | AC36: =SUM(AC37:AC80)/2 -> 0 | AD36: =SUM(AD37:AD80)/2 -> 0 | AE36: =SUM(AE37:AE80)/2 -> 0 | AF36: =SUM(AF37:AF80)/2 -> 0 | AG36: =SUM(AG37:AG80)/2 -> 0 | AH36: =SUM(AH37:AH80)/2 -> 0 | ... BJ36: =SUM(BJ37:BJ80)/2 -> 0
C37: =IFERROR(BUDGET!C20,"") -> A1 | E37: =IFERROR(BUDGET!E20,"") -> A1. Contribution to salaries of the permanent team | F37: =SUM(F38:F47) -> 0 | G37: =IF(OR(BUDGET!$N$14="",BUDGET!$N$14="Initial Budget"),REPORT!F37-BUDGET!N20,REPORT!F37-BUDGET!BA20) -> 0 | H37: =SUM(H38:H47) -> 0 | I37: =IFERROR(IF(AND(F37=0,H37=0),0,IF(AND(F37=0,H37<>0),"Unbudgeted",H37/F37)),"") -> 0 | J37: =IF(C37="","",F37-H37) -> 0 | N37: =H37-SUM(AA37:BJ37) -> 0 | O37: =SUM(O38:O47) -> 0 | P37: =SUM(P38:P47) -> 0 | Q37: =SUM(Q38:Q47) -> 0 | R37: =SUM(R38:R47) -> 0 | S37: =SUM(S38:S47) -> 0 | T37: =SUM(T38:T47) -> 0 | U37: =SUM(U38:U47) -> 0 | V37: =SUM(V38:V47) -> 0 | ... X37: =SUM(X38:X47) -> 0 | Y37: =H37-SUM(O37:X37) -> 0 | AA37: =SUM(AA38:AA47) -> 0 | AB37: =SUM(AB38:AB47) -> 0 | AC37: =SUM(AC38:AC47) -> 0 | AD37: =SUM(AD38:AD47) -> 0 | AE37: =SUM(AE38:AE47) -> 0 | AF37: =SUM(AF38:AF47) -> 0 | AG37: =SUM(AG38:AG47) -> 0 | AH37: =SUM(AH38:AH47) -> 0 | ... BJ37: =SUM(BJ38:BJ47) -> 0
C38: =IFERROR(BUDGET!C21,"") -> A1-01 | D38: =IFERROR(BUDGET!D21,"") -> 0 | E38: =IFERROR(BUDGET!E21,"") -> x | F38: =IF(OR(BUDGET!$N$14="",BUDGET!$N$14="Initial Budget"),BUDGET!N21,BUDGET!BA21) -> 0 | H38: =SUMIFS(EXPENSES!$I$12:$I$4011,EXPENSES!$U$12:$U$4011,REPORT!C38) -> 0 | I38: =IFERROR(IF(AND(F38=0,H38=0),0,IF(AND(F38=0,H38<>0),"Unbudgeted",H38/F38)),"") -> 0 | J38: =IF(C38="","",F38-H38) -> 0 | O38: =IF($D38="","",IF($D38=O$33,$H38,"")) | P38: =IF($D38="","",IF($D38=P$33,$H38,"")) | Q38: =IF($D38="","",IF($D38=Q$33,$H38,"")) | R38: =IF($D38="","",IF($D38=R$33,$H38,"")) | S38: =IF($D38="","",IF($D38=S$33,$H38,"")) | T38: =IF($D38="","",IF($D38=T$33,$H38,"")) | U38: =IF($D38="","",IF($D38=U$33,$H38,"")) | V38: =IF($D38="","",IF($D38=V$33,$H38,"")) | ... X38: =IF($D38="","",IF($D38=X$33,$H38,"")) | Y38: =H38-SUM(O38:X38) -> 0 | AA38: =IF($C38="","",SUMIFS(EXPENSES!$I$12:$I$4011,EXPENSES!$U$12:$U$4011,$C38,EXPENSES!$N$12:$N$4011,REPORT!AA$34,EXPENSES!$M$12:$M$4011,REPORT!AA$31)) -> 0 | AB38: =IF($C38="","",SUMIFS(EXPENSES!$I$12:$I$4011,EXPENSES!$U$12:$U$4011,$C38,EXPENSES!$N$12:$N$4011,REPORT!AB$34,EXPENSES!$M$12:$M$4011,REPORT!AB$31)) -> 0 | AC38: =IF($C38="","",SUMIFS(EXPENSES!$I$12:$I$4011,EXPENSES!$U$12:$U$4011,$C38,EXPENSES!$N$12:$N$4011,REPORT!AC$34,EXPENSES!$M$12:$M$4011,REPORT!AC$31)) -> 0 | AD38: =IF($C38="","",SUMIFS(EXPENSES!$I$12:$I$4011,EXPENSES!$U$12:$U$4011,$C38,EXPENSES!$N$12:$N$4011,REPORT!AD$34,EXPENSES!$M$12:$M$4011,REPORT!AD$31)) -> 0 | AE38: =IF($C38="","",SUMIFS(EXPENSES!$I$12:$I$4011,EXPENSES!$U$12:$U$4011,$C38,EXPENSES!$N$12:$N$4011,REPORT!AE$34,EXPENSES!$M$12:$M$4011,REPORT!AE$31)) -> 0 | AF38: =IF($C38="","",SUMIFS(EXPENSES!$I$12:$I$4011,EXPENSES!$U$12:$U$4011,$C38,EXPENSES!$N$12:$N$4011,REPORT!AF$34,EXPENSES!$M$12:$M$4011,REPORT!AF$31)) -> 0 | AG38: =IF($C38="","",SUMIFS(EXPENSES!$I$12:$I$4011,EXPENSES!$U$12:$U$4011,$C38,EXPENSES!$N$12:$N$4011,REPORT!AG$34,EXPENSES!$M$12:$M$4011,REPORT!AG$31)) -> 0 | AH38: =IF($C38="","",SUMIFS(EXPENSES!$I$12:$I$4011,EXPENSES!$U$12:$U$4011,$C38,EXPENSES!$N$12:$N$4011,REPORT!AH$34,EXPENSES!$M$12:$M$4011,REPORT!AH$31)) -> 0 | ... BJ38: =IF($C38="","",SUMIFS(EXPENSES!$I$12:$I$4011,EXPENSES!$U$12:$U$4011,$C38,EXPENSES!$N$12:$N$4011,REPORT!BJ$34,EXPENSES!$M$12:$M$4011,REPORT!BJ$31)) -> 0
C39: =IFERROR(BUDGET!C22,"") -> A1-02 | D39: =IFERROR(BUDGET!D22,"") -> 0 | E39: =IFERROR(BUDGET!E22,"") -> x | F39: =IF(OR(BUDGET!$N$14="",BUDGET!$N$14="Initial Budget"),BUDGET!N22,BUDGET!BA22) -> 0 | H39: =SUMIFS(EXPENSES!$I$12:$I$4011,EXPENSES!$U$12:$U$4011,REPORT!C39) -> 0 | I39: =IFERROR(IF(AND(F39=0,H39=0),0,IF(AND(F39=0,H39<>0),"Unbudgeted",H39/F39)),"") -> 0 | J39: =IF(C39="","",F39-H39) -> 0 | O39: =IF($D39="","",IF($D39=O$33,$H39,"")) | P39: =IF($D39="","",IF($D39=P$33,$H39,"")) | Q39: =IF($D39="","",IF($D39=Q$33,$H39,"")) | R39: =IF($D39="","",IF($D39=R$33,$H39,"")) | S39: =IF($D39="","",IF($D39=S$33,$H39,"")) | T39: =IF($D39="","",IF($D39=T$33,$H39,"")) | U39: =IF($D39="","",IF($D39=U$33,$H39,"")) | V39: =IF($D39="","",IF($D39=V$33,$H39,"")) | ... X39: =IF($D39="","",IF($D39=X$33,$H39,"")) | Y39: =H39-SUM(O39:X39) -> 0 | AA39: =IF($C39="","",SUMIFS(EXPENSES!$I$12:$I$4011,EXPENSES!$U$12:$U$4011,$C39,EXPENSES!$N$12:$N$4011,REPORT!AA$34,EXPENSES!$M$12:$M$4011,REPORT!AA$31)) -> 0 | AB39: =IF($C39="","",SUMIFS(EXPENSES!$I$12:$I$4011,EXPENSES!$U$12:$U$4011,$C39,EXPENSES!$N$12:$N$4011,REPORT!AB$34,EXPENSES!$M$12:$M$4011,REPORT!AB$31)) -> 0 | AC39: =IF($C39="","",SUMIFS(EXPENSES!$I$12:$I$4011,EXPENSES!$U$12:$U$4011,$C39,EXPENSES!$N$12:$N$4011,REPORT!AC$34,EXPENSES!$M$12:$M$4011,REPORT!AC$31)) -> 0 | AD39: =IF($C39="","",SUMIFS(EXPENSES!$I$12:$I$4011,EXPENSES!$U$12:$U$4011,$C39,EXPENSES!$N$12:$N$4011,REPORT!AD$34,EXPENSES!$M$12:$M$4011,REPORT!AD$31)) -> 0 | AE39: =IF($C39="","",SUMIFS(EXPENSES!$I$12:$I$4011,EXPENSES!$U$12:$U$4011,$C39,EXPENSES!$N$12:$N$4011,REPORT!AE$34,EXPENSES!$M$12:$M$4011,REPORT!AE$31)) -> 0 | AF39: =IF($C39="","",SUMIFS(EXPENSES!$I$12:$I$4011,EXPENSES!$U$12:$U$4011,$C39,EXPENSES!$N$12:$N$4011,REPORT!AF$34,EXPENSES!$M$12:$M$4011,REPORT!AF$31)) -> 0 | AG39: =IF($C39="","",SUMIFS(EXPENSES!$I$12:$I$4011,EXPENSES!$U$12:$U$4011,$C39,EXPENSES!$N$12:$N$4011,REPORT!AG$34,EXPENSES!$M$12:$M$4011,REPORT!AG$31)) -> 0 | AH39: =IF($C39="","",SUMIFS(EXPENSES!$I$12:$I$4011,EXPENSES!$U$12:$U$4011,$C39,EXPENSES!$N$12:$N$4011,REPORT!AH$34,EXPENSES!$M$12:$M$4011,REPORT!AH$31)) -> 0 | ... BJ39: =IF($C39="","",SUMIFS(EXPENSES!$I$12:$I$4011,EXPENSES!$U$12:$U$4011,$C39,EXPENSES!$N$12:$N$4011,REPORT!BJ$34,EXPENSES!$M$12:$M$4011,REPORT!BJ$31)) -> 0
C40: =IFERROR(BUDGET!C23,"") | D40: =IFERROR(BUDGET!D23,"") -> 0 | E40: =IFERROR(BUDGET!E23,"") -> 0 | F40: =IF(OR(BUDGET!$N$14="",BUDGET!$N$14="Initial Budget"),BUDGET!N23,BUDGET!BA23) | H40: =SUMIFS(EXPENSES!$I$12:$I$4011,EXPENSES!$U$12:$U$4011,REPORT!C40) -> 0 | I40: =IFERROR(IF(AND(F40=0,H40=0),0,IF(AND(F40=0,H40<>0),"Unbudgeted",H40/F40)),"") | J40: =IF(C40="","",F40-H40) | O40: =IF($D40="","",IF($D40=O$33,$H40,"")) | P40: =IF($D40="","",IF($D40=P$33,$H40,"")) | Q40: =IF($D40="","",IF($D40=Q$33,$H40,"")) | R40: =IF($D40="","",IF($D40=R$33,$H40,"")) | S40: =IF($D40="","",IF($D40=S$33,$H40,"")) | T40: =IF($D40="","",IF($D40=T$33,$H40,"")) | U40: =IF($D40="","",IF($D40=U$33,$H40,"")) | V40: =IF($D40="","",IF($D40=V$33,$H40,"")) | ... X40: =IF($D40="","",IF($D40=X$33,$H40,"")) | Y40: =H40-SUM(O40:X40) -> 0 | AA40: =IF($C40="","",SUMIFS(EXPENSES!$I$12:$I$4011,EXPENSES!$U$12:$U$4011,$C40,EXPENSES!$N$12:$N$4011,REPORT!AA$34,EXPENSES!$M$12:$M$4011,REPORT!AA$31)) | AB40: =IF($C40="","",SUMIFS(EXPENSES!$I$12:$I$4011,EXPENSES!$U$12:$U$4011,$C40,EXPENSES!$N$12:$N$4011,REPORT!AB$34,EXPENSES!$M$12:$M$4011,REPORT!AB$31)) | AC40: =IF($C40="","",SUMIFS(EXPENSES!$I$12:$I$4011,EXPENSES!$U$12:$U$4011,$C40,EXPENSES!$N$12:$N$4011,REPORT!AC$34,EXPENSES!$M$12:$M$4011,REPORT!AC$31)) | AD40: =IF($C40="","",SUMIFS(EXPENSES!$I$12:$I$4011,EXPENSES!$U$12:$U$4011,$C40,EXPENSES!$N$12:$N$4011,REPORT!AD$34,EXPENSES!$M$12:$M$4011,REPORT!AD$31)) | AE40: =IF($C40="","",SUMIFS(EXPENSES!$I$12:$I$4011,EXPENSES!$U$12:$U$4011,$C40,EXPENSES!$N$12:$N$4011,REPORT!AE$34,EXPENSES!$M$12:$M$4011,REPORT!AE$31)) | AF40: =IF($C40="","",SUMIFS(EXPENSES!$I$12:$I$4011,EXPENSES!$U$12:$U$4011,$C40,EXPENSES!$N$12:$N$4011,REPORT!AF$34,EXPENSES!$M$12:$M$4011,REPORT!AF$31)) | AG40: =IF($C40="","",SUMIFS(EXPENSES!$I$12:$I$4011,EXPENSES!$U$12:$U$4011,$C40,EXPENSES!$N$12:$N$4011,REPORT!AG$34,EXPENSES!$M$12:$M$4011,REPORT!AG$31)) | AH40: =IF($C40="","",SUMIFS(EXPENSES!$I$12:$I$4011,EXPENSES!$U$12:$U$4011,$C40,EXPENSES!$N$12:$N$4011,REPORT!AH$34,EXPENSES!$M$12:$M$4011,REPORT!AH$31)) | ... BJ40: =IF($C40="","",SUMIFS(EXPENSES!$I$12:$I$4011,EXPENSES!$U$12:$U$4011,$C40,EXPENSES!$N$12:$N$4011,REPORT!BJ$34,EXPENSES!$M$12:$M$4011,REPORT!BJ$31))
C41: =IFERROR(BUDGET!C24,"") -> A1-03 | D41: =IFERROR(BUDGET!D24,"") -> 0 | E41: =IFERROR(BUDGET!E24,"") -> x | F41: =IF(OR(BUDGET!$N$14="",BUDGET!$N$14="Initial Budget"),BUDGET!N24,BUDGET!BA24) -> 0 | H41: =SUMIFS(EXPENSES!$I$12:$I$4011,EXPENSES!$U$12:$U$4011,REPORT!C41) -> 0 | I41: =IFERROR(IF(AND(F41=0,H41=0),0,IF(AND(F41=0,H41<>0),"Unbudgeted",H41/F41)),"") -> 0 | J41: =IF(C41="","",F41-H41) -> 0 | O41: =IF($D41="","",IF($D41=O$33,$H41,"")) | P41: =IF($D41="","",IF($D41=P$33,$H41,"")) | Q41: =IF($D41="","",IF($D41=Q$33,$H41,"")) | R41: =IF($D41="","",IF($D41=R$33,$H41,"")) | S41: =IF($D41="","",IF($D41=S$33,$H41,"")) | T41: =IF($D41="","",IF($D41=T$33,$H41,"")) | U41: =IF($D41="","",IF($D41=U$33,$H41,"")) | V41: =IF($D41="","",IF($D41=V$33,$H41,"")) | ... X41: =IF($D41="","",IF($D41=X$33,$H41,"")) | Y41: =H41-SUM(O41:X41) -> 0 | AA41: =IF($C41="","",SUMIFS(EXPENSES!$I$12:$I$4011,EXPENSES!$U$12:$U$4011,$C41,EXPENSES!$N$12:$N$4011,REPORT!AA$34,EXPENSES!$M$12:$M$4011,REPORT!AA$31)) -> 0 | AB41: =IF($C41="","",SUMIFS(EXPENSES!$I$12:$I$4011,EXPENSES!$U$12:$U$4011,$C41,EXPENSES!$N$12:$N$4011,REPORT!AB$34,EXPENSES!$M$12:$M$4011,REPORT!AB$31)) -> 0 | AC41: =IF($C41="","",SUMIFS(EXPENSES!$I$12:$I$4011,EXPENSES!$U$12:$U$4011,$C41,EXPENSES!$N$12:$N$4011,REPORT!AC$34,EXPENSES!$M$12:$M$4011,REPORT!AC$31)) -> 0 | AD41: =IF($C41="","",SUMIFS(EXPENSES!$I$12:$I$4011,EXPENSES!$U$12:$U$4011,$C41,EXPENSES!$N$12:$N$4011,REPORT!AD$34,EXPENSES!$M$12:$M$4011,REPORT!AD$31)) -> 0 | AE41: =IF($C41="","",SUMIFS(EXPENSES!$I$12:$I$4011,EXPENSES!$U$12:$U$4011,$C41,EXPENSES!$N$12:$N$4011,REPORT!AE$34,EXPENSES!$M$12:$M$4011,REPORT!AE$31)) -> 0 | AF41: =IF($C41="","",SUMIFS(EXPENSES!$I$12:$I$4011,EXPENSES!$U$12:$U$4011,$C41,EXPENSES!$N$12:$N$4011,REPORT!AF$34,EXPENSES!$M$12:$M$4011,REPORT!AF$31)) -> 0 | AG41: =IF($C41="","",SUMIFS(EXPENSES!$I$12:$I$4011,EXPENSES!$U$12:$U$4011,$C41,EXPENSES!$N$12:$N$4011,REPORT!AG$34,EXPENSES!$M$12:$M$4011,REPORT!AG$31)) -> 0 | AH41: =IF($C41="","",SUMIFS(EXPENSES!$I$12:$I$4011,EXPENSES!$U$12:$U$4011,$C41,EXPENSES!$N$12:$N$4011,REPORT!AH$34,EXPENSES!$M$12:$M$4011,REPORT!AH$31)) -> 0 | ... BJ41: =IF($C41="","",SUMIFS(EXPENSES!$I$12:$I$4011,EXPENSES!$U$12:$U$4011,$C41,EXPENSES!$N$12:$N$4011,REPORT!BJ$34,EXPENSES!$M$12:$M$4011,REPORT!BJ$31)) -> 0
C42: =IFERROR(BUDGET!C25,"") -> A1-04 | D42: =IFERROR(BUDGET!D25,"") -> 0 | E42: =IFERROR(BUDGET!E25,"") -> x | F42: =IF(OR(BUDGET!$N$14="",BUDGET!$N$14="Initial Budget"),BUDGET!N25,BUDGET!BA25) -> 0 | H42: =SUMIFS(EXPENSES!$I$12:$I$4011,EXPENSES!$U$12:$U$4011,REPORT!C42) -> 0 | I42: =IFERROR(IF(AND(F42=0,H42=0),0,IF(AND(F42=0,H42<>0),"Unbudgeted",H42/F42)),"") -> 0 | J42: =IF(C42="","",F42-H42) -> 0 | O42: =IF($D42="","",IF($D42=O$33,$H42,"")) | P42: =IF($D42="","",IF($D42=P$33,$H42,"")) | Q42: =IF($D42="","",IF($D42=Q$33,$H42,"")) | R42: =IF($D42="","",IF($D42=R$33,$H42,"")) | S42: =IF($D42="","",IF($D42=S$33,$H42,"")) | T42: =IF($D42="","",IF($D42=T$33,$H42,"")) | U42: =IF($D42="","",IF($D42=U$33,$H42,"")) | V42: =IF($D42="","",IF($D42=V$33,$H42,"")) | ... X42: =IF($D42="","",IF($D42=X$33,$H42,"")) | Y42: =H42-SUM(O42:X42) -> 0 | AA42: =IF($C42="","",SUMIFS(EXPENSES!$I$12:$I$4011,EXPENSES!$U$12:$U$4011,$C42,EXPENSES!$N$12:$N$4011,REPORT!AA$34,EXPENSES!$M$12:$M$4011,REPORT!AA$31)) -> 0 | AB42: =IF($C42="","",SUMIFS(EXPENSES!$I$12:$I$4011,EXPENSES!$U$12:$U$4011,$C42,EXPENSES!$N$12:$N$4011,REPORT!AB$34,EXPENSES!$M$12:$M$4011,REPORT!AB$31)) -> 0 | AC42: =IF($C42="","",SUMIFS(EXPENSES!$I$12:$I$4011,EXPENSES!$U$12:$U$4011,$C42,EXPENSES!$N$12:$N$4011,REPORT!AC$34,EXPENSES!$M$12:$M$4011,REPORT!AC$31)) -> 0 | AD42: =IF($C42="","",SUMIFS(EXPENSES!$I$12:$I$4011,EXPENSES!$U$12:$U$4011,$C42,EXPENSES!$N$12:$N$4011,REPORT!AD$34,EXPENSES!$M$12:$M$4011,REPORT!AD$31)) -> 0 | AE42: =IF($C42="","",SUMIFS(EXPENSES!$I$12:$I$4011,EXPENSES!$U$12:$U$4011,$C42,EXPENSES!$N$12:$N$4011,REPORT!AE$34,EXPENSES!$M$12:$M$4011,REPORT!AE$31)) -> 0 | AF42: =IF($C42="","",SUMIFS(EXPENSES!$I$12:$I$4011,EXPENSES!$U$12:$U$4011,$C42,EXPENSES!$N$12:$N$4011,REPORT!AF$34,EXPENSES!$M$12:$M$4011,REPORT!AF$31)) -> 0 | AG42: =IF($C42="","",SUMIFS(EXPENSES!$I$12:$I$4011,EXPENSES!$U$12:$U$4011,$C42,EXPENSES!$N$12:$N$4011,REPORT!AG$34,EXPENSES!$M$12:$M$4011,REPORT!AG$31)) -> 0 | AH42: =IF($C42="","",SUMIFS(EXPENSES!$I$12:$I$4011,EXPENSES!$U$12:$U$4011,$C42,EXPENSES!$N$12:$N$4011,REPORT!AH$34,EXPENSES!$M$12:$M$4011,REPORT!AH$31)) -> 0 | ... BJ42: =IF($C42="","",SUMIFS(EXPENSES!$I$12:$I$4011,EXPENSES!$U$12:$U$4011,$C42,EXPENSES!$N$12:$N$4011,REPORT!BJ$34,EXPENSES!$M$12:$M$4011,REPORT!BJ$31)) -> 0
C43: =IFERROR(BUDGET!C26,"") -> A1-05 | D43: =IFERROR(BUDGET!D26,"") -> 0 | E43: =IFERROR(BUDGET!E26,"") -> x | F43: =IF(OR(BUDGET!$N$14="",BUDGET!$N$14="Initial Budget"),BUDGET!N26,BUDGET!BA26) -> 0 | H43: =SUMIFS(EXPENSES!$I$12:$I$4011,EXPENSES!$U$12:$U$4011,REPORT!C43) -> 0 | I43: =IFERROR(IF(AND(F43=0,H43=0),0,IF(AND(F43=0,H43<>0),"Unbudgeted",H43/F43)),"") -> 0 | J43: =IF(C43="","",F43-H43) -> 0 | O43: =IF($D43="","",IF($D43=O$33,$H43,"")) | P43: =IF($D43="","",IF($D43=P$33,$H43,"")) | Q43: =IF($D43="","",IF($D43=Q$33,$H43,"")) | R43: =IF($D43="","",IF($D43=R$33,$H43,"")) | S43: =IF($D43="","",IF($D43=S$33,$H43,"")) | T43: =IF($D43="","",IF($D43=T$33,$H43,"")) | U43: =IF($D43="","",IF($D43=U$33,$H43,"")) | V43: =IF($D43="","",IF($D43=V$33,$H43,"")) | ... X43: =IF($D43="","",IF($D43=X$33,$H43,"")) | Y43: =H43-SUM(O43:X43) -> 0 | AA43: =IF($C43="","",SUMIFS(EXPENSES!$I$12:$I$4011,EXPENSES!$U$12:$U$4011,$C43,EXPENSES!$N$12:$N$4011,REPORT!AA$34,EXPENSES!$M$12:$M$4011,REPORT!AA$31)) -> 0 | AB43: =IF($C43="","",SUMIFS(EXPENSES!$I$12:$I$4011,EXPENSES!$U$12:$U$4011,$C43,EXPENSES!$N$12:$N$4011,REPORT!AB$34,EXPENSES!$M$12:$M$4011,REPORT!AB$31)) -> 0 | AC43: =IF($C43="","",SUMIFS(EXPENSES!$I$12:$I$4011,EXPENSES!$U$12:$U$4011,$C43,EXPENSES!$N$12:$N$4011,REPORT!AC$34,EXPENSES!$M$12:$M$4011,REPORT!AC$31)) -> 0 | AD43: =IF($C43="","",SUMIFS(EXPENSES!$I$12:$I$4011,EXPENSES!$U$12:$U$4011,$C43,EXPENSES!$N$12:$N$4011,REPORT!AD$34,EXPENSES!$M$12:$M$4011,REPORT!AD$31)) -> 0 | AE43: =IF($C43="","",SUMIFS(EXPENSES!$I$12:$I$4011,EXPENSES!$U$12:$U$4011,$C43,EXPENSES!$N$12:$N$4011,REPORT!AE$34,EXPENSES!$M$12:$M$4011,REPORT!AE$31)) -> 0 | AF43: =IF($C43="","",SUMIFS(EXPENSES!$I$12:$I$4011,EXPENSES!$U$12:$U$4011,$C43,EXPENSES!$N$12:$N$4011,REPORT!AF$34,EXPENSES!$M$12:$M$4011,REPORT!AF$31)) -> 0 | AG43: =IF($C43="","",SUMIFS(EXPENSES!$I$12:$I$4011,EXPENSES!$U$12:$U$4011,$C43,EXPENSES!$N$12:$N$4011,REPORT!AG$34,EXPENSES!$M$12:$M$4011,REPORT!AG$31)) -> 0 | AH43: =IF($C43="","",SUMIFS(EXPENSES!$I$12:$I$4011,EXPENSES!$U$12:$U$4011,$C43,EXPENSES!$N$12:$N$4011,REPORT!AH$34,EXPENSES!$M$12:$M$4011,REPORT!AH$31)) -> 0 | ... BJ43: =IF($C43="","",SUMIFS(EXPENSES!$I$12:$I$4011,EXPENSES!$U$12:$U$4011,$C43,EXPENSES!$N$12:$N$4011,REPORT!BJ$34,EXPENSES!$M$12:$M$4011,REPORT!BJ$31)) -> 0
C44: =IFERROR(BUDGET!C27,"") -> A1-06 | D44: =IFERROR(BUDGET!D27,"") -> 0 | E44: =IFERROR(BUDGET!E27,"") -> x | F44: =IF(OR(BUDGET!$N$14="",BUDGET!$N$14="Initial Budget"),BUDGET!N27,BUDGET!BA27) -> 0 | H44: =SUMIFS(EXPENSES!$I$12:$I$4011,EXPENSES!$U$12:$U$4011,REPORT!C44) -> 0 | I44: =IFERROR(IF(AND(F44=0,H44=0),0,IF(AND(F44=0,H44<>0),"Unbudgeted",H44/F44)),"") -> 0 | J44: =IF(C44="","",F44-H44) -> 0 | O44: =IF($D44="","",IF($D44=O$33,$H44,"")) | P44: =IF($D44="","",IF($D44=P$33,$H44,"")) | Q44: =IF($D44="","",IF($D44=Q$33,$H44,"")) | R44: =IF($D44="","",IF($D44=R$33,$H44,"")) | S44: =IF($D44="","",IF($D44=S$33,$H44,"")) | T44: =IF($D44="","",IF($D44=T$33,$H44,"")) | U44: =IF($D44="","",IF($D44=U$33,$H44,"")) | V44: =IF($D44="","",IF($D44=V$33,$H44,"")) | ... X44: =IF($D44="","",IF($D44=X$33,$H44,"")) | Y44: =H44-SUM(O44:X44) -> 0 | AA44: =IF($C44="","",SUMIFS(EXPENSES!$I$12:$I$4011,EXPENSES!$U$12:$U$4011,$C44,EXPENSES!$N$12:$N$4011,REPORT!AA$34,EXPENSES!$M$12:$M$4011,REPORT!AA$31)) -> 0 | AB44: =IF($C44="","",SUMIFS(EXPENSES!$I$12:$I$4011,EXPENSES!$U$12:$U$4011,$C44,EXPENSES!$N$12:$N$4011,REPORT!AB$34,EXPENSES!$M$12:$M$4011,REPORT!AB$31)) -> 0 | AC44: =IF($C44="","",SUMIFS(EXPENSES!$I$12:$I$4011,EXPENSES!$U$12:$U$4011,$C44,EXPENSES!$N$12:$N$4011,REPORT!AC$34,EXPENSES!$M$12:$M$4011,REPORT!AC$31)) -> 0 | AD44: =IF($C44="","",SUMIFS(EXPENSES!$I$12:$I$4011,EXPENSES!$U$12:$U$4011,$C44,EXPENSES!$N$12:$N$4011,REPORT!AD$34,EXPENSES!$M$12:$M$4011,REPORT!AD$31)) -> 0 | AE44: =IF($C44="","",SUMIFS(EXPENSES!$I$12:$I$4011,EXPENSES!$U$12:$U$4011,$C44,EXPENSES!$N$12:$N$4011,REPORT!AE$34,EXPENSES!$M$12:$M$4011,REPORT!AE$31)) -> 0 | AF44: =IF($C44="","",SUMIFS(EXPENSES!$I$12:$I$4011,EXPENSES!$U$12:$U$4011,$C44,EXPENSES!$N$12:$N$4011,REPORT!AF$34,EXPENSES!$M$12:$M$4011,REPORT!AF$31)) -> 0 | AG44: =IF($C44="","",SUMIFS(EXPENSES!$I$12:$I$4011,EXPENSES!$U$12:$U$4011,$C44,EXPENSES!$N$12:$N$4011,REPORT!AG$34,EXPENSES!$M$12:$M$4011,REPORT!AG$31)) -> 0 | AH44: =IF($C44="","",SUMIFS(EXPENSES!$I$12:$I$4011,EXPENSES!$U$12:$U$4011,$C44,EXPENSES!$N$12:$N$4011,REPORT!AH$34,EXPENSES!$M$12:$M$4011,REPORT!AH$31)) -> 0 | ... BJ44: =IF($C44="","",SUMIFS(EXPENSES!$I$12:$I$4011,EXPENSES!$U$12:$U$4011,$C44,EXPENSES!$N$12:$N$4011,REPORT!BJ$34,EXPENSES!$M$12:$M$4011,REPORT!BJ$31)) -> 0
C45: =IFERROR(BUDGET!C28,"") -> A1-07 | D45: =IFERROR(BUDGET!D28,"") -> 0 | E45: =IFERROR(BUDGET!E28,"") -> x | F45: =IF(OR(BUDGET!$N$14="",BUDGET!$N$14="Initial Budget"),BUDGET!N28,BUDGET!BA28) -> 0 | H45: =SUMIFS(EXPENSES!$I$12:$I$4011,EXPENSES!$U$12:$U$4011,REPORT!C45) -> 0 | I45: =IFERROR(IF(AND(F45=0,H45=0),0,IF(AND(F45=0,H45<>0),"Unbudgeted",H45/F45)),"") -> 0 | J45: =IF(C45="","",F45-H45) -> 0 | O45: =IF($D45="","",IF($D45=O$33,$H45,"")) | P45: =IF($D45="","",IF($D45=P$33,$H45,"")) | Q45: =IF($D45="","",IF($D45=Q$33,$H45,"")) | R45: =IF($D45="","",IF($D45=R$33,$H45,"")) | S45: =IF($D45="","",IF($D45=S$33,$H45,"")) | T45: =IF($D45="","",IF($D45=T$33,$H45,"")) | U45: =IF($D45="","",IF($D45=U$33,$H45,"")) | V45: =IF($D45="","",IF($D45=V$33,$H45,"")) | ... X45: =IF($D45="","",IF($D45=X$33,$H45,"")) | Y45: =H45-SUM(O45:X45) -> 0 | AA45: =IF($C45="","",SUMIFS(EXPENSES!$I$12:$I$4011,EXPENSES!$U$12:$U$4011,$C45,EXPENSES!$N$12:$N$4011,REPORT!AA$34,EXPENSES!$M$12:$M$4011,REPORT!AA$31)) -> 0 | AB45: =IF($C45="","",SUMIFS(EXPENSES!$I$12:$I$4011,EXPENSES!$U$12:$U$4011,$C45,EXPENSES!$N$12:$N$4011,REPORT!AB$34,EXPENSES!$M$12:$M$4011,REPORT!AB$31)) -> 0 | AC45: =IF($C45="","",SUMIFS(EXPENSES!$I$12:$I$4011,EXPENSES!$U$12:$U$4011,$C45,EXPENSES!$N$12:$N$4011,REPORT!AC$34,EXPENSES!$M$12:$M$4011,REPORT!AC$31)) -> 0 | AD45: =IF($C45="","",SUMIFS(EXPENSES!$I$12:$I$4011,EXPENSES!$U$12:$U$4011,$C45,EXPENSES!$N$12:$N$4011,REPORT!AD$34,EXPENSES!$M$12:$M$4011,REPORT!AD$31)) -> 0 | AE45: =IF($C45="","",SUMIFS(EXPENSES!$I$12:$I$4011,EXPENSES!$U$12:$U$4011,$C45,EXPENSES!$N$12:$N$4011,REPORT!AE$34,EXPENSES!$M$12:$M$4011,REPORT!AE$31)) -> 0 | AF45: =IF($C45="","",SUMIFS(EXPENSES!$I$12:$I$4011,EXPENSES!$U$12:$U$4011,$C45,EXPENSES!$N$12:$N$4011,REPORT!AF$34,EXPENSES!$M$12:$M$4011,REPORT!AF$31)) -> 0 | AG45: =IF($C45="","",SUMIFS(EXPENSES!$I$12:$I$4011,EXPENSES!$U$12:$U$4011,$C45,EXPENSES!$N$12:$N$4011,REPORT!AG$34,EXPENSES!$M$12:$M$4011,REPORT!AG$31)) -> 0 | AH45: =IF($C45="","",SUMIFS(EXPENSES!$I$12:$I$4011,EXPENSES!$U$12:$U$4011,$C45,EXPENSES!$N$12:$N$4011,REPORT!AH$34,EXPENSES!$M$12:$M$4011,REPORT!AH$31)) -> 0 | ... BJ45: =IF($C45="","",SUMIFS(EXPENSES!$I$12:$I$4011,EXPENSES!$U$12:$U$4011,$C45,EXPENSES!$N$12:$N$4011,REPORT!BJ$34,EXPENSES!$M$12:$M$4011,REPORT!BJ$31)) -> 0
C46: =IFERROR(BUDGET!C29,"") -> A1-08 | D46: =IFERROR(BUDGET!D29,"") -> 0 | E46: =IFERROR(BUDGET!E29,"") -> x | F46: =IF(OR(BUDGET!$N$14="",BUDGET!$N$14="Initial Budget"),BUDGET!N29,BUDGET!BA29) -> 0 | H46: =SUMIFS(EXPENSES!$I$12:$I$4011,EXPENSES!$U$12:$U$4011,REPORT!C46) -> 0 | I46: =IFERROR(IF(AND(F46=0,H46=0),0,IF(AND(F46=0,H46<>0),"Unbudgeted",H46/F46)),"") -> 0 | J46: =IF(C46="","",F46-H46) -> 0 | O46: =IF($D46="","",IF($D46=O$33,$H46,"")) | P46: =IF($D46="","",IF($D46=P$33,$H46,"")) | Q46: =IF($D46="","",IF($D46=Q$33,$H46,"")) | R46: =IF($D46="","",IF($D46=R$33,$H46,"")) | S46: =IF($D46="","",IF($D46=S$33,$H46,"")) | T46: =IF($D46="","",IF($D46=T$33,$H46,"")) | U46: =IF($D46="","",IF($D46=U$33,$H46,"")) | V46: =IF($D46="","",IF($D46=V$33,$H46,"")) | ... X46: =IF($D46="","",IF($D46=X$33,$H46,"")) | Y46: =H46-SUM(O46:X46) -> 0 | AA46: =IF($C46="","",SUMIFS(EXPENSES!$I$12:$I$4011,EXPENSES!$U$12:$U$4011,$C46,EXPENSES!$N$12:$N$4011,REPORT!AA$34,EXPENSES!$M$12:$M$4011,REPORT!AA$31)) -> 0 | AB46: =IF($C46="","",SUMIFS(EXPENSES!$I$12:$I$4011,EXPENSES!$U$12:$U$4011,$C46,EXPENSES!$N$12:$N$4011,REPORT!AB$34,EXPENSES!$M$12:$M$4011,REPORT!AB$31)) -> 0 | AC46: =IF($C46="","",SUMIFS(EXPENSES!$I$12:$I$4011,EXPENSES!$U$12:$U$4011,$C46,EXPENSES!$N$12:$N$4011,REPORT!AC$34,EXPENSES!$M$12:$M$4011,REPORT!AC$31)) -> 0 | AD46: =IF($C46="","",SUMIFS(EXPENSES!$I$12:$I$4011,EXPENSES!$U$12:$U$4011,$C46,EXPENSES!$N$12:$N$4011,REPORT!AD$34,EXPENSES!$M$12:$M$4011,REPORT!AD$31)) -> 0 | AE46: =IF($C46="","",SUMIFS(EXPENSES!$I$12:$I$4011,EXPENSES!$U$12:$U$4011,$C46,EXPENSES!$N$12:$N$4011,REPORT!AE$34,EXPENSES!$M$12:$M$4011,REPORT!AE$31)) -> 0 | AF46: =IF($C46="","",SUMIFS(EXPENSES!$I$12:$I$4011,EXPENSES!$U$12:$U$4011,$C46,EXPENSES!$N$12:$N$4011,REPORT!AF$34,EXPENSES!$M$12:$M$4011,REPORT!AF$31)) -> 0 | AG46: =IF($C46="","",SUMIFS(EXPENSES!$I$12:$I$4011,EXPENSES!$U$12:$U$4011,$C46,EXPENSES!$N$12:$N$4011,REPORT!AG$34,EXPENSES!$M$12:$M$4011,REPORT!AG$31)) -> 0 | AH46: =IF($C46="","",SUMIFS(EXPENSES!$I$12:$I$4011,EXPENSES!$U$12:$U$4011,$C46,EXPENSES!$N$12:$N$4011,REPORT!AH$34,EXPENSES!$M$12:$M$4011,REPORT!AH$31)) -> 0 | ... BJ46: =IF($C46="","",SUMIFS(EXPENSES!$I$12:$I$4011,EXPENSES!$U$12:$U$4011,$C46,EXPENSES!$N$12:$N$4011,REPORT!BJ$34,EXPENSES!$M$12:$M$4011,REPORT!BJ$31)) -> 0
C47: =IFERROR(BUDGET!C30,"") -> A1-09 | D47: =IFERROR(BUDGET!D30,"") -> 0 | E47: =IFERROR(BUDGET!E30,"") -> x | F47: =IF(OR(BUDGET!$N$14="",BUDGET!$N$14="Initial Budget"),BUDGET!N30,BUDGET!BA30) -> 0 | H47: =SUMIFS(EXPENSES!$I$12:$I$4011,EXPENSES!$U$12:$U$4011,REPORT!C47) -> 0 | I47: =IFERROR(IF(AND(F47=0,H47=0),0,IF(AND(F47=0,H47<>0),"Unbudgeted",H47/F47)),"") -> 0 | J47: =IF(C47="","",F47-H47) -> 0 | O47: =IF($D47="","",IF($D47=O$33,$H47,"")) | P47: =IF($D47="","",IF($D47=P$33,$H47,"")) | Q47: =IF($D47="","",IF($D47=Q$33,$H47,"")) | R47: =IF($D47="","",IF($D47=R$33,$H47,"")) | S47: =IF($D47="","",IF($D47=S$33,$H47,"")) | T47: =IF($D47="","",IF($D47=T$33,$H47,"")) | U47: =IF($D47="","",IF($D47=U$33,$H47,"")) | V47: =IF($D47="","",IF($D47=V$33,$H47,"")) | ... X47: =IF($D47="","",IF($D47=X$33,$H47,"")) | Y47: =H47-SUM(O47:X47) -> 0 | AA47: =IF($C47="","",SUMIFS(EXPENSES!$I$12:$I$4011,EXPENSES!$U$12:$U$4011,$C47,EXPENSES!$N$12:$N$4011,REPORT!AA$34,EXPENSES!$M$12:$M$4011,REPORT!AA$31)) -> 0 | AB47: =IF($C47="","",SUMIFS(EXPENSES!$I$12:$I$4011,EXPENSES!$U$12:$U$4011,$C47,EXPENSES!$N$12:$N$4011,REPORT!AB$34,EXPENSES!$M$12:$M$4011,REPORT!AB$31)) -> 0 | AC47: =IF($C47="","",SUMIFS(EXPENSES!$I$12:$I$4011,EXPENSES!$U$12:$U$4011,$C47,EXPENSES!$N$12:$N$4011,REPORT!AC$34,EXPENSES!$M$12:$M$4011,REPORT!AC$31)) -> 0 | AD47: =IF($C47="","",SUMIFS(EXPENSES!$I$12:$I$4011,EXPENSES!$U$12:$U$4011,$C47,EXPENSES!$N$12:$N$4011,REPORT!AD$34,EXPENSES!$M$12:$M$4011,REPORT!AD$31)) -> 0 | AE47: =IF($C47="","",SUMIFS(EXPENSES!$I$12:$I$4011,EXPENSES!$U$12:$U$4011,$C47,EXPENSES!$N$12:$N$4011,REPORT!AE$34,EXPENSES!$M$12:$M$4011,REPORT!AE$31)) -> 0 | AF47: =IF($C47="","",SUMIFS(EXPENSES!$I$12:$I$4011,EXPENSES!$U$12:$U$4011,$C47,EXPENSES!$N$12:$N$4011,REPORT!AF$34,EXPENSES!$M$12:$M$4011,REPORT!AF$31)) -> 0 | AG47: =IF($C47="","",SUMIFS(EXPENSES!$I$12:$I$4011,EXPENSES!$U$12:$U$4011,$C47,EXPENSES!$N$12:$N$4011,REPORT!AG$34,EXPENSES!$M$12:$M$4011,REPORT!AG$31)) -> 0 | AH47: =IF($C47="","",SUMIFS(EXPENSES!$I$12:$I$4011,EXPENSES!$U$12:$U$4011,$C47,EXPENSES!$N$12:$N$4011,REPORT!AH$34,EXPENSES!$M$12:$M$4011,REPORT!AH$31)) -> 0 | ... BJ47: =IF($C47="","",SUMIFS(EXPENSES!$I$12:$I$4011,EXPENSES!$U$12:$U$4011,$C47,EXPENSES!$N$12:$N$4011,REPORT!BJ$34,EXPENSES!$M$12:$M$4011,REPORT!BJ$31)) -> 0
C48: =IFERROR(BUDGET!C31,"") -> A2 | E48: =IFERROR(BUDGET!E31,"") -> A2. Salaries of project coordination team | F48: =SUM(F49:F58) -> 0 | G48: =IF(OR(BUDGET!$N$14="",BUDGET!$N$14="Initial Budget"),REPORT!F48-BUDGET!N31,REPORT!F48-BUDGET!BA31) -> 0 | H48: =SUM(H49:H58) -> 0 | I48: =IFERROR(IF(AND(F48=0,H48=0),0,IF(AND(F48=0,H48<>0),"Unbudgeted",H48/F48)),"") -> 0 | J48: =IF(C48="","",F48-H48) -> 0 | N48: =H48-SUM(AA48:BJ48) -> 0 | O48: =SUM(O49:O58) -> 0 | P48: =SUM(P49:P58) -> 0 | Q48: =SUM(Q49:Q58) -> 0 | R48: =SUM(R49:R58) -> 0 | S48: =SUM(S49:S58) -> 0 | T48: =SUM(T49:T58) -> 0 | U48: =SUM(U49:U58) -> 0 | V48: =SUM(V49:V58) -> 0 | ... X48: =SUM(X49:X58) -> 0 | Y48: =H48-SUM(O48:X48) -> 0 | AA48: =SUM(AA49:AA58) -> 0 | AB48: =SUM(AB49:AB58) -> 0 | AC48: =SUM(AC49:AC58) -> 0 | AD48: =SUM(AD49:AD58) -> 0 | AE48: =SUM(AE49:AE58) -> 0 | AF48: =SUM(AF49:AF58) -> 0 | AG48: =SUM(AG49:AG58) -> 0 | AH48: =SUM(AH49:AH58) -> 0 | ... BJ48: =SUM(BJ49:BJ58) -> 0
C49: =IFERROR(BUDGET!C32,"") -> A2-01 | D49: =IFERROR(BUDGET!D32,"") -> 0 | E49: =IFERROR(BUDGET!E32,"") -> x | F49: =IF(OR(BUDGET!$N$14="",BUDGET!$N$14="Initial Budget"),BUDGET!N32,BUDGET!BA32) -> 0 | H49: =SUMIFS(EXPENSES!$I$12:$I$4011,EXPENSES!$U$12:$U$4011,REPORT!C49) -> 0 | I49: =IFERROR(IF(AND(F49=0,H49=0),0,IF(AND(F49=0,H49<>0),"Unbudgeted",H49/F49)),"") -> 0 | J49: =IF(C49="","",F49-H49) -> 0 | O49: =IF($D49="","",IF($D49=O$33,$H49,"")) | P49: =IF($D49="","",IF($D49=P$33,$H49,"")) | Q49: =IF($D49="","",IF($D49=Q$33,$H49,"")) | R49: =IF($D49="","",IF($D49=R$33,$H49,"")) | S49: =IF($D49="","",IF($D49=S$33,$H49,"")) | T49: =IF($D49="","",IF($D49=T$33,$H49,"")) | U49: =IF($D49="","",IF($D49=U$33,$H49,"")) | V49: =IF($D49="","",IF($D49=V$33,$H49,"")) | ... X49: =IF($D49="","",IF($D49=X$33,$H49,"")) | Y49: =H49-SUM(O49:X49) -> 0 | AA49: =IF($C49="","",SUMIFS(EXPENSES!$I$12:$I$4011,EXPENSES!$U$12:$U$4011,$C49,EXPENSES!$N$12:$N$4011,REPORT!AA$34,EXPENSES!$M$12:$M$4011,REPORT!AA$31)) -> 0 | AB49: =IF($C49="","",SUMIFS(EXPENSES!$I$12:$I$4011,EXPENSES!$U$12:$U$4011,$C49,EXPENSES!$N$12:$N$4011,REPORT!AB$34,EXPENSES!$M$12:$M$4011,REPORT!AB$31)) -> 0 | AC49: =IF($C49="","",SUMIFS(EXPENSES!$I$12:$I$4011,EXPENSES!$U$12:$U$4011,$C49,EXPENSES!$N$12:$N$4011,REPORT!AC$34,EXPENSES!$M$12:$M$4011,REPORT!AC$31)) -> 0 | AD49: =IF($C49="","",SUMIFS(EXPENSES!$I$12:$I$4011,EXPENSES!$U$12:$U$4011,$C49,EXPENSES!$N$12:$N$4011,REPORT!AD$34,EXPENSES!$M$12:$M$4011,REPORT!AD$31)) -> 0 | AE49: =IF($C49="","",SUMIFS(EXPENSES!$I$12:$I$4011,EXPENSES!$U$12:$U$4011,$C49,EXPENSES!$N$12:$N$4011,REPORT!AE$34,EXPENSES!$M$12:$M$4011,REPORT!AE$31)) -> 0 | AF49: =IF($C49="","",SUMIFS(EXPENSES!$I$12:$I$4011,EXPENSES!$U$12:$U$4011,$C49,EXPENSES!$N$12:$N$4011,REPORT!AF$34,EXPENSES!$M$12:$M$4011,REPORT!AF$31)) -> 0 | AG49: =IF($C49="","",SUMIFS(EXPENSES!$I$12:$I$4011,EXPENSES!$U$12:$U$4011,$C49,EXPENSES!$N$12:$N$4011,REPORT!AG$34,EXPENSES!$M$12:$M$4011,REPORT!AG$31)) -> 0 | AH49: =IF($C49="","",SUMIFS(EXPENSES!$I$12:$I$4011,EXPENSES!$U$12:$U$4011,$C49,EXPENSES!$N$12:$N$4011,REPORT!AH$34,EXPENSES!$M$12:$M$4011,REPORT!AH$31)) -> 0 | ... BJ49: =IF($C49="","",SUMIFS(EXPENSES!$I$12:$I$4011,EXPENSES!$U$12:$U$4011,$C49,EXPENSES!$N$12:$N$4011,REPORT!BJ$34,EXPENSES!$M$12:$M$4011,REPORT!BJ$31)) -> 0
C50: =IFERROR(BUDGET!C33,"") -> A2-02 | D50: =IFERROR(BUDGET!D33,"") -> 0 | E50: =IFERROR(BUDGET!E33,"") -> x | F50: =IF(OR(BUDGET!$N$14="",BUDGET!$N$14="Initial Budget"),BUDGET!N33,BUDGET!BA33) -> 0 | H50: =SUMIFS(EXPENSES!$I$12:$I$4011,EXPENSES!$U$12:$U$4011,REPORT!C50) -> 0 | I50: =IFERROR(IF(AND(F50=0,H50=0),0,IF(AND(F50=0,H50<>0),"Unbudgeted",H50/F50)),"") -> 0 | J50: =IF(C50="","",F50-H50) -> 0 | O50: =IF($D50="","",IF($D50=O$33,$H50,"")) | P50: =IF($D50="","",IF($D50=P$33,$H50,"")) | Q50: =IF($D50="","",IF($D50=Q$33,$H50,"")) | R50: =IF($D50="","",IF($D50=R$33,$H50,"")) | S50: =IF($D50="","",IF($D50=S$33,$H50,"")) | T50: =IF($D50="","",IF($D50=T$33,$H50,"")) | U50: =IF($D50="","",IF($D50=U$33,$H50,"")) | V50: =IF($D50="","",IF($D50=V$33,$H50,"")) | ... X50: =IF($D50="","",IF($D50=X$33,$H50,"")) | Y50: =H50-SUM(O50:X50) -> 0 | AA50: =IF($C50="","",SUMIFS(EXPENSES!$I$12:$I$4011,EXPENSES!$U$12:$U$4011,$C50,EXPENSES!$N$12:$N$4011,REPORT!AA$34,EXPENSES!$M$12:$M$4011,REPORT!AA$31)) -> 0 | AB50: =IF($C50="","",SUMIFS(EXPENSES!$I$12:$I$4011,EXPENSES!$U$12:$U$4011,$C50,EXPENSES!$N$12:$N$4011,REPORT!AB$34,EXPENSES!$M$12:$M$4011,REPORT!AB$31)) -> 0 | AC50: =IF($C50="","",SUMIFS(EXPENSES!$I$12:$I$4011,EXPENSES!$U$12:$U$4011,$C50,EXPENSES!$N$12:$N$4011,REPORT!AC$34,EXPENSES!$M$12:$M$4011,REPORT!AC$31)) -> 0 | AD50: =IF($C50="","",SUMIFS(EXPENSES!$I$12:$I$4011,EXPENSES!$U$12:$U$4011,$C50,EXPENSES!$N$12:$N$4011,REPORT!AD$34,EXPENSES!$M$12:$M$4011,REPORT!AD$31)) -> 0 | AE50: =IF($C50="","",SUMIFS(EXPENSES!$I$12:$I$4011,EXPENSES!$U$12:$U$4011,$C50,EXPENSES!$N$12:$N$4011,REPORT!AE$34,EXPENSES!$M$12:$M$4011,REPORT!AE$31)) -> 0 | AF50: =IF($C50="","",SUMIFS(EXPENSES!$I$12:$I$4011,EXPENSES!$U$12:$U$4011,$C50,EXPENSES!$N$12:$N$4011,REPORT!AF$34,EXPENSES!$M$12:$M$4011,REPORT!AF$31)) -> 0 | AG50: =IF($C50="","",SUMIFS(EXPENSES!$I$12:$I$4011,EXPENSES!$U$12:$U$4011,$C50,EXPENSES!$N$12:$N$4011,REPORT!AG$34,EXPENSES!$M$12:$M$4011,REPORT!AG$31)) -> 0 | AH50: =IF($C50="","",SUMIFS(EXPENSES!$I$12:$I$4011,EXPENSES!$U$12:$U$4011,$C50,EXPENSES!$N$12:$N$4011,REPORT!AH$34,EXPENSES!$M$12:$M$4011,REPORT!AH$31)) -> 0 | ... BJ50: =IF($C50="","",SUMIFS(EXPENSES!$I$12:$I$4011,EXPENSES!$U$12:$U$4011,$C50,EXPENSES!$N$12:$N$4011,REPORT!BJ$34,EXPENSES!$M$12:$M$4011,REPORT!BJ$31)) -> 0
C51: =IFERROR(BUDGET!C34,"") -> A2-03 | D51: =IFERROR(BUDGET!D34,"") -> 0 | E51: =IFERROR(BUDGET!E34,"") -> x | F51: =IF(OR(BUDGET!$N$14="",BUDGET!$N$14="Initial Budget"),BUDGET!N34,BUDGET!BA34) -> 0 | H51: =SUMIFS(EXPENSES!$I$12:$I$4011,EXPENSES!$U$12:$U$4011,REPORT!C51) -> 0 | I51: =IFERROR(IF(AND(F51=0,H51=0),0,IF(AND(F51=0,H51<>0),"Unbudgeted",H51/F51)),"") -> 0 | J51: =IF(C51="","",F51-H51) -> 0 | O51: =IF($D51="","",IF($D51=O$33,$H51,"")) | P51: =IF($D51="","",IF($D51=P$33,$H51,"")) | Q51: =IF($D51="","",IF($D51=Q$33,$H51,"")) | R51: =IF($D51="","",IF($D51=R$33,$H51,"")) | S51: =IF($D51="","",IF($D51=S$33,$H51,"")) | T51: =IF($D51="","",IF($D51=T$33,$H51,"")) | U51: =IF($D51="","",IF($D51=U$33,$H51,"")) | V51: =IF($D51="","",IF($D51=V$33,$H51,"")) | ... X51: =IF($D51="","",IF($D51=X$33,$H51,"")) | Y51: =H51-SUM(O51:X51) -> 0 | AA51: =IF($C51="","",SUMIFS(EXPENSES!$I$12:$I$4011,EXPENSES!$U$12:$U$4011,$C51,EXPENSES!$N$12:$N$4011,REPORT!AA$34,EXPENSES!$M$12:$M$4011,REPORT!AA$31)) -> 0 | AB51: =IF($C51="","",SUMIFS(EXPENSES!$I$12:$I$4011,EXPENSES!$U$12:$U$4011,$C51,EXPENSES!$N$12:$N$4011,REPORT!AB$34,EXPENSES!$M$12:$M$4011,REPORT!AB$31)) -> 0 | AC51: =IF($C51="","",SUMIFS(EXPENSES!$I$12:$I$4011,EXPENSES!$U$12:$U$4011,$C51,EXPENSES!$N$12:$N$4011,REPORT!AC$34,EXPENSES!$M$12:$M$4011,REPORT!AC$31)) -> 0 | AD51: =IF($C51="","",SUMIFS(EXPENSES!$I$12:$I$4011,EXPENSES!$U$12:$U$4011,$C51,EXPENSES!$N$12:$N$4011,REPORT!AD$34,EXPENSES!$M$12:$M$4011,REPORT!AD$31)) -> 0 | AE51: =IF($C51="","",SUMIFS(EXPENSES!$I$12:$I$4011,EXPENSES!$U$12:$U$4011,$C51,EXPENSES!$N$12:$N$4011,REPORT!AE$34,EXPENSES!$M$12:$M$4011,REPORT!AE$31)) -> 0 | AF51: =IF($C51="","",SUMIFS(EXPENSES!$I$12:$I$4011,EXPENSES!$U$12:$U$4011,$C51,EXPENSES!$N$12:$N$4011,REPORT!AF$34,EXPENSES!$M$12:$M$4011,REPORT!AF$31)) -> 0 | AG51: =IF($C51="","",SUMIFS(EXPENSES!$I$12:$I$4011,EXPENSES!$U$12:$U$4011,$C51,EXPENSES!$N$12:$N$4011,REPORT!AG$34,EXPENSES!$M$12:$M$4011,REPORT!AG$31)) -> 0 | AH51: =IF($C51="","",SUMIFS(EXPENSES!$I$12:$I$4011,EXPENSES!$U$12:$U$4011,$C51,EXPENSES!$N$12:$N$4011,REPORT!AH$34,EXPENSES!$M$12:$M$4011,REPORT!AH$31)) -> 0 | ... BJ51: =IF($C51="","",SUMIFS(EXPENSES!$I$12:$I$4011,EXPENSES!$U$12:$U$4011,$C51,EXPENSES!$N$12:$N$4011,REPORT!BJ$34,EXPENSES!$M$12:$M$4011,REPORT!BJ$31)) -> 0
C52: =IFERROR(BUDGET!C35,"") -> A2-04 | D52: =IFERROR(BUDGET!D35,"") -> 0 | E52: =IFERROR(BUDGET!E35,"") -> x | F52: =IF(OR(BUDGET!$N$14="",BUDGET!$N$14="Initial Budget"),BUDGET!N35,BUDGET!BA35) -> 0 | H52: =SUMIFS(EXPENSES!$I$12:$I$4011,EXPENSES!$U$12:$U$4011,REPORT!C52) -> 0 | I52: =IFERROR(IF(AND(F52=0,H52=0),0,IF(AND(F52=0,H52<>0),"Unbudgeted",H52/F52)),"") -> 0 | J52: =IF(C52="","",F52-H52) -> 0 | O52: =IF($D52="","",IF($D52=O$33,$H52,"")) | P52: =IF($D52="","",IF($D52=P$33,$H52,"")) | Q52: =IF($D52="","",IF($D52=Q$33,$H52,"")) | R52: =IF($D52="","",IF($D52=R$33,$H52,"")) | S52: =IF($D52="","",IF($D52=S$33,$H52,"")) | T52: =IF($D52="","",IF($D52=T$33,$H52,"")) | U52: =IF($D52="","",IF($D52=U$33,$H52,"")) | V52: =IF($D52="","",IF($D52=V$33,$H52,"")) | ... X52: =IF($D52="","",IF($D52=X$33,$H52,"")) | Y52: =H52-SUM(O52:X52) -> 0 | AA52: =IF($C52="","",SUMIFS(EXPENSES!$I$12:$I$4011,EXPENSES!$U$12:$U$4011,$C52,EXPENSES!$N$12:$N$4011,REPORT!AA$34,EXPENSES!$M$12:$M$4011,REPORT!AA$31)) -> 0 | AB52: =IF($C52="","",SUMIFS(EXPENSES!$I$12:$I$4011,EXPENSES!$U$12:$U$4011,$C52,EXPENSES!$N$12:$N$4011,REPORT!AB$34,EXPENSES!$M$12:$M$4011,REPORT!AB$31)) -> 0 | AC52: =IF($C52="","",SUMIFS(EXPENSES!$I$12:$I$4011,EXPENSES!$U$12:$U$4011,$C52,EXPENSES!$N$12:$N$4011,REPORT!AC$34,EXPENSES!$M$12:$M$4011,REPORT!AC$31)) -> 0 | AD52: =IF($C52="","",SUMIFS(EXPENSES!$I$12:$I$4011,EXPENSES!$U$12:$U$4011,$C52,EXPENSES!$N$12:$N$4011,REPORT!AD$34,EXPENSES!$M$12:$M$4011,REPORT!AD$31)) -> 0 | AE52: =IF($C52="","",SUMIFS(EXPENSES!$I$12:$I$4011,EXPENSES!$U$12:$U$4011,$C52,EXPENSES!$N$12:$N$4011,REPORT!AE$34,EXPENSES!$M$12:$M$4011,REPORT!AE$31)) -> 0 | AF52: =IF($C52="","",SUMIFS(EXPENSES!$I$12:$I$4011,EXPENSES!$U$12:$U$4011,$C52,EXPENSES!$N$12:$N$4011,REPORT!AF$34,EXPENSES!$M$12:$M$4011,REPORT!AF$31)) -> 0 | AG52: =IF($C52="","",SUMIFS(EXPENSES!$I$12:$I$4011,EXPENSES!$U$12:$U$4011,$C52,EXPENSES!$N$12:$N$4011,REPORT!AG$34,EXPENSES!$M$12:$M$4011,REPORT!AG$31)) -> 0 | AH52: =IF($C52="","",SUMIFS(EXPENSES!$I$12:$I$4011,EXPENSES!$U$12:$U$4011,$C52,EXPENSES!$N$12:$N$4011,REPORT!AH$34,EXPENSES!$M$12:$M$4011,REPORT!AH$31)) -> 0 | ... BJ52: =IF($C52="","",SUMIFS(EXPENSES!$I$12:$I$4011,EXPENSES!$U$12:$U$4011,$C52,EXPENSES!$N$12:$N$4011,REPORT!BJ$34,EXPENSES!$M$12:$M$4011,REPORT!BJ$31)) -> 0
